Workbook
Name L1_MJP: #REF!
Name L2_MJP: #REF!
Name L3_MJP: #REF!

Sheet M4_PR_Lijsten
B6: type project | C6: =Basisgetallen!D4 -> Expert | D6: =Basisgetallen!E4 -> Deskundige | E6: =Basisgetallen!F4 -> Andere dienst | F6: =Basisgetallen!G4 -> Extern | G6: =Basisgetallen!H4 -> reductiefactor | H6: =Basisgetallen!I4 -> Interne kosten - niet personeel | I6: =Basisgetallen!J4 -> Investeringen | N6: Mogelijke types | O6: simpel
A7: De basis | C7: =Basisgetallen!D6 -> 437.5 | D7: =Basisgetallen!E6 -> 375 | E7: =Basisgetallen!F6 -> 406.25 | F7: 1 | G7: 1 | H7: 1 | I7: 1 | O7: normaal
B8: {=(_xlfn.UNIQUE(_xlfn._xlws.FILTER(Basisgetallen!B8:B19,Basisgetallen!B8:B19<>"")))} -> Vertaling naar strategische beleidskaders (wonen, BP ruimte, enz.) [per beleidskader] | C8: =_xlfn.IFNA(VLOOKUP($B8,Basisgetallen!$B$8:$K$171,3,FALSE)*C$7,0) -> 2625 | D8: =_xlfn.IFNA(VLOOKUP($B8,Basisgetallen!$B$8:$K$171,4,FALSE)*D$7,0) -> 0 | E8: =_xlfn.IFNA(VLOOKUP($B8,Basisgetallen!$B$8:$K$171,5,FALSE)*E$7,0) -> 0 | F8: =_xlfn.IFNA(VLOOKUP($B8,Basisgetallen!$B$8:$K$171,6,FALSE),0) -> 0 | G8: =_xlfn.IFNA(VLOOKUP($B8,Basisgetallen!$B$8:$K$171,7,FALSE),0) -> 1 | H8: =_xlfn.IFNA(VLOOKUP($B8,Basisgetallen!$B$8:$K$171,8,FALSE),0) -> 0 | I8: =_xlfn.IFNA(VLOOKUP($B8,Basisgetallen!$B$8:$K$171,9,FALSE),0) -> 0 | J8: =_xlfn.IFNA(VLOOKUP($B8,Basisgetallen!$B$8:$K$171,10,FALSE),"geen opmerkingen") -> Het opvolgen van de opmaak van één beleidskader door een andere dienst vanuit het thema warmte | O8: complex
B9: reserve | C9: =_xlfn.IFNA(VLOOKUP($B9,Basisgetallen!$B$8:$K$171,3,FALSE)*C$7,0) -> 0 | D9: =_xlfn.IFNA(VLOOKUP($B9,Basisgetallen!$B$8:$K$171,4,FALSE)*D$7,0) -> 0 | E9: =_xlfn.IFNA(VLOOKUP($B9,Basisgetallen!$B$8:$K$171,5,FALSE)*E$7,0) -> 0 | F9: =_xlfn.IFNA(VLOOKUP($B9,Basisgetallen!$B$8:$K$171,6,FALSE),0) -> 0 | G9: =_xlfn.IFNA(VLOOKUP($B9,Basisgetallen!$B$8:$K$171,7,FALSE),0) -> 1 | H9: =_xlfn.IFNA(VLOOKUP($B9,Basisgetallen!$B$8:$K$171,8,FALSE),0) -> 0 | I9: =_xlfn.IFNA(VLOOKUP($B9,Basisgetallen!$B$8:$K$171,9,FALSE),0) -> 0 | J9: =_xlfn.IFNA(VLOOKUP($B9,Basisgetallen!$B$8:$K$171,10,FALSE),"geen opmerkingen") -> 0
C10: =_xlfn.IFNA(VLOOKUP($B10,Basisgetallen!$B$8:$K$171,3,FALSE)*C$7,0) -> 0 | D10: =_xlfn.IFNA(VLOOKUP($B10,Basisgetallen!$B$8:$K$171,4,FALSE)*D$7,0) -> 0 | E10: =_xlfn.IFNA(VLOOKUP($B10,Basisgetallen!$B$8:$K$171,5,FALSE)*E$7,0) -> 0 | F10: =_xlfn.IFNA(VLOOKUP($B10,Basisgetallen!$B$8:$K$171,6,FALSE),0) -> 0 | G10: =_xlfn.IFNA(VLOOKUP($B10,Basisgetallen!$B$8:$K$171,7,FALSE),0) -> 0 | H10: =_xlfn.IFNA(VLOOKUP($B10,Basisgetallen!$B$8:$K$171,8,FALSE),0) -> 0 | I10: =_xlfn.IFNA(VLOOKUP($B10,Basisgetallen!$B$8:$K$171,9,FALSE),0) -> 0 | J10: =_xlfn.IFNA(VLOOKUP($B10,Basisgetallen!$B$8:$K$171,10,FALSE),"geen opmerkingen") -> geen opmerkingen
C11: =_xlfn.IFNA(VLOOKUP($B11,Basisgetallen!$B$8:$K$171,3,FALSE)*C$7,0) -> 0 | D11: =_xlfn.IFNA(VLOOKUP($B11,Basisgetallen!$B$8:$K$171,4,FALSE)*D$7,0) -> 0 | E11: =_xlfn.IFNA(VLOOKUP($B11,Basisgetallen!$B$8:$K$171,5,FALSE)*E$7,0) -> 0 | F11: =_xlfn.IFNA(VLOOKUP($B11,Basisgetallen!$B$8:$K$171,6,FALSE),0) -> 0 | G11: =_xlfn.IFNA(VLOOKUP($B11,Basisgetallen!$B$8:$K$171,7,FALSE),0) -> 0 | H11: =_xlfn.IFNA(VLOOKUP($B11,Basisgetallen!$B$8:$K$171,8,FALSE),0) -> 0 | I11: =_xlfn.IFNA(VLOOKUP($B11,Basisgetallen!$B$8:$K$171,9,FALSE),0) -> 0 | J11: =_xlfn.IFNA(VLOOKUP($B11,Basisgetallen!$B$8:$K$171,10,FALSE),"geen opmerkingen") -> geen opmerkingen
C12: =_xlfn.IFNA(VLOOKUP($B12,Basisgetallen!$B$8:$K$171,3,FALSE)*C$7,0) -> 0 | D12: =_xlfn.IFNA(VLOOKUP($B12,Basisgetallen!$B$8:$K$171,4,FALSE)*D$7,0) -> 0 | E12: =_xlfn.IFNA(VLOOKUP($B12,Basisgetallen!$B$8:$K$171,5,FALSE)*E$7,0) -> 0 | F12: =_xlfn.IFNA(VLOOKUP($B12,Basisgetallen!$B$8:$K$171,6,FALSE),0) -> 0 | G12: =_xlfn.IFNA(VLOOKUP($B12,Basisgetallen!$B$8:$K$171,7,FALSE),0) -> 0 | H12: =_xlfn.IFNA(VLOOKUP($B12,Basisgetallen!$B$8:$K$171,8,FALSE),0) -> 0 | I12: =_xlfn.IFNA(VLOOKUP($B12,Basisgetallen!$B$8:$K$171,9,FALSE),0) -> 0 | J12: =_xlfn.IFNA(VLOOKUP($B12,Basisgetallen!$B$8:$K$171,10,FALSE),"geen opmerkingen") -> geen opmerkingen
C13: =_xlfn.IFNA(VLOOKUP($B13,Basisgetallen!$B$8:$K$171,3,FALSE)*C$7,0) -> 0 | D13: =_xlfn.IFNA(VLOOKUP($B13,Basisgetallen!$B$8:$K$171,4,FALSE)*D$7,0) -> 0 | E13: =_xlfn.IFNA(VLOOKUP($B13,Basisgetallen!$B$8:$K$171,5,FALSE)*E$7,0) -> 0 | F13: =_xlfn.IFNA(VLOOKUP($B13,Basisgetallen!$B$8:$K$171,6,FALSE),0) -> 0 | G13: =_xlfn.IFNA(VLOOKUP($B13,Basisgetallen!$B$8:$K$171,7,FALSE),0) -> 0 | H13: =_xlfn.IFNA(VLOOKUP($B13,Basisgetallen!$B$8:$K$171,8,FALSE),0) -> 0 | I13: =_xlfn.IFNA(VLOOKUP($B13,Basisgetallen!$B$8:$K$171,9,FALSE),0) -> 0 | J13: =_xlfn.IFNA(VLOOKUP($B13,Basisgetallen!$B$8:$K$171,10,FALSE),"geen opmerkingen") -> geen opmerkingen
C14: =_xlfn.IFNA(VLOOKUP($B14,Basisgetallen!$B$8:$K$171,3,FALSE)*C$7,0) -> 0 | D14: =_xlfn.IFNA(VLOOKUP($B14,Basisgetallen!$B$8:$K$171,4,FALSE)*D$7,0) -> 0 | E14: =_xlfn.IFNA(VLOOKUP($B14,Basisgetallen!$B$8:$K$171,5,FALSE)*E$7,0) -> 0 | F14: =_xlfn.IFNA(VLOOKUP($B14,Basisgetallen!$B$8:$K$171,6,FALSE),0) -> 0 | G14: =_xlfn.IFNA(VLOOKUP($B14,Basisgetallen!$B$8:$K$171,7,FALSE),0) -> 0 | H14: =_xlfn.IFNA(VLOOKUP($B14,Basisgetallen!$B$8:$K$171,8,FALSE),0) -> 0 | I14: =_xlfn.IFNA(VLOOKUP($B14,Basisgetallen!$B$8:$K$171,9,FALSE),0) -> 0 | J14: =_xlfn.IFNA(VLOOKUP($B14,Basisgetallen!$B$8:$K$171,10,FALSE),"geen opmerkingen") -> geen opmerkingen
C15: =_xlfn.IFNA(VLOOKUP($B15,Basisgetallen!$B$8:$K$171,3,FALSE)*C$7,0) -> 0 | D15: =_xlfn.IFNA(VLOOKUP($B15,Basisgetallen!$B$8:$K$171,4,FALSE)*D$7,0) -> 0 | E15: =_xlfn.IFNA(VLOOKUP($B15,Basisgetallen!$B$8:$K$171,5,FALSE)*E$7,0) -> 0 | F15: =_xlfn.IFNA(VLOOKUP($B15,Basisgetallen!$B$8:$K$171,6,FALSE),0) -> 0 | G15: =_xlfn.IFNA(VLOOKUP($B15,Basisgetallen!$B$8:$K$171,7,FALSE),0) -> 0 | H15: =_xlfn.IFNA(VLOOKUP($B15,Basisgetallen!$B$8:$K$171,8,FALSE),0) -> 0 | I15: =_xlfn.IFNA(VLOOKUP($B15,Basisgetallen!$B$8:$K$171,9,FALSE),0) -> 0 | J15: =_xlfn.IFNA(VLOOKUP($B15,Basisgetallen!$B$8:$K$171,10,FALSE),"geen opmerkingen") -> geen opmerkingen
C16: =_xlfn.IFNA(VLOOKUP($B16,Basisgetallen!$B$8:$K$171,3,FALSE)*C$7,0) -> 0 | D16: =_xlfn.IFNA(VLOOKUP($B16,Basisgetallen!$B$8:$K$171,4,FALSE)*D$7,0) -> 0 | E16: =_xlfn.IFNA(VLOOKUP($B16,Basisgetallen!$B$8:$K$171,5,FALSE)*E$7,0) -> 0 | F16: =_xlfn.IFNA(VLOOKUP($B16,Basisgetallen!$B$8:$K$171,6,FALSE),0) -> 0 | G16: =_xlfn.IFNA(VLOOKUP($B16,Basisgetallen!$B$8:$K$171,7,FALSE),0) -> 0 | H16: =_xlfn.IFNA(VLOOKUP($B16,Basisgetallen!$B$8:$K$171,8,FALSE),0) -> 0 | I16: =_xlfn.IFNA(VLOOKUP($B16,Basisgetallen!$B$8:$K$171,9,FALSE),0) -> 0 | J16: =_xlfn.IFNA(VLOOKUP($B16,Basisgetallen!$B$8:$K$171,10,FALSE),"geen opmerkingen") -> geen opmerkingen
C17: =_xlfn.IFNA(VLOOKUP($B17,Basisgetallen!$B$8:$K$171,3,FALSE)*C$7,0) -> 0 | D17: =_xlfn.IFNA(VLOOKUP($B17,Basisgetallen!$B$8:$K$171,4,FALSE)*D$7,0) -> 0 | E17: =_xlfn.IFNA(VLOOKUP($B17,Basisgetallen!$B$8:$K$171,5,FALSE)*E$7,0) -> 0 | F17: =_xlfn.IFNA(VLOOKUP($B17,Basisgetallen!$B$8:$K$171,6,FALSE),0) -> 0 | G17: =_xlfn.IFNA(VLOOKUP($B17,Basisgetallen!$B$8:$K$171,7,FALSE),0) -> 0 | H17: =_xlfn.IFNA(VLOOKUP($B17,Basisgetallen!$B$8:$K$171,8,FALSE),0) -> 0 | I17: =_xlfn.IFNA(VLOOKUP($B17,Basisgetallen!$B$8:$K$171,9,FALSE),0) -> 0 | J17: =_xlfn.IFNA(VLOOKUP($B17,Basisgetallen!$B$8:$K$171,10,FALSE),"geen opmerkingen") -> geen opmerkingen
C18: =_xlfn.IFNA(VLOOKUP($B18,Basisgetallen!$B$8:$K$171,3,FALSE)*C$7,0) -> 0 | D18: =_xlfn.IFNA(VLOOKUP($B18,Basisgetallen!$B$8:$K$171,4,FALSE)*D$7,0) -> 0 | E18: =_xlfn.IFNA(VLOOKUP($B18,Basisgetallen!$B$8:$K$171,5,FALSE)*E$7,0) -> 0 | F18: =_xlfn.IFNA(VLOOKUP($B18,Basisgetallen!$B$8:$K$171,6,FALSE),0) -> 0 | G18: =_xlfn.IFNA(VLOOKUP($B18,Basisgetallen!$B$8:$K$171,7,FALSE),0) -> 0 | H18: =_xlfn.IFNA(VLOOKUP($B18,Basisgetallen!$B$8:$K$171,8,FALSE),0) -> 0 | I18: =_xlfn.IFNA(VLOOKUP($B18,Basisgetallen!$B$8:$K$171,9,FALSE),0) -> 0 | J18: =_xlfn.IFNA(VLOOKUP($B18,Basisgetallen!$B$8:$K$171,10,FALSE),"geen opmerkingen") -> geen opmerkingen
C19: =_xlfn.IFNA(VLOOKUP($B19,Basisgetallen!$B$8:$K$171,3,FALSE)*C$7,0) -> 0 | D19: =_xlfn.IFNA(VLOOKUP($B19,Basisgetallen!$B$8:$K$171,4,FALSE)*D$7,0) -> 0 | E19: =_xlfn.IFNA(VLOOKUP($B19,Basisgetallen!$B$8:$K$171,5,FALSE)*E$7,0) -> 0 | F19: =_xlfn.IFNA(VLOOKUP($B19,Basisgetallen!$B$8:$K$171,6,FALSE),0) -> 0 | G19: =_xlfn.IFNA(VLOOKUP($B19,Basisgetallen!$B$8:$K$171,7,FALSE),0) -> 0 | H19: =_xlfn.IFNA(VLOOKUP($B19,Basisgetallen!$B$8:$K$171,8,FALSE),0) -> 0 | I19: =_xlfn.IFNA(VLOOKUP($B19,Basisgetallen!$B$8:$K$171,9,FALSE),0) -> 0 | J19: =_xlfn.IFNA(VLOOKUP($B19,Basisgetallen!$B$8:$K$171,10,FALSE),"geen opmerkingen") -> geen opmerkingen
C20: =_xlfn.IFNA(VLOOKUP($B20,Basisgetallen!$B$8:$K$171,3,FALSE)*C$7,0) -> 0 | D20: =_xlfn.IFNA(VLOOKUP($B20,Basisgetallen!$B$8:$K$171,4,FALSE)*D$7,0) -> 0 | E20: =_xlfn.IFNA(VLOOKUP($B20,Basisgetallen!$B$8:$K$171,5,FALSE)*E$7,0) -> 0 | F20: =_xlfn.IFNA(VLOOKUP($B20,Basisgetallen!$B$8:$K$171,6,FALSE),0) -> 0 | G20: =_xlfn.IFNA(VLOOKUP($B20,Basisgetallen!$B$8:$K$171,7,FALSE),0) -> 0 | H20: =_xlfn.IFNA(VLOOKUP($B20,Basisgetallen!$B$8:$K$171,8,FALSE),0) -> 0 | I20: =_xlfn.IFNA(VLOOKUP($B20,Basisgetallen!$B$8:$K$171,9,FALSE),0) -> 0 | J20: =_xlfn.IFNA(VLOOKUP($B20,Basisgetallen!$B$8:$K$171,10,FALSE),"geen opmerkingen") -> geen opmerkingen
C21: =_xlfn.IFNA(VLOOKUP($B21,Basisgetallen!$B$8:$K$171,3,FALSE)*C$7,0) -> 0 | D21: =_xlfn.IFNA(VLOOKUP($B21,Basisgetallen!$B$8:$K$171,4,FALSE)*D$7,0) -> 0 | E21: =_xlfn.IFNA(VLOOKUP($B21,Basisgetallen!$B$8:$K$171,5,FALSE)*E$7,0) -> 0 | F21: =_xlfn.IFNA(VLOOKUP($B21,Basisgetallen!$B$8:$K$171,6,FALSE),0) -> 0 | G21: =_xlfn.IFNA(VLOOKUP($B21,Basisgetallen!$B$8:$K$171,7,FALSE),0) -> 0 | H21: =_xlfn.IFNA(VLOOKUP($B21,Basisgetallen!$B$8:$K$171,8,FALSE),0) -> 0 | I21: =_xlfn.IFNA(VLOOKUP($B21,Basisgetallen!$B$8:$K$171,9,FALSE),0) -> 0 | J21: =_xlfn.IFNA(VLOOKUP($B21,Basisgetallen!$B$8:$K$171,10,FALSE),"geen opmerkingen") -> geen opmerkingen
... C25: =_xlfn.IFNA(VLOOKUP($B25,Basisgetallen!$B$8:$K$171,3,FALSE)*C$7,0) -> 0 | D25: =_xlfn.IFNA(VLOOKUP($B25,Basisgetallen!$B$8:$K$171,4,FALSE)*D$7,0) -> 0 | E25: =_xlfn.IFNA(VLOOKUP($B25,Basisgetallen!$B$8:$K$171,5,FALSE)*E$7,0) -> 0 | F25: =_xlfn.IFNA(VLOOKUP($B25,Basisgetallen!$B$8:$K$171,6,FALSE),0) -> 0 | G25: =_xlfn.IFNA(VLOOKUP($B25,Basisgetallen!$B$8:$K$171,7,FALSE),0) -> 0 | H25: =_xlfn.IFNA(VLOOKUP($B25,Basisgetallen!$B$8:$K$171,8,FALSE),0) -> 0 | I25: =_xlfn.IFNA(VLOOKUP($B25,Basisgetallen!$B$8:$K$171,9,FALSE),0) -> 0 | J25: =_xlfn.IFNA(VLOOKUP($B25,Basisgetallen!$B$8:$K$171,10,FALSE),"geen opmerkingen") -> geen opmerkingen
A26: Collectieve warmteprojecten | C26: =_xlfn.IFNA(VLOOKUP($B26,Basisgetallen!$B$8:$K$171,3,FALSE)*C$7,0) -> 0 | D26: =_xlfn.IFNA(VLOOKUP($B26,Basisgetallen!$B$8:$K$171,4,FALSE)*D$7,0) -> 0 | E26: =_xlfn.IFNA(VLOOKUP($B26,Basisgetallen!$B$8:$K$171,5,FALSE)*E$7,0) -> 0 | F26: =_xlfn.IFNA(VLOOKUP($B26,Basisgetallen!$B$8:$K$171,6,FALSE),0) -> 0 | G26: =_xlfn.IFNA(VLOOKUP($B26,Basisgetallen!$B$8:$K$171,7,FALSE),0) -> 0 | H26: =_xlfn.IFNA(VLOOKUP($B26,Basisgetallen!$B$8:$K$171,8,FALSE),0) -> 0 | I26: =_xlfn.IFNA(VLOOKUP($B26,Basisgetallen!$B$8:$K$171,9,FALSE),0) -> 0 | J26: =_xlfn.IFNA(VLOOKUP($B26,Basisgetallen!$B$8:$K$171,10,FALSE),"geen opmerkingen") -> geen opmerkingen
B27: {=(_xlfn.UNIQUE(_xlfn._xlws.FILTER(Basisgetallen!B21:B56,Basisgetallen!B21:B56<>"")))} -> Opvolgen verkaveling Borgt | C27: =_xlfn.IFNA(VLOOKUP($B27,Basisgetallen!$B$8:$K$171,3,FALSE)*C$7,0) -> 4812.5 | D27: =_xlfn.IFNA(VLOOKUP($B27,Basisgetallen!$B$8:$K$171,4,FALSE)*D$7,0) -> 375 | E27: =_xlfn.IFNA(VLOOKUP($B27,Basisgetallen!$B$8:$K$171,5,FALSE)*E$7,0) -> 1218.75 | F27: =_xlfn.IFNA(VLOOKUP($B27,Basisgetallen!$B$8:$K$171,6,FALSE),0) -> 5000 | G27: =_xlfn.IFNA(VLOOKUP($B27,Basisgetallen!$B$8:$K$171,7,FALSE),0) -> 1 | H27: =_xlfn.IFNA(VLOOKUP($B27,Basisgetallen!$B$8:$K$171,8,FALSE),0) -> 0 | I27: =_xlfn.IFNA(VLOOKUP($B27,Basisgetallen!$B$8:$K$171,9,FALSE),0) -> 0 | J27: =_xlfn.IFNA(VLOOKUP($B27,Basisgetallen!$B$8:$K$171,10,FALSE),"geen opmerkingen") -> Tijd voorzien om de loop van het dossier en de communicatie met de ontwikkelaar op te volgen. We voorzien hier ook dat de gemeenten een coördinerende rol opneemt om informatie van Providentia, de school, sporthal, … verzamelt.
B28: Particpatie in de haalbaarheidstudie | C28: =_xlfn.IFNA(VLOOKUP($B28,Basisgetallen!$B$8:$K$171,3,FALSE)*C$7,0) -> 4812.5 | D28: =_xlfn.IFNA(VLOOKUP($B28,Basisgetallen!$B$8:$K$171,4,FALSE)*D$7,0) -> 0 | E28: =_xlfn.IFNA(VLOOKUP($B28,Basisgetallen!$B$8:$K$171,5,FALSE)*E$7,0) -> 0 | F28: =_xlfn.IFNA(VLOOKUP($B28,Basisgetallen!$B$8:$K$171,6,FALSE),0) -> 7500 | G28: =_xlfn.IFNA(VLOOKUP($B28,Basisgetallen!$B$8:$K$171,7,FALSE),0) -> 1 | H28: =_xlfn.IFNA(VLOOKUP($B28,Basisgetallen!$B$8:$K$171,8,FALSE),0) -> 0 | I28: =_xlfn.IFNA(VLOOKUP($B28,Basisgetallen!$B$8:$K$171,9,FALSE),0) -> 0 | J28: =_xlfn.IFNA(VLOOKUP($B28,Basisgetallen!$B$8:$K$171,10,FALSE),"geen opmerkingen") -> Als er een studie naar een warmtenet komt aan Borgt, zal de gemeente daar een aandeel in hebben voor de gebouwen waar zij eigenaar van is. Er is nog geen zicht of en hoe de sociale woonmaatschappij zou kunnen participeren.
B29: Ondersteuning bij het sluiten van een intentieovereenkomst | C29: =_xlfn.IFNA(VLOOKUP($B29,Basisgetallen!$B$8:$K$171,3,FALSE)*C$7,0) -> 2625 | D29: =_xlfn.IFNA(VLOOKUP($B29,Basisgetallen!$B$8:$K$171,4,FALSE)*D$7,0) -> 1875 | E29: =_xlfn.IFNA(VLOOKUP($B29,Basisgetallen!$B$8:$K$171,5,FALSE)*E$7,0) -> 406.25 | F29: =_xlfn.IFNA(VLOOKUP($B29,Basisgetallen!$B$8:$K$171,6,FALSE),0) -> 7500 | G29: =_xlfn.IFNA(VLOOKUP($B29,Basisgetallen!$B$8:$K$171,7,FALSE),0) -> 1 | H29: =_xlfn.IFNA(VLOOKUP($B29,Basisgetallen!$B$8:$K$171,8,FALSE),0) -> 0 | I29: =_xlfn.IFNA(VLOOKUP($B29,Basisgetallen!$B$8:$K$171,9,FALSE),0) -> 0 | J29: =_xlfn.IFNA(VLOOKUP($B29,Basisgetallen!$B$8:$K$171,10,FALSE),"geen opmerkingen") -> Participatie in de externe begeleiding voor het sluiten van een intentieovereenkomst. Voorzien is het volgen van de vergaderingen, voorbereiden van het standpunt van Grimbergen, terugkoppeling met CBS
B30: Opvolgen ontwerpplannen | C30: =_xlfn.IFNA(VLOOKUP($B30,Basisgetallen!$B$8:$K$171,3,FALSE)*C$7,0) -> 875 | D30: =_xlfn.IFNA(VLOOKUP($B30,Basisgetallen!$B$8:$K$171,4,FALSE)*D$7,0) -> 0 | E30: =_xlfn.IFNA(VLOOKUP($B30,Basisgetallen!$B$8:$K$171,5,FALSE)*E$7,0) -> 2031.25 | F30: =_xlfn.IFNA(VLOOKUP($B30,Basisgetallen!$B$8:$K$171,6,FALSE),0) -> 5000 | G30: =_xlfn.IFNA(VLOOKUP($B30,Basisgetallen!$B$8:$K$171,7,FALSE),0) -> 0.5 | H30: =_xlfn.IFNA(VLOOKUP($B30,Basisgetallen!$B$8:$K$171,8,FALSE),0) -> 0 | I30: =_xlfn.IFNA(VLOOKUP($B30,Basisgetallen!$B$8:$K$171,9,FALSE),0) -> 0 | J30: =_xlfn.IFNA(VLOOKUP($B30,Basisgetallen!$B$8:$K$171,10,FALSE),"geen opmerkingen") -> Opvolging van plannen voor interactie met openbaar domein, erfdienstbaarheden, aanpassingen openbaar domein, ….
B31: Opvolgen nieuwe verkavelingen, inbreidingen en andere grote bouwdossiers [jaarkost] | C31: =_xlfn.IFNA(VLOOKUP($B31,Basisgetallen!$B$8:$K$171,3,FALSE)*C$7,0) -> 1750 | D31: =_xlfn.IFNA(VLOOKUP($B31,Basisgetallen!$B$8:$K$171,4,FALSE)*D$7,0) -> 1500 | E31: =_xlfn.IFNA(VLOOKUP($B31,Basisgetallen!$B$8:$K$171,5,FALSE)*E$7,0) -> 0 | F31: =_xlfn.IFNA(VLOOKUP($B31,Basisgetallen!$B$8:$K$171,6,FALSE),0) -> 15000 | G31: =_xlfn.IFNA(VLOOKUP($B31,Basisgetallen!$B$8:$K$171,7,FALSE),0) -> 0.25 | H31: =_xlfn.IFNA(VLOOKUP($B31,Basisgetallen!$B$8:$K$171,8,FALSE),0) -> 0 | I31: =_xlfn.IFNA(VLOOKUP($B31,Basisgetallen!$B$8:$K$171,9,FALSE),0) -> 0 | J31: =_xlfn.IFNA(VLOOKUP($B31,Basisgetallen!$B$8:$K$171,10,FALSE),"geen opmerkingen") -> Screening op warmtepotentiëel van nieuwe grote projecten. Nagaan of er koppelkansen zijn met eigen patrimonium, eventueel intergemeentelijk overleg opzetten, bij kansrijke clusters nauwer opvolgen. 3 nieuwe doessiers per jaar, 1 kansrijk dossier.
B32: Bedrijventerreinen ondersteunen [opstartkost, later te evalueren] | C32: =_xlfn.IFNA(VLOOKUP($B32,Basisgetallen!$B$8:$K$171,3,FALSE)*C$7,0) -> 3062.5 | D32: =_xlfn.IFNA(VLOOKUP($B32,Basisgetallen!$B$8:$K$171,4,FALSE)*D$7,0) -> 1500 | E32: =_xlfn.IFNA(VLOOKUP($B32,Basisgetallen!$B$8:$K$171,5,FALSE)*E$7,0) -> 0 | F32: =_xlfn.IFNA(VLOOKUP($B32,Basisgetallen!$B$8:$K$171,6,FALSE),0) -> 15000 | G32: =_xlfn.IFNA(VLOOKUP($B32,Basisgetallen!$B$8:$K$171,7,FALSE),0) -> 1 | H32: =_xlfn.IFNA(VLOOKUP($B32,Basisgetallen!$B$8:$K$171,8,FALSE),0) -> 0 | I32: =_xlfn.IFNA(VLOOKUP($B32,Basisgetallen!$B$8:$K$171,9,FALSE),0) -> 0 | J32: =_xlfn.IFNA(VLOOKUP($B32,Basisgetallen!$B$8:$K$171,10,FALSE),"geen opmerkingen") -> Bedrijventerreinwerking opvolgen vanuit de discipliine warmte: opstartfase ondersteunen, één samenkomst rond warmteproductie/uitwisseling voorzien. (budget is slechts een onderdeel van de puzzel, opstartkost bedrijventerrein management is afhankelijk van de gewenste beschikbaarheid parkmanager; grootte orde € 50 000 voor 2 jaar aan 30-40% beschikbaarheid)
B33: Afstemming ruimtelijke plannen [per 1 planningsproces] | C33: =_xlfn.IFNA(VLOOKUP($B33,Basisgetallen!$B$8:$K$171,3,FALSE)*C$7,0) -> 4375 | D33: =_xlfn.IFNA(VLOOKUP($B33,Basisgetallen!$B$8:$K$171,4,FALSE)*D$7,0) -> 750 | E33: =_xlfn.IFNA(VLOOKUP($B33,Basisgetallen!$B$8:$K$171,5,FALSE)*E$7,0) -> 0 | F33: =_xlfn.IFNA(VLOOKUP($B33,Basisgetallen!$B$8:$K$171,6,FALSE),0) -> 10000 | G33: =_xlfn.IFNA(VLOOKUP($B33,Basisgetallen!$B$8:$K$171,7,FALSE),0) -> 0.4 | H33: =_xlfn.IFNA(VLOOKUP($B33,Basisgetallen!$B$8:$K$171,8,FALSE),0) -> 0 | I33: =_xlfn.IFNA(VLOOKUP($B33,Basisgetallen!$B$8:$K$171,9,FALSE),0) -> 0 | J33: =_xlfn.IFNA(VLOOKUP($B33,Basisgetallen!$B$8:$K$171,10,FALSE),"geen opmerkingen") -> Bijvoorbeeld het opvolgen van RUPS of beleidsplannen en masterplannen zowel lokaal als op Provinciaal niveau
B34: Eigen vastgoed aansluiten [per 1 publiek gebouw] | C34: =_xlfn.IFNA(VLOOKUP($B34,Basisgetallen!$B$8:$K$171,3,FALSE)*C$7,0) -> 875 | D34: =_xlfn.IFNA(VLOOKUP($B34,Basisgetallen!$B$8:$K$171,4,FALSE)*D$7,0) -> 750 | E34: =_xlfn.IFNA(VLOOKUP($B34,Basisgetallen!$B$8:$K$171,5,FALSE)*E$7,0) -> 812.5 | F34: =_xlfn.IFNA(VLOOKUP($B34,Basisgetallen!$B$8:$K$171,6,FALSE),0) -> 7500 | G34: =_xlfn.IFNA(VLOOKUP($B34,Basisgetallen!$B$8:$K$171,7,FALSE),0) -> 0.1 | H34: =_xlfn.IFNA(VLOOKUP($B34,Basisgetallen!$B$8:$K$171,8,FALSE),0) -> 0 | I34: =_xlfn.IFNA(VLOOKUP($B34,Basisgetallen!$B$8:$K$171,9,FALSE),0) -> 0 | J34: =_xlfn.IFNA(VLOOKUP($B34,Basisgetallen!$B$8:$K$171,10,FALSE),"geen opmerkingen") -> Kost voor het screenen van gebouwen waar gewerkt zal worden, opvolgen van ontwerpkeuzes.
B35: reserve | C35: =_xlfn.IFNA(VLOOKUP($B35,Basisgetallen!$B$8:$K$171,3,FALSE)*C$7,0) -> 0 | D35: =_xlfn.IFNA(VLOOKUP($B35,Basisgetallen!$B$8:$K$171,4,FALSE)*D$7,0) -> 0 | E35: =_xlfn.IFNA(VLOOKUP($B35,Basisgetallen!$B$8:$K$171,5,FALSE)*E$7,0) -> 0 | F35: =_xlfn.IFNA(VLOOKUP($B35,Basisgetallen!$B$8:$K$171,6,FALSE),0) -> 0 | G35: =_xlfn.IFNA(VLOOKUP($B35,Basisgetallen!$B$8:$K$171,7,FALSE),0) -> 1 | H35: =_xlfn.IFNA(VLOOKUP($B35,Basisgetallen!$B$8:$K$171,8,FALSE),0) -> 0 | I35: =_xlfn.IFNA(VLOOKUP($B35,Basisgetallen!$B$8:$K$171,9,FALSE),0) -> 0 | J35: =_xlfn.IFNA(VLOOKUP($B35,Basisgetallen!$B$8:$K$171,10,FALSE),"geen opmerkingen") -> 0
C36: =_xlfn.IFNA(VLOOKUP($B36,Basisgetallen!$B$8:$K$171,3,FALSE)*C$7,0) -> 0 | D36: =_xlfn.IFNA(VLOOKUP($B36,Basisgetallen!$B$8:$K$171,4,FALSE)*D$7,0) -> 0 | E36: =_xlfn.IFNA(VLOOKUP($B36,Basisgetallen!$B$8:$K$171,5,FALSE)*E$7,0) -> 0 | F36: =_xlfn.IFNA(VLOOKUP($B36,Basisgetallen!$B$8:$K$171,6,FALSE),0) -> 0 | G36: =_xlfn.IFNA(VLOOKUP($B36,Basisgetallen!$B$8:$K$171,7,FALSE),0) -> 0 | H36: =_xlfn.IFNA(VLOOKUP($B36,Basisgetallen!$B$8:$K$171,8,FALSE),0) -> 0 | I36: =_xlfn.IFNA(VLOOKUP($B36,Basisgetallen!$B$8:$K$171,9,FALSE),0) -> 0 | J36: =_xlfn.IFNA(VLOOKUP($B36,Basisgetallen!$B$8:$K$171,10,FALSE),"geen opmerkingen") -> geen opmerkingen
C37: =_xlfn.IFNA(VLOOKUP($B37,Basisgetallen!$B$8:$K$171,3,FALSE)*C$7,0) -> 0 | D37: =_xlfn.IFNA(VLOOKUP($B37,Basisgetallen!$B$8:$K$171,4,FALSE)*D$7,0) -> 0 | E37: =_xlfn.IFNA(VLOOKUP($B37,Basisgetallen!$B$8:$K$171,5,FALSE)*E$7,0) -> 0 | F37: =_xlfn.IFNA(VLOOKUP($B37,Basisgetallen!$B$8:$K$171,6,FALSE),0) -> 0 | G37: =_xlfn.IFNA(VLOOKUP($B37,Basisgetallen!$B$8:$K$171,7,FALSE),0) -> 0 | H37: =_xlfn.IFNA(VLOOKUP($B37,Basisgetallen!$B$8:$K$171,8,FALSE),0) -> 0 | I37: =_xlfn.IFNA(VLOOKUP($B37,Basisgetallen!$B$8:$K$171,9,FALSE),0) -> 0 | J37: =_xlfn.IFNA(VLOOKUP($B37,Basisgetallen!$B$8:$K$171,10,FALSE),"geen opmerkingen") -> geen opmerkingen
C38: =_xlfn.IFNA(VLOOKUP($B38,Basisgetallen!$B$8:$K$171,3,FALSE)*C$7,0) -> 0 | D38: =_xlfn.IFNA(VLOOKUP($B38,Basisgetallen!$B$8:$K$171,4,FALSE)*D$7,0) -> 0 | E38: =_xlfn.IFNA(VLOOKUP($B38,Basisgetallen!$B$8:$K$171,5,FALSE)*E$7,0) -> 0 | F38: =_xlfn.IFNA(VLOOKUP($B38,Basisgetallen!$B$8:$K$171,6,FALSE),0) -> 0 | G38: =_xlfn.IFNA(VLOOKUP($B38,Basisgetallen!$B$8:$K$171,7,FALSE),0) -> 0 | H38: =_xlfn.IFNA(VLOOKUP($B38,Basisgetallen!$B$8:$K$171,8,FALSE),0) -> 0 | I38: =_xlfn.IFNA(VLOOKUP($B38,Basisgetallen!$B$8:$K$171,9,FALSE),0) -> 0 | J38: =_xlfn.IFNA(VLOOKUP($B38,Basisgetallen!$B$8:$K$171,10,FALSE),"geen opmerkingen") -> geen opmerkingen
C39: =_xlfn.IFNA(VLOOKUP($B39,Basisgetallen!$B$8:$K$171,3,FALSE)*C$7,0) -> 0 | D39: =_xlfn.IFNA(VLOOKUP($B39,Basisgetallen!$B$8:$K$171,4,FALSE)*D$7,0) -> 0 | E39: =_xlfn.IFNA(VLOOKUP($B39,Basisgetallen!$B$8:$K$171,5,FALSE)*E$7,0) -> 0 | F39: =_xlfn.IFNA(VLOOKUP($B39,Basisgetallen!$B$8:$K$171,6,FALSE),0) -> 0 | G39: =_xlfn.IFNA(VLOOKUP($B39,Basisgetallen!$B$8:$K$171,7,FALSE),0) -> 0 | H39: =_xlfn.IFNA(VLOOKUP($B39,Basisgetallen!$B$8:$K$171,8,FALSE),0) -> 0 | I39: =_xlfn.IFNA(VLOOKUP($B39,Basisgetallen!$B$8:$K$171,9,FALSE),0) -> 0 | J39: =_xlfn.IFNA(VLOOKUP($B39,Basisgetallen!$B$8:$K$171,10,FALSE),"geen opmerkingen") -> geen opmerkingen
C40: =_xlfn.IFNA(VLOOKUP($B40,Basisgetallen!$B$8:$K$171,3,FALSE)*C$7,0) -> 0 | D40: =_xlfn.IFNA(VLOOKUP($B40,Basisgetallen!$B$8:$K$171,4,FALSE)*D$7,0) -> 0 | E40: =_xlfn.IFNA(VLOOKUP($B40,Basisgetallen!$B$8:$K$171,5,FALSE)*E$7,0) -> 0 | F40: =_xlfn.IFNA(VLOOKUP($B40,Basisgetallen!$B$8:$K$171,6,FALSE),0) -> 0 | G40: =_xlfn.IFNA(VLOOKUP($B40,Basisgetallen!$B$8:$K$171,7,FALSE),0) -> 0 | H40: =_xlfn.IFNA(VLOOKUP($B40,Basisgetallen!$B$8:$K$171,8,FALSE),0) -> 0 | I40: =_xlfn.IFNA(VLOOKUP($B40,Basisgetallen!$B$8:$K$171,9,FALSE),0) -> 0 | J40: =_xlfn.IFNA(VLOOKUP($B40,Basisgetallen!$B$8:$K$171,10,FALSE),"geen opmerkingen") -> geen opmerkingen
C41: =_xlfn.IFNA(VLOOKUP($B41,Basisgetallen!$B$8:$K$171,3,FALSE)*C$7,0) -> 0 | D41: =_xlfn.IFNA(VLOOKUP($B41,Basisgetallen!$B$8:$K$171,4,FALSE)*D$7,0) -> 0 | E41: =_xlfn.IFNA(VLOOKUP($B41,Basisgetallen!$B$8:$K$171,5,FALSE)*E$7,0) -> 0 | F41: =_xlfn.IFNA(VLOOKUP($B41,Basisgetallen!$B$8:$K$171,6,FALSE),0) -> 0 | G41: =_xlfn.IFNA(VLOOKUP($B41,Basisgetallen!$B$8:$K$171,7,FALSE),0) -> 0 | H41: =_xlfn.IFNA(VLOOKUP($B41,Basisgetallen!$B$8:$K$171,8,FALSE),0) -> 0 | I41: =_xlfn.IFNA(VLOOKUP($B41,Basisgetallen!$B$8:$K$171,9,FALSE),0) -> 0 | J41: =_xlfn.IFNA(VLOOKUP($B41,Basisgetallen!$B$8:$K$171,10,FALSE),"geen opmerkingen") -> geen opmerkingen
C42: =_xlfn.IFNA(VLOOKUP($B42,Basisgetallen!$B$8:$K$171,3,FALSE)*C$7,0) -> 0 | D42: =_xlfn.IFNA(VLOOKUP($B42,Basisgetallen!$B$8:$K$171,4,FALSE)*D$7,0) -> 0 | E42: =_xlfn.IFNA(VLOOKUP($B42,Basisgetallen!$B$8:$K$171,5,FALSE)*E$7,0) -> 0 | F42: =_xlfn.IFNA(VLOOKUP($B42,Basisgetallen!$B$8:$K$171,6,FALSE),0) -> 0 | G42: =_xlfn.IFNA(VLOOKUP($B42,Basisgetallen!$B$8:$K$171,7,FALSE),0) -> 0 | H42: =_xlfn.IFNA(VLOOKUP($B42,Basisgetallen!$B$8:$K$171,8,FALSE),0) -> 0 | I42: =_xlfn.IFNA(VLOOKUP($B42,Basisgetallen!$B$8:$K$171,9,FALSE),0) -> 0 | J42: =_xlfn.IFNA(VLOOKUP($B42,Basisgetallen!$B$8:$K$171,10,FALSE),"geen opmerkingen") -> geen opmerkingen
C43: =_xlfn.IFNA(VLOOKUP($B43,Basisgetallen!$B$8:$K$171,3,FALSE)*C$7,0) -> 0 | D43: =_xlfn.IFNA(VLOOKUP($B43,Basisgetallen!$B$8:$K$171,4,FALSE)*D$7,0) -> 0 | E43: =_xlfn.IFNA(VLOOKUP($B43,Basisgetallen!$B$8:$K$171,5,FALSE)*E$7,0) -> 0 | F43: =_xlfn.IFNA(VLOOKUP($B43,Basisgetallen!$B$8:$K$171,6,FALSE),0) -> 0 | G43: =_xlfn.IFNA(VLOOKUP($B43,Basisgetallen!$B$8:$K$171,7,FALSE),0) -> 0 | H43: =_xlfn.IFNA(VLOOKUP($B43,Basisgetallen!$B$8:$K$171,8,FALSE),0) -> 0 | I43: =_xlfn.IFNA(VLOOKUP($B43,Basisgetallen!$B$8:$K$171,9,FALSE),0) -> 0 | J43: =_xlfn.IFNA(VLOOKUP($B43,Basisgetallen!$B$8:$K$171,10,FALSE),"geen opmerkingen") -> geen opmerkingen
C44: =_xlfn.IFNA(VLOOKUP($B44,Basisgetallen!$B$8:$K$171,3,FALSE)*C$7,0) -> 0 | D44: =_xlfn.IFNA(VLOOKUP($B44,Basisgetallen!$B$8:$K$171,4,FALSE)*D$7,0) -> 0 | E44: =_xlfn.IFNA(VLOOKUP($B44,Basisgetallen!$B$8:$K$171,5,FALSE)*E$7,0) -> 0 | F44: =_xlfn.IFNA(VLOOKUP($B44,Basisgetallen!$B$8:$K$171,6,FALSE),0) -> 0 | G44: =_xlfn.IFNA(VLOOKUP($B44,Basisgetallen!$B$8:$K$171,7,FALSE),0) -> 0 | H44: =_xlfn.IFNA(VLOOKUP($B44,Basisgetallen!$B$8:$K$171,8,FALSE),0) -> 0 | I44: =_xlfn.IFNA(VLOOKUP($B44,Basisgetallen!$B$8:$K$171,9,FALSE),0) -> 0 | J44: =_xlfn.IFNA(VLOOKUP($B44,Basisgetallen!$B$8:$K$171,10,FALSE),"geen opmerkingen") -> geen opmerkingen
C45: =_xlfn.IFNA(VLOOKUP($B45,Basisgetallen!$B$8:$K$171,3,FALSE)*C$7,0) -> 0 | D45: =_xlfn.IFNA(VLOOKUP($B45,Basisgetallen!$B$8:$K$171,4,FALSE)*D$7,0) -> 0 | E45: =_xlfn.IFNA(VLOOKUP($B45,Basisgetallen!$B$8:$K$171,5,FALSE)*E$7,0) -> 0 | F45: =_xlfn.IFNA(VLOOKUP($B45,Basisgetallen!$B$8:$K$171,6,FALSE),0) -> 0 | G45: =_xlfn.IFNA(VLOOKUP($B45,Basisgetallen!$B$8:$K$171,7,FALSE),0) -> 0 | H45: =_xlfn.IFNA(VLOOKUP($B45,Basisgetallen!$B$8:$K$171,8,FALSE),0) -> 0 | I45: =_xlfn.IFNA(VLOOKUP($B45,Basisgetallen!$B$8:$K$171,9,FALSE),0) -> 0 | J45: =_xlfn.IFNA(VLOOKUP($B45,Basisgetallen!$B$8:$K$171,10,FALSE),"geen opmerkingen") -> geen opmerkingen
C46: =_xlfn.IFNA(VLOOKUP($B46,Basisgetallen!$B$8:$K$171,3,FALSE)*C$7,0) -> 0 | D46: =_xlfn.IFNA(VLOOKUP($B46,Basisgetallen!$B$8:$K$171,4,FALSE)*D$7,0) -> 0 | E46: =_xlfn.IFNA(VLOOKUP($B46,Basisgetallen!$B$8:$K$171,5,FALSE)*E$7,0) -> 0 | F46: =_xlfn.IFNA(VLOOKUP($B46,Basisgetallen!$B$8:$K$171,6,FALSE),0) -> 0 | G46: =_xlfn.IFNA(VLOOKUP($B46,Basisgetallen!$B$8:$K$171,7,FALSE),0) -> 0 | H46: =_xlfn.IFNA(VLOOKUP($B46,Basisgetallen!$B$8:$K$171,8,FALSE),0) -> 0 | I46: =_xlfn.IFNA(VLOOKUP($B46,Basisgetallen!$B$8:$K$171,9,FALSE),0) -> 0 | J46: =_xlfn.IFNA(VLOOKUP($B46,Basisgetallen!$B$8:$K$171,10,FALSE),"geen opmerkingen") -> geen opmerkingen
C47: =_xlfn.IFNA(VLOOKUP($B47,Basisgetallen!$B$8:$K$171,3,FALSE)*C$7,0) -> 0 | D47: =_xlfn.IFNA(VLOOKUP($B47,Basisgetallen!$B$8:$K$171,4,FALSE)*D$7,0) -> 0 | E47: =_xlfn.IFNA(VLOOKUP($B47,Basisgetallen!$B$8:$K$171,5,FALSE)*E$7,0) -> 0 | F47: =_xlfn.IFNA(VLOOKUP($B47,Basisgetallen!$B$8:$K$171,6,FALSE),0) -> 0 | G47: =_xlfn.IFNA(VLOOKUP($B47,Basisgetallen!$B$8:$K$171,7,FALSE),0) -> 0 | H47: =_xlfn.IFNA(VLOOKUP($B47,Basisgetallen!$B$8:$K$171,8,FALSE),0) -> 0 | I47: =_xlfn.IFNA(VLOOKUP($B47,Basisgetallen!$B$8:$K$171,9,FALSE),0) -> 0 | J47: =_xlfn.IFNA(VLOOKUP($B47,Basisgetallen!$B$8:$K$171,10,FALSE),"geen opmerkingen") -> geen opmerkingen
... C62: =_xlfn.IFNA(VLOOKUP($B62,Basisgetallen!$B$8:$K$171,3,FALSE)*C$7,0) -> 0 | D62: =_xlfn.IFNA(VLOOKUP($B62,Basisgetallen!$B$8:$K$171,4,FALSE)*D$7,0) -> 0 | E62: =_xlfn.IFNA(VLOOKUP($B62,Basisgetallen!$B$8:$K$171,5,FALSE)*E$7,0) -> 0 | F62: =_xlfn.IFNA(VLOOKUP($B62,Basisgetallen!$B$8:$K$171,6,FALSE),0) -> 0 | G62: =_xlfn.IFNA(VLOOKUP($B62,Basisgetallen!$B$8:$K$171,7,FALSE),0) -> 0 | H62: =_xlfn.IFNA(VLOOKUP($B62,Basisgetallen!$B$8:$K$171,8,FALSE),0) -> 0 | I62: =_xlfn.IFNA(VLOOKUP($B62,Basisgetallen!$B$8:$K$171,9,FALSE),0) -> 0 | J62: =_xlfn.IFNA(VLOOKUP($B62,Basisgetallen!$B$8:$K$171,10,FALSE),"geen opmerkingen") -> geen opmerkingen
A63: Beleidsinitiatieven individuele warmte + renovatie (voor burgers en organisaties) | C63: =_xlfn.IFNA(VLOOKUP($B63,Basisgetallen!$B$8:$K$171,3,FALSE)*C$7,0) -> 0 | D63: =_xlfn.IFNA(VLOOKUP($B63,Basisgetallen!$B$8:$K$171,4,FALSE)*D$7,0) -> 0 | E63: =_xlfn.IFNA(VLOOKUP($B63,Basisgetallen!$B$8:$K$171,5,FALSE)*E$7,0) -> 0 | F63: =_xlfn.IFNA(VLOOKUP($B63,Basisgetallen!$B$8:$K$171,6,FALSE),0) -> 0 | G63: =_xlfn.IFNA(VLOOKUP($B63,Basisgetallen!$B$8:$K$171,7,FALSE),0) -> 0 | H63: =_xlfn.IFNA(VLOOKUP($B63,Basisgetallen!$B$8:$K$171,8,FALSE),0) -> 0 | I63: =_xlfn.IFNA(VLOOKUP($B63,Basisgetallen!$B$8:$K$171,9,FALSE),0) -> 0 | J63: =_xlfn.IFNA(VLOOKUP($B63,Basisgetallen!$B$8:$K$171,10,FALSE),"geen opmerkingen") -> geen opmerkingen
B64: {=_xlfn.UNIQUE(_xlfn._xlws.FILTER(Basisgetallen!B59:B87,Basisgetallen!B59:B87<>""))} -> Opzetten van een communicatietraject gericht op één doelgroep | C64: =_xlfn.IFNA(VLOOKUP($B64,Basisgetallen!$B$8:$K$171,3,FALSE)*C$7,0) -> 0 | D64: =_xlfn.IFNA(VLOOKUP($B64,Basisgetallen!$B$8:$K$171,4,FALSE)*D$7,0) -> 750 | E64: =_xlfn.IFNA(VLOOKUP($B64,Basisgetallen!$B$8:$K$171,5,FALSE)*E$7,0) -> 2437.5 | F64: =_xlfn.IFNA(VLOOKUP($B64,Basisgetallen!$B$8:$K$171,6,FALSE),0) -> 7500 | G64: =_xlfn.IFNA(VLOOKUP($B64,Basisgetallen!$B$8:$K$171,7,FALSE),0) -> 0.4 | H64: =_xlfn.IFNA(VLOOKUP($B64,Basisgetallen!$B$8:$K$171,8,FALSE),0) -> 0 | I64: =_xlfn.IFNA(VLOOKUP($B64,Basisgetallen!$B$8:$K$171,9,FALSE),0) -> 0 | J64: =_xlfn.IFNA(VLOOKUP($B64,Basisgetallen!$B$8:$K$171,10,FALSE),"geen opmerkingen") -> Kost voor het aanmaken van persberichten, infoborden, begeleiding bij infosessies. Kan zowel intern als extern.
B65: Energieadvies [per 50 wooneenheden] | C65: =_xlfn.IFNA(VLOOKUP($B65,Basisgetallen!$B$8:$K$171,3,FALSE)*C$7,0) -> 437.5 | D65: =_xlfn.IFNA(VLOOKUP($B65,Basisgetallen!$B$8:$K$171,4,FALSE)*D$7,0) -> 187.5 | E65: =_xlfn.IFNA(VLOOKUP($B65,Basisgetallen!$B$8:$K$171,5,FALSE)*E$7,0) -> 0 | F65: =_xlfn.IFNA(VLOOKUP($B65,Basisgetallen!$B$8:$K$171,6,FALSE),0) -> 25000 | G65: =_xlfn.IFNA(VLOOKUP($B65,Basisgetallen!$B$8:$K$171,7,FALSE),0) -> 1 | H65: =_xlfn.IFNA(VLOOKUP($B65,Basisgetallen!$B$8:$K$171,8,FALSE),0) -> 0 | I65: =_xlfn.IFNA(VLOOKUP($B65,Basisgetallen!$B$8:$K$171,9,FALSE),0) -> 0 | J65: =_xlfn.IFNA(VLOOKUP($B65,Basisgetallen!$B$8:$K$171,10,FALSE),"geen opmerkingen") -> De kost om 50 woningen aan te pakken (externe kost) + de opvolging intern per 50 woningen
B66: VME-coaching [per 5 VME's] | C66: =_xlfn.IFNA(VLOOKUP($B66,Basisgetallen!$B$8:$K$171,3,FALSE)*C$7,0) -> 437.5 | D66: =_xlfn.IFNA(VLOOKUP($B66,Basisgetallen!$B$8:$K$171,4,FALSE)*D$7,0) -> 750 | E66: =_xlfn.IFNA(VLOOKUP($B66,Basisgetallen!$B$8:$K$171,5,FALSE)*E$7,0) -> 0 | F66: =_xlfn.IFNA(VLOOKUP($B66,Basisgetallen!$B$8:$K$171,6,FALSE),0) -> 20000 | G66: =_xlfn.IFNA(VLOOKUP($B66,Basisgetallen!$B$8:$K$171,7,FALSE),0) -> 1 | H66: =_xlfn.IFNA(VLOOKUP($B66,Basisgetallen!$B$8:$K$171,8,FALSE),0) -> 0 | I66: =_xlfn.IFNA(VLOOKUP($B66,Basisgetallen!$B$8:$K$171,9,FALSE),0) -> 0 | J66: =_xlfn.IFNA(VLOOKUP($B66,Basisgetallen!$B$8:$K$171,10,FALSE),"geen opmerkingen") -> De kost om 5 VME's te begeleiden in de opmaak van een renovatiemasterplan (via een externe partij) + de opvolging die hiervoor intern nodgi is.
B67: Energieleningen [per lening] | C67: =_xlfn.IFNA(VLOOKUP($B67,Basisgetallen!$B$8:$K$171,3,FALSE)*C$7,0) -> 218.75 | D67: =_xlfn.IFNA(VLOOKUP($B67,Basisgetallen!$B$8:$K$171,4,FALSE)*D$7,0) -> 0 | E67: =_xlfn.IFNA(VLOOKUP($B67,Basisgetallen!$B$8:$K$171,5,FALSE)*E$7,0) -> 0 | F67: =_xlfn.IFNA(VLOOKUP($B67,Basisgetallen!$B$8:$K$171,6,FALSE),0) -> 0 | G67: =_xlfn.IFNA(VLOOKUP($B67,Basisgetallen!$B$8:$K$171,7,FALSE),0) -> 1 | H67: =_xlfn.IFNA(VLOOKUP($B67,Basisgetallen!$B$8:$K$171,8,FALSE),0) -> 0 | I67: =_xlfn.IFNA(VLOOKUP($B67,Basisgetallen!$B$8:$K$171,9,FALSE),0) -> 0 | J67: =_xlfn.IFNA(VLOOKUP($B67,Basisgetallen!$B$8:$K$171,10,FALSE),"geen opmerkingen") -> De kost per jaar om een leningdossier voor energieleningen af te sluiten/ op te volgen.
B68: Praktische ontzorging [per 50 wooneenheden] | C68: =_xlfn.IFNA(VLOOKUP($B68,Basisgetallen!$B$8:$K$171,3,FALSE)*C$7,0) -> 437.5 | D68: =_xlfn.IFNA(VLOOKUP($B68,Basisgetallen!$B$8:$K$171,4,FALSE)*D$7,0) -> 375 | E68: =_xlfn.IFNA(VLOOKUP($B68,Basisgetallen!$B$8:$K$171,5,FALSE)*E$7,0) -> 0 | F68: =_xlfn.IFNA(VLOOKUP($B68,Basisgetallen!$B$8:$K$171,6,FALSE),0) -> 75000 | G68: =_xlfn.IFNA(VLOOKUP($B68,Basisgetallen!$B$8:$K$171,7,FALSE),0) -> 1 | H68: =_xlfn.IFNA(VLOOKUP($B68,Basisgetallen!$B$8:$K$171,8,FALSE),0) -> 0 | I68: =_xlfn.IFNA(VLOOKUP($B68,Basisgetallen!$B$8:$K$171,9,FALSE),0) -> 0 | J68: =_xlfn.IFNA(VLOOKUP($B68,Basisgetallen!$B$8:$K$171,10,FALSE),"geen opmerkingen") -> De kost om 50 woningen door een externe partij te laten opvolgen in offertefase + werffase + admin nazorg + de opvolging hiervan intern.
B69: Energiepremies [per premiedossier] | C69: =_xlfn.IFNA(VLOOKUP($B69,Basisgetallen!$B$8:$K$171,3,FALSE)*C$7,0) -> 1312.5 | D69: =_xlfn.IFNA(VLOOKUP($B69,Basisgetallen!$B$8:$K$171,4,FALSE)*D$7,0) -> 1500 | E69: =_xlfn.IFNA(VLOOKUP($B69,Basisgetallen!$B$8:$K$171,5,FALSE)*E$7,0) -> 2031.25 | F69: =_xlfn.IFNA(VLOOKUP($B69,Basisgetallen!$B$8:$K$171,6,FALSE),0) -> 1000 | G69: =_xlfn.IFNA(VLOOKUP($B69,Basisgetallen!$B$8:$K$171,7,FALSE),0) -> 1 | H69: =_xlfn.IFNA(VLOOKUP($B69,Basisgetallen!$B$8:$K$171,8,FALSE),0) -> 0 | I69: =_xlfn.IFNA(VLOOKUP($B69,Basisgetallen!$B$8:$K$171,9,FALSE),0) -> 0 | J69: =_xlfn.IFNA(VLOOKUP($B69,Basisgetallen!$B$8:$K$171,10,FALSE),"geen opmerkingen") -> De "opmaak en dossierkost" voor het gemeentelijke premiereglement per premiedossier
B70: Grondige herziening bouwcode of ander regelgevend instrument. [per actualisatie instrument] | C70: =_xlfn.IFNA(VLOOKUP($B70,Basisgetallen!$B$8:$K$171,3,FALSE)*C$7,0) -> 1750 | D70: =_xlfn.IFNA(VLOOKUP($B70,Basisgetallen!$B$8:$K$171,4,FALSE)*D$7,0) -> 0 | E70: =_xlfn.IFNA(VLOOKUP($B70,Basisgetallen!$B$8:$K$171,5,FALSE)*E$7,0) -> 2031.25 | F70: =_xlfn.IFNA(VLOOKUP($B70,Basisgetallen!$B$8:$K$171,6,FALSE),0) -> 7500 | G70: =_xlfn.IFNA(VLOOKUP($B70,Basisgetallen!$B$8:$K$171,7,FALSE),0) -> 0.5 | H70: =_xlfn.IFNA(VLOOKUP($B70,Basisgetallen!$B$8:$K$171,8,FALSE),0) -> 0 | I70: =_xlfn.IFNA(VLOOKUP($B70,Basisgetallen!$B$8:$K$171,9,FALSE),0) -> 0 | J70: =_xlfn.IFNA(VLOOKUP($B70,Basisgetallen!$B$8:$K$171,10,FALSE),"geen opmerkingen") -> Grondige herwerking stedenbouwkundige verordening (enkel luik warmte). De volledige kost ligt hoger maar zal ook bij andere afdelingen liggen.
B71: Onderhoud & toetsing van de lokale regelgeving | C71: =_xlfn.IFNA(VLOOKUP($B71,Basisgetallen!$B$8:$K$171,3,FALSE)*C$7,0) -> 875 | D71: =_xlfn.IFNA(VLOOKUP($B71,Basisgetallen!$B$8:$K$171,4,FALSE)*D$7,0) -> 375 | E71: =_xlfn.IFNA(VLOOKUP($B71,Basisgetallen!$B$8:$K$171,5,FALSE)*E$7,0) -> 0 | F71: =_xlfn.IFNA(VLOOKUP($B71,Basisgetallen!$B$8:$K$171,6,FALSE),0) -> 2000 | G71: =_xlfn.IFNA(VLOOKUP($B71,Basisgetallen!$B$8:$K$171,7,FALSE),0) -> 0.5 | H71: =_xlfn.IFNA(VLOOKUP($B71,Basisgetallen!$B$8:$K$171,8,FALSE),0) -> 0 | I71: =_xlfn.IFNA(VLOOKUP($B71,Basisgetallen!$B$8:$K$171,9,FALSE),0) -> 0 | J71: =_xlfn.IFNA(VLOOKUP($B71,Basisgetallen!$B$8:$K$171,10,FALSE),"geen opmerkingen") -> De gemeentelijke stedenbouwkundige verordening regelmatig updaten met nieuwe kennis of ervaringen (bv. Geluidswetgeving buitenunits, gemeenschappelijke stookplaatsen, ….
B72: Opstarten van een traject voor versnelde introductie warmtepompen (trigger: rentabiliteit) [opstartkost] | C72: =_xlfn.IFNA(VLOOKUP($B72,Basisgetallen!$B$8:$K$171,3,FALSE)*C$7,0) -> 1750 | D72: =_xlfn.IFNA(VLOOKUP($B72,Basisgetallen!$B$8:$K$171,4,FALSE)*D$7,0) -> 1875 | E72: =_xlfn.IFNA(VLOOKUP($B72,Basisgetallen!$B$8:$K$171,5,FALSE)*E$7,0) -> 812.5 | F72: =_xlfn.IFNA(VLOOKUP($B72,Basisgetallen!$B$8:$K$171,6,FALSE),0) -> 7500 | G72: =_xlfn.IFNA(VLOOKUP($B72,Basisgetallen!$B$8:$K$171,7,FALSE),0) -> 1 | H72: =_xlfn.IFNA(VLOOKUP($B72,Basisgetallen!$B$8:$K$171,8,FALSE),0) -> 0 | I72: =_xlfn.IFNA(VLOOKUP($B72,Basisgetallen!$B$8:$K$171,9,FALSE),0) -> 0 | J72: =_xlfn.IFNA(VLOOKUP($B72,Basisgetallen!$B$8:$K$171,10,FALSE),"geen opmerkingen") -> Het uitwerken van een communicatieplan en opzetten van groepsaankoop of andere ondersteuning
B73: Opstarten van verhuurders opvolging [opstartkost] | C73: =_xlfn.IFNA(VLOOKUP($B73,Basisgetallen!$B$8:$K$171,3,FALSE)*C$7,0) -> 1750 | D73: =_xlfn.IFNA(VLOOKUP($B73,Basisgetallen!$B$8:$K$171,4,FALSE)*D$7,0) -> 1500 | E73: =_xlfn.IFNA(VLOOKUP($B73,Basisgetallen!$B$8:$K$171,5,FALSE)*E$7,0) -> 0 | F73: =_xlfn.IFNA(VLOOKUP($B73,Basisgetallen!$B$8:$K$171,6,FALSE),0) -> 5000 | G73: =_xlfn.IFNA(VLOOKUP($B73,Basisgetallen!$B$8:$K$171,7,FALSE),0) -> 1 | H73: =_xlfn.IFNA(VLOOKUP($B73,Basisgetallen!$B$8:$K$171,8,FALSE),0) -> 0 | I73: =_xlfn.IFNA(VLOOKUP($B73,Basisgetallen!$B$8:$K$171,9,FALSE),0) -> 0 | J73: =_xlfn.IFNA(VLOOKUP($B73,Basisgetallen!$B$8:$K$171,10,FALSE),"geen opmerkingen") -> Het opstarten van een traject om meer vat te krijgen op de verhuurders. Zorgen dat ze bereikbaar zijn, eventuele regelgeving breed communiceren, …
C74: =_xlfn.IFNA(VLOOKUP($B74,Basisgetallen!$B$8:$K$171,3,FALSE)*C$7,0) -> 0 | D74: =_xlfn.IFNA(VLOOKUP($B74,Basisgetallen!$B$8:$K$171,4,FALSE)*D$7,0) -> 0 | E74: =_xlfn.IFNA(VLOOKUP($B74,Basisgetallen!$B$8:$K$171,5,FALSE)*E$7,0) -> 0 | F74: =_xlfn.IFNA(VLOOKUP($B74,Basisgetallen!$B$8:$K$171,6,FALSE),0) -> 0 | G74: =_xlfn.IFNA(VLOOKUP($B74,Basisgetallen!$B$8:$K$171,7,FALSE),0) -> 0 | H74: =_xlfn.IFNA(VLOOKUP($B74,Basisgetallen!$B$8:$K$171,8,FALSE),0) -> 0 | I74: =_xlfn.IFNA(VLOOKUP($B74,Basisgetallen!$B$8:$K$171,9,FALSE),0) -> 0 | J74: =_xlfn.IFNA(VLOOKUP($B74,Basisgetallen!$B$8:$K$171,10,FALSE),"geen opmerkingen") -> geen opmerkingen
C75: =_xlfn.IFNA(VLOOKUP($B75,Basisgetallen!$B$8:$K$171,3,FALSE)*C$7,0) -> 0 | D75: =_xlfn.IFNA(VLOOKUP($B75,Basisgetallen!$B$8:$K$171,4,FALSE)*D$7,0) -> 0 | E75: =_xlfn.IFNA(VLOOKUP($B75,Basisgetallen!$B$8:$K$171,5,FALSE)*E$7,0) -> 0 | F75: =_xlfn.IFNA(VLOOKUP($B75,Basisgetallen!$B$8:$K$171,6,FALSE),0) -> 0 | G75: =_xlfn.IFNA(VLOOKUP($B75,Basisgetallen!$B$8:$K$171,7,FALSE),0) -> 0 | H75: =_xlfn.IFNA(VLOOKUP($B75,Basisgetallen!$B$8:$K$171,8,FALSE),0) -> 0 | I75: =_xlfn.IFNA(VLOOKUP($B75,Basisgetallen!$B$8:$K$171,9,FALSE),0) -> 0 | J75: =_xlfn.IFNA(VLOOKUP($B75,Basisgetallen!$B$8:$K$171,10,FALSE),"geen opmerkingen") -> geen opmerkingen
C76: =_xlfn.IFNA(VLOOKUP($B76,Basisgetallen!$B$8:$K$171,3,FALSE)*C$7,0) -> 0 | D76: =_xlfn.IFNA(VLOOKUP($B76,Basisgetallen!$B$8:$K$171,4,FALSE)*D$7,0) -> 0 | E76: =_xlfn.IFNA(VLOOKUP($B76,Basisgetallen!$B$8:$K$171,5,FALSE)*E$7,0) -> 0 | F76: =_xlfn.IFNA(VLOOKUP($B76,Basisgetallen!$B$8:$K$171,6,FALSE),0) -> 0 | G76: =_xlfn.IFNA(VLOOKUP($B76,Basisgetallen!$B$8:$K$171,7,FALSE),0) -> 0 | H76: =_xlfn.IFNA(VLOOKUP($B76,Basisgetallen!$B$8:$K$171,8,FALSE),0) -> 0 | I76: =_xlfn.IFNA(VLOOKUP($B76,Basisgetallen!$B$8:$K$171,9,FALSE),0) -> 0 | J76: =_xlfn.IFNA(VLOOKUP($B76,Basisgetallen!$B$8:$K$171,10,FALSE),"geen opmerkingen") -> geen opmerkingen
C77: =_xlfn.IFNA(VLOOKUP($B77,Basisgetallen!$B$8:$K$171,3,FALSE)*C$7,0) -> 0 | D77: =_xlfn.IFNA(VLOOKUP($B77,Basisgetallen!$B$8:$K$171,4,FALSE)*D$7,0) -> 0 | E77: =_xlfn.IFNA(VLOOKUP($B77,Basisgetallen!$B$8:$K$171,5,FALSE)*E$7,0) -> 0 | F77: =_xlfn.IFNA(VLOOKUP($B77,Basisgetallen!$B$8:$K$171,6,FALSE),0) -> 0 | G77: =_xlfn.IFNA(VLOOKUP($B77,Basisgetallen!$B$8:$K$171,7,FALSE),0) -> 0 | H77: =_xlfn.IFNA(VLOOKUP($B77,Basisgetallen!$B$8:$K$171,8,FALSE),0) -> 0 | I77: =_xlfn.IFNA(VLOOKUP($B77,Basisgetallen!$B$8:$K$171,9,FALSE),0) -> 0 | J77: =_xlfn.IFNA(VLOOKUP($B77,Basisgetallen!$B$8:$K$171,10,FALSE),"geen opmerkingen") -> geen opmerkingen
C78: =_xlfn.IFNA(VLOOKUP($B78,Basisgetallen!$B$8:$K$171,3,FALSE)*C$7,0) -> 0 | D78: =_xlfn.IFNA(VLOOKUP($B78,Basisgetallen!$B$8:$K$171,4,FALSE)*D$7,0) -> 0 | E78: =_xlfn.IFNA(VLOOKUP($B78,Basisgetallen!$B$8:$K$171,5,FALSE)*E$7,0) -> 0 | F78: =_xlfn.IFNA(VLOOKUP($B78,Basisgetallen!$B$8:$K$171,6,FALSE),0) -> 0 | G78: =_xlfn.IFNA(VLOOKUP($B78,Basisgetallen!$B$8:$K$171,7,FALSE),0) -> 0 | H78: =_xlfn.IFNA(VLOOKUP($B78,Basisgetallen!$B$8:$K$171,8,FALSE),0) -> 0 | I78: =_xlfn.IFNA(VLOOKUP($B78,Basisgetallen!$B$8:$K$171,9,FALSE),0) -> 0 | J78: =_xlfn.IFNA(VLOOKUP($B78,Basisgetallen!$B$8:$K$171,10,FALSE),"geen opmerkingen") -> geen opmerkingen
C79: =_xlfn.IFNA(VLOOKUP($B79,Basisgetallen!$B$8:$K$171,3,FALSE)*C$7,0) -> 0 | D79: =_xlfn.IFNA(VLOOKUP($B79,Basisgetallen!$B$8:$K$171,4,FALSE)*D$7,0) -> 0 | E79: =_xlfn.IFNA(VLOOKUP($B79,Basisgetallen!$B$8:$K$171,5,FALSE)*E$7,0) -> 0 | F79: =_xlfn.IFNA(VLOOKUP($B79,Basisgetallen!$B$8:$K$171,6,FALSE),0) -> 0 | G79: =_xlfn.IFNA(VLOOKUP($B79,Basisgetallen!$B$8:$K$171,7,FALSE),0) -> 0 | H79: =_xlfn.IFNA(VLOOKUP($B79,Basisgetallen!$B$8:$K$171,8,FALSE),0) -> 0 | I79: =_xlfn.IFNA(VLOOKUP($B79,Basisgetallen!$B$8:$K$171,9,FALSE),0) -> 0 | J79: =_xlfn.IFNA(VLOOKUP($B79,Basisgetallen!$B$8:$K$171,10,FALSE),"geen opmerkingen") -> geen opmerkingen
C80: =_xlfn.IFNA(VLOOKUP($B80,Basisgetallen!$B$8:$K$171,3,FALSE)*C$7,0) -> 0 | D80: =_xlfn.IFNA(VLOOKUP($B80,Basisgetallen!$B$8:$K$171,4,FALSE)*D$7,0) -> 0 | E80: =_xlfn.IFNA(VLOOKUP($B80,Basisgetallen!$B$8:$K$171,5,FALSE)*E$7,0) -> 0 | F80: =_xlfn.IFNA(VLOOKUP($B80,Basisgetallen!$B$8:$K$171,6,FALSE),0) -> 0 | G80: =_xlfn.IFNA(VLOOKUP($B80,Basisgetallen!$B$8:$K$171,7,FALSE),0) -> 0 | H80: =_xlfn.IFNA(VLOOKUP($B80,Basisgetallen!$B$8:$K$171,8,FALSE),0) -> 0 | I80: =_xlfn.IFNA(VLOOKUP($B80,Basisgetallen!$B$8:$K$171,9,FALSE),0) -> 0 | J80: =_xlfn.IFNA(VLOOKUP($B80,Basisgetallen!$B$8:$K$171,10,FALSE),"geen opmerkingen") -> geen opmerkingen
C81: =_xlfn.IFNA(VLOOKUP($B81,Basisgetallen!$B$8:$K$171,3,FALSE)*C$7,0) -> 0 | D81: =_xlfn.IFNA(VLOOKUP($B81,Basisgetallen!$B$8:$K$171,4,FALSE)*D$7,0) -> 0 | E81: =_xlfn.IFNA(VLOOKUP($B81,Basisgetallen!$B$8:$K$171,5,FALSE)*E$7,0) -> 0 | F81: =_xlfn.IFNA(VLOOKUP($B81,Basisgetallen!$B$8:$K$171,6,FALSE),0) -> 0 | G81: =_xlfn.IFNA(VLOOKUP($B81,Basisgetallen!$B$8:$K$171,7,FALSE),0) -> 0 | H81: =_xlfn.IFNA(VLOOKUP($B81,Basisgetallen!$B$8:$K$171,8,FALSE),0) -> 0 | I81: =_xlfn.IFNA(VLOOKUP($B81,Basisgetallen!$B$8:$K$171,9,FALSE),0) -> 0 | J81: =_xlfn.IFNA(VLOOKUP($B81,Basisgetallen!$B$8:$K$171,10,FALSE),"geen opmerkingen") -> geen opmerkingen
C82: =_xlfn.IFNA(VLOOKUP($B82,Basisgetallen!$B$8:$K$171,3,FALSE)*C$7,0) -> 0 | D82: =_xlfn.IFNA(VLOOKUP($B82,Basisgetallen!$B$8:$K$171,4,FALSE)*D$7,0) -> 0 | E82: =_xlfn.IFNA(VLOOKUP($B82,Basisgetallen!$B$8:$K$171,5,FALSE)*E$7,0) -> 0 | F82: =_xlfn.IFNA(VLOOKUP($B82,Basisgetallen!$B$8:$K$171,6,FALSE),0) -> 0 | G82: =_xlfn.IFNA(VLOOKUP($B82,Basisgetallen!$B$8:$K$171,7,FALSE),0) -> 0 | H82: =_xlfn.IFNA(VLOOKUP($B82,Basisgetallen!$B$8:$K$171,8,FALSE),0) -> 0 | I82: =_xlfn.IFNA(VLOOKUP($B82,Basisgetallen!$B$8:$K$171,9,FALSE),0) -> 0 | J82: =_xlfn.IFNA(VLOOKUP($B82,Basisgetallen!$B$8:$K$171,10,FALSE),"geen opmerkingen") -> geen opmerkingen
C83: =_xlfn.IFNA(VLOOKUP($B83,Basisgetallen!$B$8:$K$171,3,FALSE)*C$7,0) -> 0 | D83: =_xlfn.IFNA(VLOOKUP($B83,Basisgetallen!$B$8:$K$171,4,FALSE)*D$7,0) -> 0 | E83: =_xlfn.IFNA(VLOOKUP($B83,Basisgetallen!$B$8:$K$171,5,FALSE)*E$7,0) -> 0 | F83: =_xlfn.IFNA(VLOOKUP($B83,Basisgetallen!$B$8:$K$171,6,FALSE),0) -> 0 | G83: =_xlfn.IFNA(VLOOKUP($B83,Basisgetallen!$B$8:$K$171,7,FALSE),0) -> 0 | H83: =_xlfn.IFNA(VLOOKUP($B83,Basisgetallen!$B$8:$K$171,8,FALSE),0) -> 0 | I83: =_xlfn.IFNA(VLOOKUP($B83,Basisgetallen!$B$8:$K$171,9,FALSE),0) -> 0 | J83: =_xlfn.IFNA(VLOOKUP($B83,Basisgetallen!$B$8:$K$171,10,FALSE),"geen opmerkingen") -> geen opmerkingen
C84: =_xlfn.IFNA(VLOOKUP($B84,Basisgetallen!$B$8:$K$171,3,FALSE)*C$7,0) -> 0 | D84: =_xlfn.IFNA(VLOOKUP($B84,Basisgetallen!$B$8:$K$171,4,FALSE)*D$7,0) -> 0 | E84: =_xlfn.IFNA(VLOOKUP($B84,Basisgetallen!$B$8:$K$171,5,FALSE)*E$7,0) -> 0 | F84: =_xlfn.IFNA(VLOOKUP($B84,Basisgetallen!$B$8:$K$171,6,FALSE),0) -> 0 | G84: =_xlfn.IFNA(VLOOKUP($B84,Basisgetallen!$B$8:$K$171,7,FALSE),0) -> 0 | H84: =_xlfn.IFNA(VLOOKUP($B84,Basisgetallen!$B$8:$K$171,8,FALSE),0) -> 0 | I84: =_xlfn.IFNA(VLOOKUP($B84,Basisgetallen!$B$8:$K$171,9,FALSE),0) -> 0 | J84: =_xlfn.IFNA(VLOOKUP($B84,Basisgetallen!$B$8:$K$171,10,FALSE),"geen opmerkingen") -> geen opmerkingen
C85: =_xlfn.IFNA(VLOOKUP($B85,Basisgetallen!$B$8:$K$171,3,FALSE)*C$7,0) -> 0 | D85: =_xlfn.IFNA(VLOOKUP($B85,Basisgetallen!$B$8:$K$171,4,FALSE)*D$7,0) -> 0 | E85: =_xlfn.IFNA(VLOOKUP($B85,Basisgetallen!$B$8:$K$171,5,FALSE)*E$7,0) -> 0 | F85: =_xlfn.IFNA(VLOOKUP($B85,Basisgetallen!$B$8:$K$171,6,FALSE),0) -> 0 | G85: =_xlfn.IFNA(VLOOKUP($B85,Basisgetallen!$B$8:$K$171,7,FALSE),0) -> 0 | H85: =_xlfn.IFNA(VLOOKUP($B85,Basisgetallen!$B$8:$K$171,8,FALSE),0) -> 0 | I85: =_xlfn.IFNA(VLOOKUP($B85,Basisgetallen!$B$8:$K$171,9,FALSE),0) -> 0 | J85: =_xlfn.IFNA(VLOOKUP($B85,Basisgetallen!$B$8:$K$171,10,FALSE),"geen opmerkingen") -> geen opmerkingen
... C93: =_xlfn.IFNA(VLOOKUP($B93,Basisgetallen!$B$8:$K$171,3,FALSE)*C$7,0) -> 0 | D93: =_xlfn.IFNA(VLOOKUP($B93,Basisgetallen!$B$8:$K$171,4,FALSE)*D$7,0) -> 0 | E93: =_xlfn.IFNA(VLOOKUP($B93,Basisgetallen!$B$8:$K$171,5,FALSE)*E$7,0) -> 0 | F93: =_xlfn.IFNA(VLOOKUP($B93,Basisgetallen!$B$8:$K$171,6,FALSE),0) -> 0 | G93: =_xlfn.IFNA(VLOOKUP($B93,Basisgetallen!$B$8:$K$171,7,FALSE),0) -> 0 | H93: =_xlfn.IFNA(VLOOKUP($B93,Basisgetallen!$B$8:$K$171,8,FALSE),0) -> 0 | I93: =_xlfn.IFNA(VLOOKUP($B93,Basisgetallen!$B$8:$K$171,9,FALSE),0) -> 0 | J93: =_xlfn.IFNA(VLOOKUP($B93,Basisgetallen!$B$8:$K$171,10,FALSE),"geen opmerkingen") -> geen opmerkingen
A94: Organisatie warmtebeleid: pijler Mens en organisatie | C94: =_xlfn.IFNA(VLOOKUP($B94,Basisgetallen!$B$8:$K$171,3,FALSE)*C$7,0) -> 0 | D94: =_xlfn.IFNA(VLOOKUP($B94,Basisgetallen!$B$8:$K$171,4,FALSE)*D$7,0) -> 0 | E94: =_xlfn.IFNA(VLOOKUP($B94,Basisgetallen!$B$8:$K$171,5,FALSE)*E$7,0) -> 0 | F94: =_xlfn.IFNA(VLOOKUP($B94,Basisgetallen!$B$8:$K$171,6,FALSE),0) -> 0 | G94: =_xlfn.IFNA(VLOOKUP($B94,Basisgetallen!$B$8:$K$171,7,FALSE),0) -> 0 | H94: =_xlfn.IFNA(VLOOKUP($B94,Basisgetallen!$B$8:$K$171,8,FALSE),0) -> 0 | I94: =_xlfn.IFNA(VLOOKUP($B94,Basisgetallen!$B$8:$K$171,9,FALSE),0) -> 0 | J94: =_xlfn.IFNA(VLOOKUP($B94,Basisgetallen!$B$8:$K$171,10,FALSE),"geen opmerkingen") -> geen opmerkingen
B95: {=_xlfn.UNIQUE(_xlfn._xlws.FILTER(Basisgetallen!B89:B104,Basisgetallen!B89:B104<>""))} -> Opleiding andere diensten - basiskennis en verwijzingssystemen [per kalenderjaar] | C95: =_xlfn.IFNA(VLOOKUP($B95,Basisgetallen!$B$8:$K$171,3,FALSE)*C$7,0) -> 875 | D95: =_xlfn.IFNA(VLOOKUP($B95,Basisgetallen!$B$8:$K$171,4,FALSE)*D$7,0) -> 375 | E95: =_xlfn.IFNA(VLOOKUP($B95,Basisgetallen!$B$8:$K$171,5,FALSE)*E$7,0) -> 0 | F95: =_xlfn.IFNA(VLOOKUP($B95,Basisgetallen!$B$8:$K$171,6,FALSE),0) -> 1000 | G95: =_xlfn.IFNA(VLOOKUP($B95,Basisgetallen!$B$8:$K$171,7,FALSE),0) -> 1 | H95: =_xlfn.IFNA(VLOOKUP($B95,Basisgetallen!$B$8:$K$171,8,FALSE),0) -> 0 | I95: =_xlfn.IFNA(VLOOKUP($B95,Basisgetallen!$B$8:$K$171,9,FALSE),0) -> 0 | J95: =_xlfn.IFNA(VLOOKUP($B95,Basisgetallen!$B$8:$K$171,10,FALSE),"geen opmerkingen") -> Opleidingsdagen, bv via VVSG volgen
B96: Team & taakplanning [per kalenderjaar] | C96: =_xlfn.IFNA(VLOOKUP($B96,Basisgetallen!$B$8:$K$171,3,FALSE)*C$7,0) -> 1312.5 | D96: =_xlfn.IFNA(VLOOKUP($B96,Basisgetallen!$B$8:$K$171,4,FALSE)*D$7,0) -> 0 | E96: =_xlfn.IFNA(VLOOKUP($B96,Basisgetallen!$B$8:$K$171,5,FALSE)*E$7,0) -> 0 | F96: =_xlfn.IFNA(VLOOKUP($B96,Basisgetallen!$B$8:$K$171,6,FALSE),0) -> 0 | G96: =_xlfn.IFNA(VLOOKUP($B96,Basisgetallen!$B$8:$K$171,7,FALSE),0) -> 1 | H96: =_xlfn.IFNA(VLOOKUP($B96,Basisgetallen!$B$8:$K$171,8,FALSE),0) -> 0 | I96: =_xlfn.IFNA(VLOOKUP($B96,Basisgetallen!$B$8:$K$171,9,FALSE),0) -> 0 | J96: =_xlfn.IFNA(VLOOKUP($B96,Basisgetallen!$B$8:$K$171,10,FALSE),"geen opmerkingen") -> Jaarplanning opmaken en beheren door 1 aangestelde coördinatir
B97: reserve | C97: =_xlfn.IFNA(VLOOKUP($B97,Basisgetallen!$B$8:$K$171,3,FALSE)*C$7,0) -> 0 | D97: =_xlfn.IFNA(VLOOKUP($B97,Basisgetallen!$B$8:$K$171,4,FALSE)*D$7,0) -> 0 | E97: =_xlfn.IFNA(VLOOKUP($B97,Basisgetallen!$B$8:$K$171,5,FALSE)*E$7,0) -> 0 | F97: =_xlfn.IFNA(VLOOKUP($B97,Basisgetallen!$B$8:$K$171,6,FALSE),0) -> 0 | G97: =_xlfn.IFNA(VLOOKUP($B97,Basisgetallen!$B$8:$K$171,7,FALSE),0) -> 1 | H97: =_xlfn.IFNA(VLOOKUP($B97,Basisgetallen!$B$8:$K$171,8,FALSE),0) -> 0 | I97: =_xlfn.IFNA(VLOOKUP($B97,Basisgetallen!$B$8:$K$171,9,FALSE),0) -> 0 | J97: =_xlfn.IFNA(VLOOKUP($B97,Basisgetallen!$B$8:$K$171,10,FALSE),"geen opmerkingen") -> 0
C98: =_xlfn.IFNA(VLOOKUP($B98,Basisgetallen!$B$8:$K$171,3,FALSE)*C$7,0) -> 0 | D98: =_xlfn.IFNA(VLOOKUP($B98,Basisgetallen!$B$8:$K$171,4,FALSE)*D$7,0) -> 0 | E98: =_xlfn.IFNA(VLOOKUP($B98,Basisgetallen!$B$8:$K$171,5,FALSE)*E$7,0) -> 0 | F98: =_xlfn.IFNA(VLOOKUP($B98,Basisgetallen!$B$8:$K$171,6,FALSE),0) -> 0 | G98: =_xlfn.IFNA(VLOOKUP($B98,Basisgetallen!$B$8:$K$171,7,FALSE),0) -> 0 | H98: =_xlfn.IFNA(VLOOKUP($B98,Basisgetallen!$B$8:$K$171,8,FALSE),0) -> 0 | I98: =_xlfn.IFNA(VLOOKUP($B98,Basisgetallen!$B$8:$K$171,9,FALSE),0) -> 0 | J98: =_xlfn.IFNA(VLOOKUP($B98,Basisgetallen!$B$8:$K$171,10,FALSE),"geen opmerkingen") -> geen opmerkingen
C99: =_xlfn.IFNA(VLOOKUP($B99,Basisgetallen!$B$8:$K$171,3,FALSE)*C$7,0) -> 0 | D99: =_xlfn.IFNA(VLOOKUP($B99,Basisgetallen!$B$8:$K$171,4,FALSE)*D$7,0) -> 0 | E99: =_xlfn.IFNA(VLOOKUP($B99,Basisgetallen!$B$8:$K$171,5,FALSE)*E$7,0) -> 0 | F99: =_xlfn.IFNA(VLOOKUP($B99,Basisgetallen!$B$8:$K$171,6,FALSE),0) -> 0 | G99: =_xlfn.IFNA(VLOOKUP($B99,Basisgetallen!$B$8:$K$171,7,FALSE),0) -> 0 | H99: =_xlfn.IFNA(VLOOKUP($B99,Basisgetallen!$B$8:$K$171,8,FALSE),0) -> 0 | I99: =_xlfn.IFNA(VLOOKUP($B99,Basisgetallen!$B$8:$K$171,9,FALSE),0) -> 0 | J99: =_xlfn.IFNA(VLOOKUP($B99,Basisgetallen!$B$8:$K$171,10,FALSE),"geen opmerkingen") -> geen opmerkingen
C100: =_xlfn.IFNA(VLOOKUP($B100,Basisgetallen!$B$8:$K$171,3,FALSE)*C$7,0) -> 0 | D100: =_xlfn.IFNA(VLOOKUP($B100,Basisgetallen!$B$8:$K$171,4,FALSE)*D$7,0) -> 0 | E100: =_xlfn.IFNA(VLOOKUP($B100,Basisgetallen!$B$8:$K$171,5,FALSE)*E$7,0) -> 0 | F100: =_xlfn.IFNA(VLOOKUP($B100,Basisgetallen!$B$8:$K$171,6,FALSE),0) -> 0 | G100: =_xlfn.IFNA(VLOOKUP($B100,Basisgetallen!$B$8:$K$171,7,FALSE),0) -> 0 | H100: =_xlfn.IFNA(VLOOKUP($B100,Basisgetallen!$B$8:$K$171,8,FALSE),0) -> 0 | I100: =_xlfn.IFNA(VLOOKUP($B100,Basisgetallen!$B$8:$K$171,9,FALSE),0) -> 0 | J100: =_xlfn.IFNA(VLOOKUP($B100,Basisgetallen!$B$8:$K$171,10,FALSE),"geen opmerkingen") -> geen opmerkingen
C101: =_xlfn.IFNA(VLOOKUP($B101,Basisgetallen!$B$8:$K$171,3,FALSE)*C$7,0) -> 0 | D101: =_xlfn.IFNA(VLOOKUP($B101,Basisgetallen!$B$8:$K$171,4,FALSE)*D$7,0) -> 0 | E101: =_xlfn.IFNA(VLOOKUP($B101,Basisgetallen!$B$8:$K$171,5,FALSE)*E$7,0) -> 0 | F101: =_xlfn.IFNA(VLOOKUP($B101,Basisgetallen!$B$8:$K$171,6,FALSE),0) -> 0 | G101: =_xlfn.IFNA(VLOOKUP($B101,Basisgetallen!$B$8:$K$171,7,FALSE),0) -> 0 | H101: =_xlfn.IFNA(VLOOKUP($B101,Basisgetallen!$B$8:$K$171,8,FALSE),0) -> 0 | I101: =_xlfn.IFNA(VLOOKUP($B101,Basisgetallen!$B$8:$K$171,9,FALSE),0) -> 0 | J101: =_xlfn.IFNA(VLOOKUP($B101,Basisgetallen!$B$8:$K$171,10,FALSE),"geen opmerkingen") -> geen opmerkingen
C102: =_xlfn.IFNA(VLOOKUP($B102,Basisgetallen!$B$8:$K$171,3,FALSE)*C$7,0) -> 0 | D102: =_xlfn.IFNA(VLOOKUP($B102,Basisgetallen!$B$8:$K$171,4,FALSE)*D$7,0) -> 0 | E102: =_xlfn.IFNA(VLOOKUP($B102,Basisgetallen!$B$8:$K$171,5,FALSE)*E$7,0) -> 0 | F102: =_xlfn.IFNA(VLOOKUP($B102,Basisgetallen!$B$8:$K$171,6,FALSE),0) -> 0 | G102: =_xlfn.IFNA(VLOOKUP($B102,Basisgetallen!$B$8:$K$171,7,FALSE),0) -> 0 | H102: =_xlfn.IFNA(VLOOKUP($B102,Basisgetallen!$B$8:$K$171,8,FALSE),0) -> 0 | I102: =_xlfn.IFNA(VLOOKUP($B102,Basisgetallen!$B$8:$K$171,9,FALSE),0) -> 0 | J102: =_xlfn.IFNA(VLOOKUP($B102,Basisgetallen!$B$8:$K$171,10,FALSE),"geen opmerkingen") -> geen opmerkingen
C103: =_xlfn.IFNA(VLOOKUP($B103,Basisgetallen!$B$8:$K$171,3,FALSE)*C$7,0) -> 0 | D103: =_xlfn.IFNA(VLOOKUP($B103,Basisgetallen!$B$8:$K$171,4,FALSE)*D$7,0) -> 0 | E103: =_xlfn.IFNA(VLOOKUP($B103,Basisgetallen!$B$8:$K$171,5,FALSE)*E$7,0) -> 0 | F103: =_xlfn.IFNA(VLOOKUP($B103,Basisgetallen!$B$8:$K$171,6,FALSE),0) -> 0 | G103: =_xlfn.IFNA(VLOOKUP($B103,Basisgetallen!$B$8:$K$171,7,FALSE),0) -> 0 | H103: =_xlfn.IFNA(VLOOKUP($B103,Basisgetallen!$B$8:$K$171,8,FALSE),0) -> 0 | I103: =_xlfn.IFNA(VLOOKUP($B103,Basisgetallen!$B$8:$K$171,9,FALSE),0) -> 0 | J103: =_xlfn.IFNA(VLOOKUP($B103,Basisgetallen!$B$8:$K$171,10,FALSE),"geen opmerkingen") -> geen opmerkingen
C104: =_xlfn.IFNA(VLOOKUP($B104,Basisgetallen!$B$8:$K$171,3,FALSE)*C$7,0) -> 0 | D104: =_xlfn.IFNA(VLOOKUP($B104,Basisgetallen!$B$8:$K$171,4,FALSE)*D$7,0) -> 0 | E104: =_xlfn.IFNA(VLOOKUP($B104,Basisgetallen!$B$8:$K$171,5,FALSE)*E$7,0) -> 0 | F104: =_xlfn.IFNA(VLOOKUP($B104,Basisgetallen!$B$8:$K$171,6,FALSE),0) -> 0 | G104: =_xlfn.IFNA(VLOOKUP($B104,Basisgetallen!$B$8:$K$171,7,FALSE),0) -> 0 | H104: =_xlfn.IFNA(VLOOKUP($B104,Basisgetallen!$B$8:$K$171,8,FALSE),0) -> 0 | I104: =_xlfn.IFNA(VLOOKUP($B104,Basisgetallen!$B$8:$K$171,9,FALSE),0) -> 0 | J104: =_xlfn.IFNA(VLOOKUP($B104,Basisgetallen!$B$8:$K$171,10,FALSE),"geen opmerkingen") -> geen opmerkingen
C105: =_xlfn.IFNA(VLOOKUP($B105,Basisgetallen!$B$8:$K$171,3,FALSE)*C$7,0) -> 0 | D105: =_xlfn.IFNA(VLOOKUP($B105,Basisgetallen!$B$8:$K$171,4,FALSE)*D$7,0) -> 0 | E105: =_xlfn.IFNA(VLOOKUP($B105,Basisgetallen!$B$8:$K$171,5,FALSE)*E$7,0) -> 0 | F105: =_xlfn.IFNA(VLOOKUP($B105,Basisgetallen!$B$8:$K$171,6,FALSE),0) -> 0 | G105: =_xlfn.IFNA(VLOOKUP($B105,Basisgetallen!$B$8:$K$171,7,FALSE),0) -> 0 | H105: =_xlfn.IFNA(VLOOKUP($B105,Basisgetallen!$B$8:$K$171,8,FALSE),0) -> 0 | I105: =_xlfn.IFNA(VLOOKUP($B105,Basisgetallen!$B$8:$K$171,9,FALSE),0) -> 0 | J105: =_xlfn.IFNA(VLOOKUP($B105,Basisgetallen!$B$8:$K$171,10,FALSE),"geen opmerkingen") -> geen opmerkingen
C106: =_xlfn.IFNA(VLOOKUP($B106,Basisgetallen!$B$8:$K$171,3,FALSE)*C$7,0) -> 0 | D106: =_xlfn.IFNA(VLOOKUP($B106,Basisgetallen!$B$8:$K$171,4,FALSE)*D$7,0) -> 0 | E106: =_xlfn.IFNA(VLOOKUP($B106,Basisgetallen!$B$8:$K$171,5,FALSE)*E$7,0) -> 0 | F106: =_xlfn.IFNA(VLOOKUP($B106,Basisgetallen!$B$8:$K$171,6,FALSE),0) -> 0 | G106: =_xlfn.IFNA(VLOOKUP($B106,Basisgetallen!$B$8:$K$171,7,FALSE),0) -> 0 | H106: =_xlfn.IFNA(VLOOKUP($B106,Basisgetallen!$B$8:$K$171,8,FALSE),0) -> 0 | I106: =_xlfn.IFNA(VLOOKUP($B106,Basisgetallen!$B$8:$K$171,9,FALSE),0) -> 0 | J106: =_xlfn.IFNA(VLOOKUP($B106,Basisgetallen!$B$8:$K$171,10,FALSE),"geen opmerkingen") -> geen opmerkingen
C107: =_xlfn.IFNA(VLOOKUP($B107,Basisgetallen!$B$8:$K$171,3,FALSE)*C$7,0) -> 0 | D107: =_xlfn.IFNA(VLOOKUP($B107,Basisgetallen!$B$8:$K$171,4,FALSE)*D$7,0) -> 0 | E107: =_xlfn.IFNA(VLOOKUP($B107,Basisgetallen!$B$8:$K$171,5,FALSE)*E$7,0) -> 0 | F107: =_xlfn.IFNA(VLOOKUP($B107,Basisgetallen!$B$8:$K$171,6,FALSE),0) -> 0 | G107: =_xlfn.IFNA(VLOOKUP($B107,Basisgetallen!$B$8:$K$171,7,FALSE),0) -> 0 | H107: =_xlfn.IFNA(VLOOKUP($B107,Basisgetallen!$B$8:$K$171,8,FALSE),0) -> 0 | I107: =_xlfn.IFNA(VLOOKUP($B107,Basisgetallen!$B$8:$K$171,9,FALSE),0) -> 0 | J107: =_xlfn.IFNA(VLOOKUP($B107,Basisgetallen!$B$8:$K$171,10,FALSE),"geen opmerkingen") -> geen opmerkingen
C108: =_xlfn.IFNA(VLOOKUP($B108,Basisgetallen!$B$8:$K$171,3,FALSE)*C$7,0) -> 0 | D108: =_xlfn.IFNA(VLOOKUP($B108,Basisgetallen!$B$8:$K$171,4,FALSE)*D$7,0) -> 0 | E108: =_xlfn.IFNA(VLOOKUP($B108,Basisgetallen!$B$8:$K$171,5,FALSE)*E$7,0) -> 0 | F108: =_xlfn.IFNA(VLOOKUP($B108,Basisgetallen!$B$8:$K$171,6,FALSE),0) -> 0 | G108: =_xlfn.IFNA(VLOOKUP($B108,Basisgetallen!$B$8:$K$171,7,FALSE),0) -> 0 | H108: =_xlfn.IFNA(VLOOKUP($B108,Basisgetallen!$B$8:$K$171,8,FALSE),0) -> 0 | I108: =_xlfn.IFNA(VLOOKUP($B108,Basisgetallen!$B$8:$K$171,9,FALSE),0) -> 0 | J108: =_xlfn.IFNA(VLOOKUP($B108,Basisgetallen!$B$8:$K$171,10,FALSE),"geen opmerkingen") -> geen opmerkingen
C109: =_xlfn.IFNA(VLOOKUP($B109,Basisgetallen!$B$8:$K$171,3,FALSE)*C$7,0) -> 0 | D109: =_xlfn.IFNA(VLOOKUP($B109,Basisgetallen!$B$8:$K$171,4,FALSE)*D$7,0) -> 0 | E109: =_xlfn.IFNA(VLOOKUP($B109,Basisgetallen!$B$8:$K$171,5,FALSE)*E$7,0) -> 0 | F109: =_xlfn.IFNA(VLOOKUP($B109,Basisgetallen!$B$8:$K$171,6,FALSE),0) -> 0 | G109: =_xlfn.IFNA(VLOOKUP($B109,Basisgetallen!$B$8:$K$171,7,FALSE),0) -> 0 | H109: =_xlfn.IFNA(VLOOKUP($B109,Basisgetallen!$B$8:$K$171,8,FALSE),0) -> 0 | I109: =_xlfn.IFNA(VLOOKUP($B109,Basisgetallen!$B$8:$K$171,9,FALSE),0) -> 0 | J109: =_xlfn.IFNA(VLOOKUP($B109,Basisgetallen!$B$8:$K$171,10,FALSE),"geen opmerkingen") -> geen opmerkingen
C110: =_xlfn.IFNA(VLOOKUP($B110,Basisgetallen!$B$8:$K$171,3,FALSE)*C$7,0) -> 0 | D110: =_xlfn.IFNA(VLOOKUP($B110,Basisgetallen!$B$8:$K$171,4,FALSE)*D$7,0) -> 0 | E110: =_xlfn.IFNA(VLOOKUP($B110,Basisgetallen!$B$8:$K$171,5,FALSE)*E$7,0) -> 0 | F110: =_xlfn.IFNA(VLOOKUP($B110,Basisgetallen!$B$8:$K$171,6,FALSE),0) -> 0 | G110: =_xlfn.IFNA(VLOOKUP($B110,Basisgetallen!$B$8:$K$171,7,FALSE),0) -> 0 | H110: =_xlfn.IFNA(VLOOKUP($B110,Basisgetallen!$B$8:$K$171,8,FALSE),0) -> 0 | I110: =_xlfn.IFNA(VLOOKUP($B110,Basisgetallen!$B$8:$K$171,9,FALSE),0) -> 0 | J110: =_xlfn.IFNA(VLOOKUP($B110,Basisgetallen!$B$8:$K$171,10,FALSE),"geen opmerkingen") -> geen opmerkingen
A111: Organisatie warmtebeleid: pijler Middelen en financiering | C111: =_xlfn.IFNA(VLOOKUP($B111,Basisgetallen!$B$8:$K$171,3,FALSE)*C$7,0) -> 0 | D111: =_xlfn.IFNA(VLOOKUP($B111,Basisgetallen!$B$8:$K$171,4,FALSE)*D$7,0) -> 0 | E111: =_xlfn.IFNA(VLOOKUP($B111,Basisgetallen!$B$8:$K$171,5,FALSE)*E$7,0) -> 0 | F111: =_xlfn.IFNA(VLOOKUP($B111,Basisgetallen!$B$8:$K$171,6,FALSE),0) -> 0 | G111: =_xlfn.IFNA(VLOOKUP($B111,Basisgetallen!$B$8:$K$171,7,FALSE),0) -> 0 | H111: =_xlfn.IFNA(VLOOKUP($B111,Basisgetallen!$B$8:$K$171,8,FALSE),0) -> 0 | I111: =_xlfn.IFNA(VLOOKUP($B111,Basisgetallen!$B$8:$K$171,9,FALSE),0) -> 0 | J111: =_xlfn.IFNA(VLOOKUP($B111,Basisgetallen!$B$8:$K$171,10,FALSE),"geen opmerkingen") -> geen opmerkingen
B112: {=_xlfn.UNIQUE(_xlfn._xlws.FILTER(Basisgetallen!B106:B124,Basisgetallen!B106:B124<>""))} -> Financiële Opvolging realisatie Meerjarenplan/ beleidsplan [per kalenderjaar] | C112: =_xlfn.IFNA(VLOOKUP($B112,Basisgetallen!$B$8:$K$171,3,FALSE)*C$7,0) -> 3500 | D112: =_xlfn.IFNA(VLOOKUP($B112,Basisgetallen!$B$8:$K$171,4,FALSE)*D$7,0) -> 1875 | E112: =_xlfn.IFNA(VLOOKUP($B112,Basisgetallen!$B$8:$K$171,5,FALSE)*E$7,0) -> 0 | F112: =_xlfn.IFNA(VLOOKUP($B112,Basisgetallen!$B$8:$K$171,6,FALSE),0) -> 0 | G112: =_xlfn.IFNA(VLOOKUP($B112,Basisgetallen!$B$8:$K$171,7,FALSE),0) -> 1 | H112: =_xlfn.IFNA(VLOOKUP($B112,Basisgetallen!$B$8:$K$171,8,FALSE),0) -> 0 | I112: =_xlfn.IFNA(VLOOKUP($B112,Basisgetallen!$B$8:$K$171,9,FALSE),0) -> 0 | J112: =_xlfn.IFNA(VLOOKUP($B112,Basisgetallen!$B$8:$K$171,10,FALSE),"geen opmerkingen") -> Gemiddelde jaarkost om begroting up to date te houden en financiële rapportering te doen
B113: Middelen aantrekken [per kalenderjaar] | C113: =_xlfn.IFNA(VLOOKUP($B113,Basisgetallen!$B$8:$K$171,3,FALSE)*C$7,0) -> 2187.5 | D113: =_xlfn.IFNA(VLOOKUP($B113,Basisgetallen!$B$8:$K$171,4,FALSE)*D$7,0) -> 375 | E113: =_xlfn.IFNA(VLOOKUP($B113,Basisgetallen!$B$8:$K$171,5,FALSE)*E$7,0) -> 2843.75 | F113: =_xlfn.IFNA(VLOOKUP($B113,Basisgetallen!$B$8:$K$171,6,FALSE),0) -> 0 | G113: =_xlfn.IFNA(VLOOKUP($B113,Basisgetallen!$B$8:$K$171,7,FALSE),0) -> 1 | H113: =_xlfn.IFNA(VLOOKUP($B113,Basisgetallen!$B$8:$K$171,8,FALSE),0) -> 0 | I113: =_xlfn.IFNA(VLOOKUP($B113,Basisgetallen!$B$8:$K$171,9,FALSE),0) -> 0 | J113: =_xlfn.IFNA(VLOOKUP($B113,Basisgetallen!$B$8:$K$171,10,FALSE),"geen opmerkingen") -> Jaarkost om middelen aan te trekken, bestaande uit het opvolgen van calls en subsidies en het schrijven van 1 dossier voor subsidies
B114: reserve | C114: =_xlfn.IFNA(VLOOKUP($B114,Basisgetallen!$B$8:$K$171,3,FALSE)*C$7,0) -> 0 | D114: =_xlfn.IFNA(VLOOKUP($B114,Basisgetallen!$B$8:$K$171,4,FALSE)*D$7,0) -> 0 | E114: =_xlfn.IFNA(VLOOKUP($B114,Basisgetallen!$B$8:$K$171,5,FALSE)*E$7,0) -> 0 | F114: =_xlfn.IFNA(VLOOKUP($B114,Basisgetallen!$B$8:$K$171,6,FALSE),0) -> 0 | G114: =_xlfn.IFNA(VLOOKUP($B114,Basisgetallen!$B$8:$K$171,7,FALSE),0) -> 1 | H114: =_xlfn.IFNA(VLOOKUP($B114,Basisgetallen!$B$8:$K$171,8,FALSE),0) -> 0 | I114: =_xlfn.IFNA(VLOOKUP($B114,Basisgetallen!$B$8:$K$171,9,FALSE),0) -> 0 | J114: =_xlfn.IFNA(VLOOKUP($B114,Basisgetallen!$B$8:$K$171,10,FALSE),"geen opmerkingen") -> 0
C115: =_xlfn.IFNA(VLOOKUP($B115,Basisgetallen!$B$8:$K$171,3,FALSE)*C$7,0) -> 0 | D115: =_xlfn.IFNA(VLOOKUP($B115,Basisgetallen!$B$8:$K$171,4,FALSE)*D$7,0) -> 0 | E115: =_xlfn.IFNA(VLOOKUP($B115,Basisgetallen!$B$8:$K$171,5,FALSE)*E$7,0) -> 0 | F115: =_xlfn.IFNA(VLOOKUP($B115,Basisgetallen!$B$8:$K$171,6,FALSE),0) -> 0 | G115: =_xlfn.IFNA(VLOOKUP($B115,Basisgetallen!$B$8:$K$171,7,FALSE),0) -> 0 | H115: =_xlfn.IFNA(VLOOKUP($B115,Basisgetallen!$B$8:$K$171,8,FALSE),0) -> 0 | I115: =_xlfn.IFNA(VLOOKUP($B115,Basisgetallen!$B$8:$K$171,9,FALSE),0) -> 0 | J115: =_xlfn.IFNA(VLOOKUP($B115,Basisgetallen!$B$8:$K$171,10,FALSE),"geen opmerkingen") -> geen opmerkingen
C116: =_xlfn.IFNA(VLOOKUP($B116,Basisgetallen!$B$8:$K$171,3,FALSE)*C$7,0) -> 0 | D116: =_xlfn.IFNA(VLOOKUP($B116,Basisgetallen!$B$8:$K$171,4,FALSE)*D$7,0) -> 0 | E116: =_xlfn.IFNA(VLOOKUP($B116,Basisgetallen!$B$8:$K$171,5,FALSE)*E$7,0) -> 0 | F116: =_xlfn.IFNA(VLOOKUP($B116,Basisgetallen!$B$8:$K$171,6,FALSE),0) -> 0 | G116: =_xlfn.IFNA(VLOOKUP($B116,Basisgetallen!$B$8:$K$171,7,FALSE),0) -> 0 | H116: =_xlfn.IFNA(VLOOKUP($B116,Basisgetallen!$B$8:$K$171,8,FALSE),0) -> 0 | I116: =_xlfn.IFNA(VLOOKUP($B116,Basisgetallen!$B$8:$K$171,9,FALSE),0) -> 0 | J116: =_xlfn.IFNA(VLOOKUP($B116,Basisgetallen!$B$8:$K$171,10,FALSE),"geen opmerkingen") -> geen opmerkingen
C117: =_xlfn.IFNA(VLOOKUP($B117,Basisgetallen!$B$8:$K$171,3,FALSE)*C$7,0) -> 0 | D117: =_xlfn.IFNA(VLOOKUP($B117,Basisgetallen!$B$8:$K$171,4,FALSE)*D$7,0) -> 0 | E117: =_xlfn.IFNA(VLOOKUP($B117,Basisgetallen!$B$8:$K$171,5,FALSE)*E$7,0) -> 0 | F117: =_xlfn.IFNA(VLOOKUP($B117,Basisgetallen!$B$8:$K$171,6,FALSE),0) -> 0 | G117: =_xlfn.IFNA(VLOOKUP($B117,Basisgetallen!$B$8:$K$171,7,FALSE),0) -> 0 | H117: =_xlfn.IFNA(VLOOKUP($B117,Basisgetallen!$B$8:$K$171,8,FALSE),0) -> 0 | I117: =_xlfn.IFNA(VLOOKUP($B117,Basisgetallen!$B$8:$K$171,9,FALSE),0) -> 0 | J117: =_xlfn.IFNA(VLOOKUP($B117,Basisgetallen!$B$8:$K$171,10,FALSE),"geen opmerkingen") -> geen opmerkingen
C118: =_xlfn.IFNA(VLOOKUP($B118,Basisgetallen!$B$8:$K$171,3,FALSE)*C$7,0) -> 0 | D118: =_xlfn.IFNA(VLOOKUP($B118,Basisgetallen!$B$8:$K$171,4,FALSE)*D$7,0) -> 0 | E118: =_xlfn.IFNA(VLOOKUP($B118,Basisgetallen!$B$8:$K$171,5,FALSE)*E$7,0) -> 0 | F118: =_xlfn.IFNA(VLOOKUP($B118,Basisgetallen!$B$8:$K$171,6,FALSE),0) -> 0 | G118: =_xlfn.IFNA(VLOOKUP($B118,Basisgetallen!$B$8:$K$171,7,FALSE),0) -> 0 | H118: =_xlfn.IFNA(VLOOKUP($B118,Basisgetallen!$B$8:$K$171,8,FALSE),0) -> 0 | I118: =_xlfn.IFNA(VLOOKUP($B118,Basisgetallen!$B$8:$K$171,9,FALSE),0) -> 0 | J118: =_xlfn.IFNA(VLOOKUP($B118,Basisgetallen!$B$8:$K$171,10,FALSE),"geen opmerkingen") -> geen opmerkingen
C119: =_xlfn.IFNA(VLOOKUP($B119,Basisgetallen!$B$8:$K$171,3,FALSE)*C$7,0) -> 0 | D119: =_xlfn.IFNA(VLOOKUP($B119,Basisgetallen!$B$8:$K$171,4,FALSE)*D$7,0) -> 0 | E119: =_xlfn.IFNA(VLOOKUP($B119,Basisgetallen!$B$8:$K$171,5,FALSE)*E$7,0) -> 0 | F119: =_xlfn.IFNA(VLOOKUP($B119,Basisgetallen!$B$8:$K$171,6,FALSE),0) -> 0 | G119: =_xlfn.IFNA(VLOOKUP($B119,Basisgetallen!$B$8:$K$171,7,FALSE),0) -> 0 | H119: =_xlfn.IFNA(VLOOKUP($B119,Basisgetallen!$B$8:$K$171,8,FALSE),0) -> 0 | I119: =_xlfn.IFNA(VLOOKUP($B119,Basisgetallen!$B$8:$K$171,9,FALSE),0) -> 0 | J119: =_xlfn.IFNA(VLOOKUP($B119,Basisgetallen!$B$8:$K$171,10,FALSE),"geen opmerkingen") -> geen opmerkingen
C120: =_xlfn.IFNA(VLOOKUP($B120,Basisgetallen!$B$8:$K$171,3,FALSE)*C$7,0) -> 0 | D120: =_xlfn.IFNA(VLOOKUP($B120,Basisgetallen!$B$8:$K$171,4,FALSE)*D$7,0) -> 0 | E120: =_xlfn.IFNA(VLOOKUP($B120,Basisgetallen!$B$8:$K$171,5,FALSE)*E$7,0) -> 0 | F120: =_xlfn.IFNA(VLOOKUP($B120,Basisgetallen!$B$8:$K$171,6,FALSE),0) -> 0 | G120: =_xlfn.IFNA(VLOOKUP($B120,Basisgetallen!$B$8:$K$171,7,FALSE),0) -> 0 | H120: =_xlfn.IFNA(VLOOKUP($B120,Basisgetallen!$B$8:$K$171,8,FALSE),0) -> 0 | I120: =_xlfn.IFNA(VLOOKUP($B120,Basisgetallen!$B$8:$K$171,9,FALSE),0) -> 0 | J120: =_xlfn.IFNA(VLOOKUP($B120,Basisgetallen!$B$8:$K$171,10,FALSE),"geen opmerkingen") -> geen opmerkingen
C121: =_xlfn.IFNA(VLOOKUP($B121,Basisgetallen!$B$8:$K$171,3,FALSE)*C$7,0) -> 0 | D121: =_xlfn.IFNA(VLOOKUP($B121,Basisgetallen!$B$8:$K$171,4,FALSE)*D$7,0) -> 0 | E121: =_xlfn.IFNA(VLOOKUP($B121,Basisgetallen!$B$8:$K$171,5,FALSE)*E$7,0) -> 0 | F121: =_xlfn.IFNA(VLOOKUP($B121,Basisgetallen!$B$8:$K$171,6,FALSE),0) -> 0 | G121: =_xlfn.IFNA(VLOOKUP($B121,Basisgetallen!$B$8:$K$171,7,FALSE),0) -> 0 | H121: =_xlfn.IFNA(VLOOKUP($B121,Basisgetallen!$B$8:$K$171,8,FALSE),0) -> 0 | I121: =_xlfn.IFNA(VLOOKUP($B121,Basisgetallen!$B$8:$K$171,9,FALSE),0) -> 0 | J121: =_xlfn.IFNA(VLOOKUP($B121,Basisgetallen!$B$8:$K$171,10,FALSE),"geen opmerkingen") -> geen opmerkingen
C122: =_xlfn.IFNA(VLOOKUP($B122,Basisgetallen!$B$8:$K$171,3,FALSE)*C$7,0) -> 0 | D122: =_xlfn.IFNA(VLOOKUP($B122,Basisgetallen!$B$8:$K$171,4,FALSE)*D$7,0) -> 0 | E122: =_xlfn.IFNA(VLOOKUP($B122,Basisgetallen!$B$8:$K$171,5,FALSE)*E$7,0) -> 0 | F122: =_xlfn.IFNA(VLOOKUP($B122,Basisgetallen!$B$8:$K$171,6,FALSE),0) -> 0 | G122: =_xlfn.IFNA(VLOOKUP($B122,Basisgetallen!$B$8:$K$171,7,FALSE),0) -> 0 | H122: =_xlfn.IFNA(VLOOKUP($B122,Basisgetallen!$B$8:$K$171,8,FALSE),0) -> 0 | I122: =_xlfn.IFNA(VLOOKUP($B122,Basisgetallen!$B$8:$K$171,9,FALSE),0) -> 0 | J122: =_xlfn.IFNA(VLOOKUP($B122,Basisgetallen!$B$8:$K$171,10,FALSE),"geen opmerkingen") -> geen opmerkingen
C123: =_xlfn.IFNA(VLOOKUP($B123,Basisgetallen!$B$8:$K$171,3,FALSE)*C$7,0) -> 0 | D123: =_xlfn.IFNA(VLOOKUP($B123,Basisgetallen!$B$8:$K$171,4,FALSE)*D$7,0) -> 0 | E123: =_xlfn.IFNA(VLOOKUP($B123,Basisgetallen!$B$8:$K$171,5,FALSE)*E$7,0) -> 0 | F123: =_xlfn.IFNA(VLOOKUP($B123,Basisgetallen!$B$8:$K$171,6,FALSE),0) -> 0 | G123: =_xlfn.IFNA(VLOOKUP($B123,Basisgetallen!$B$8:$K$171,7,FALSE),0) -> 0 | H123: =_xlfn.IFNA(VLOOKUP($B123,Basisgetallen!$B$8:$K$171,8,FALSE),0) -> 0 | I123: =_xlfn.IFNA(VLOOKUP($B123,Basisgetallen!$B$8:$K$171,9,FALSE),0) -> 0 | J123: =_xlfn.IFNA(VLOOKUP($B123,Basisgetallen!$B$8:$K$171,10,FALSE),"geen opmerkingen") -> geen opmerkingen
C124: =_xlfn.IFNA(VLOOKUP($B124,Basisgetallen!$B$8:$K$171,3,FALSE)*C$7,0) -> 0 | D124: =_xlfn.IFNA(VLOOKUP($B124,Basisgetallen!$B$8:$K$171,4,FALSE)*D$7,0) -> 0 | E124: =_xlfn.IFNA(VLOOKUP($B124,Basisgetallen!$B$8:$K$171,5,FALSE)*E$7,0) -> 0 | F124: =_xlfn.IFNA(VLOOKUP($B124,Basisgetallen!$B$8:$K$171,6,FALSE),0) -> 0 | G124: =_xlfn.IFNA(VLOOKUP($B124,Basisgetallen!$B$8:$K$171,7,FALSE),0) -> 0 | H124: =_xlfn.IFNA(VLOOKUP($B124,Basisgetallen!$B$8:$K$171,8,FALSE),0) -> 0 | I124: =_xlfn.IFNA(VLOOKUP($B124,Basisgetallen!$B$8:$K$171,9,FALSE),0) -> 0 | J124: =_xlfn.IFNA(VLOOKUP($B124,Basisgetallen!$B$8:$K$171,10,FALSE),"geen opmerkingen") -> geen opmerkingen
C125: =_xlfn.IFNA(VLOOKUP($B125,Basisgetallen!$B$8:$K$171,3,FALSE)*C$7,0) -> 0 | D125: =_xlfn.IFNA(VLOOKUP($B125,Basisgetallen!$B$8:$K$171,4,FALSE)*D$7,0) -> 0 | E125: =_xlfn.IFNA(VLOOKUP($B125,Basisgetallen!$B$8:$K$171,5,FALSE)*E$7,0) -> 0 | F125: =_xlfn.IFNA(VLOOKUP($B125,Basisgetallen!$B$8:$K$171,6,FALSE),0) -> 0 | G125: =_xlfn.IFNA(VLOOKUP($B125,Basisgetallen!$B$8:$K$171,7,FALSE),0) -> 0 | H125: =_xlfn.IFNA(VLOOKUP($B125,Basisgetallen!$B$8:$K$171,8,FALSE),0) -> 0 | I125: =_xlfn.IFNA(VLOOKUP($B125,Basisgetallen!$B$8:$K$171,9,FALSE),0) -> 0 | J125: =_xlfn.IFNA(VLOOKUP($B125,Basisgetallen!$B$8:$K$171,10,FALSE),"geen opmerkingen") -> geen opmerkingen
C126: =_xlfn.IFNA(VLOOKUP($B126,Basisgetallen!$B$8:$K$171,3,FALSE)*C$7,0) -> 0 | D126: =_xlfn.IFNA(VLOOKUP($B126,Basisgetallen!$B$8:$K$171,4,FALSE)*D$7,0) -> 0 | E126: =_xlfn.IFNA(VLOOKUP($B126,Basisgetallen!$B$8:$K$171,5,FALSE)*E$7,0) -> 0 | F126: =_xlfn.IFNA(VLOOKUP($B126,Basisgetallen!$B$8:$K$171,6,FALSE),0) -> 0 | G126: =_xlfn.IFNA(VLOOKUP($B126,Basisgetallen!$B$8:$K$171,7,FALSE),0) -> 0 | H126: =_xlfn.IFNA(VLOOKUP($B126,Basisgetallen!$B$8:$K$171,8,FALSE),0) -> 0 | I126: =_xlfn.IFNA(VLOOKUP($B126,Basisgetallen!$B$8:$K$171,9,FALSE),0) -> 0 | J126: =_xlfn.IFNA(VLOOKUP($B126,Basisgetallen!$B$8:$K$171,10,FALSE),"geen opmerkingen") -> geen opmerkingen
... C130: =_xlfn.IFNA(VLOOKUP($B130,Basisgetallen!$B$8:$K$171,3,FALSE)*C$7,0) -> 0 | D130: =_xlfn.IFNA(VLOOKUP($B130,Basisgetallen!$B$8:$K$171,4,FALSE)*D$7,0) -> 0 | E130: =_xlfn.IFNA(VLOOKUP($B130,Basisgetallen!$B$8:$K$171,5,FALSE)*E$7,0) -> 0 | F130: =_xlfn.IFNA(VLOOKUP($B130,Basisgetallen!$B$8:$K$171,6,FALSE),0) -> 0 | G130: =_xlfn.IFNA(VLOOKUP($B130,Basisgetallen!$B$8:$K$171,7,FALSE),0) -> 0 | H130: =_xlfn.IFNA(VLOOKUP($B130,Basisgetallen!$B$8:$K$171,8,FALSE),0) -> 0 | I130: =_xlfn.IFNA(VLOOKUP($B130,Basisgetallen!$B$8:$K$171,9,FALSE),0) -> 0 | J130: =_xlfn.IFNA(VLOOKUP($B130,Basisgetallen!$B$8:$K$171,10,FALSE),"geen opmerkingen") -> geen opmerkingen
A131: Organisatie warmtebeleid: pijler Communicatie en belangenbehartiging | C131: =_xlfn.IFNA(VLOOKUP($B131,Basisgetallen!$B$8:$K$171,3,FALSE)*C$7,0) -> 0 | D131: =_xlfn.IFNA(VLOOKUP($B131,Basisgetallen!$B$8:$K$171,4,FALSE)*D$7,0) -> 0 | E131: =_xlfn.IFNA(VLOOKUP($B131,Basisgetallen!$B$8:$K$171,5,FALSE)*E$7,0) -> 0 | F131: =_xlfn.IFNA(VLOOKUP($B131,Basisgetallen!$B$8:$K$171,6,FALSE),0) -> 0 | G131: =_xlfn.IFNA(VLOOKUP($B131,Basisgetallen!$B$8:$K$171,7,FALSE),0) -> 0 | H131: =_xlfn.IFNA(VLOOKUP($B131,Basisgetallen!$B$8:$K$171,8,FALSE),0) -> 0 | I131: =_xlfn.IFNA(VLOOKUP($B131,Basisgetallen!$B$8:$K$171,9,FALSE),0) -> 0 | J131: =_xlfn.IFNA(VLOOKUP($B131,Basisgetallen!$B$8:$K$171,10,FALSE),"geen opmerkingen") -> geen opmerkingen
B132: {=_xlfn.UNIQUE(_xlfn._xlws.FILTER(Basisgetallen!B126:B140,Basisgetallen!B126:B140<>""))} -> Digitaal platform / socials / digitale nieuwbrief beheren [per kalenderjaar] | C132: =_xlfn.IFNA(VLOOKUP($B132,Basisgetallen!$B$8:$K$171,3,FALSE)*C$7,0) -> 1093.75 | D132: =_xlfn.IFNA(VLOOKUP($B132,Basisgetallen!$B$8:$K$171,4,FALSE)*D$7,0) -> 1312.5 | E132: =_xlfn.IFNA(VLOOKUP($B132,Basisgetallen!$B$8:$K$171,5,FALSE)*E$7,0) -> 2437.5 | F132: =_xlfn.IFNA(VLOOKUP($B132,Basisgetallen!$B$8:$K$171,6,FALSE),0) -> 5000 | G132: =_xlfn.IFNA(VLOOKUP($B132,Basisgetallen!$B$8:$K$171,7,FALSE),0) -> 0.2 | H132: =_xlfn.IFNA(VLOOKUP($B132,Basisgetallen!$B$8:$K$171,8,FALSE),0) -> 0 | I132: =_xlfn.IFNA(VLOOKUP($B132,Basisgetallen!$B$8:$K$171,9,FALSE),0) -> 0 | J132: =_xlfn.IFNA(VLOOKUP($B132,Basisgetallen!$B$8:$K$171,10,FALSE),"geen opmerkingen") -> Gemiddelde jaarkost om digitale media te beheren
...

Sheet 0_Intro
A1: Introductie TOBUVO: Transition stories' onwijscoole BUdget VOorspeller
A2: Over dit bestand
A3: Opgemaakt door Transition Stories in het kader van de opleidingenreeks "Duurzame warmte" in opdracht van de provincie Antwerpen.
A4: - Auteur: Erik Verbeke en Wouter Cyx
A5: - Contact: info@transitionstories.be
A6: Rechten en gebruik
A7: Dit document wordt ter beschikking gesteld voor de deelnemers aan de opleiding om hen te helpen bij het opmaken van een begroting voor hun gemeente of instantie. Het is niet toegelaten dit bestand te verpreiden of te kopiëren voor gebruik door andere personen of organisaties, op welke manier dan ook. De prijzen in dit document op genomen zijn geraamde prijzen op het moment van samenstelling van dit document, het is mogelijk dat effectieve bedragen sterk kunnen afwijken of dat er fouten in dit bestand slopen. In geen geval kan Transition Stories verantwoordelijk gesteld worden voor eventuele gevolgen van het ongenuanceerd gebruik van dit rekenblad.
A8: Doel van dit bestand:
A9: - Een gefundeerde raming opbouwen voor de beschikbare tijd en doelen van het warmteplan
A10: - De contouren van het jaarprogramma uitwerken en rapporteren
A12: Hoe is dit bestand opgebouwd?
A14: Basisgetallen
... A24: Dit tabblad is in normaal gebruik beveiligd. De gebruiker kan dan enkel waarden en informatie inbrengen op de inputcellen het rode tabblad. De beveiliging heeft tot doel om te vermijden dat de gebruiker onbedoeld wijzigingen aanbrengt in de achterliggende werking/ formulestructuur. De beveiliging is zonder paswoord waardoor de gebruiker deze kan uitschakelen om desgevallend op eigen risico wijzigingen aan te brengen in dit bestand.

Sheet Basisgetallen
B1: Op dit tabblad wordt de raming voor alle onderdelen opgemaakt: Elke naam van een actie wordt gekoppeld aan verschillende kosten. Er zijn 7 kolommen voorzien, waarvan 6 voor kosten en 1 om een reductie door te voeren. In elke categorie is ruimte voorzien om eigen projecten toe te voegen.
B3: Kosten | D3: A | E3: B | F3: C | G3: D | H3: Dbis | I3: E | J3: F
D4: Expert | E4: Deskundige | F4: Andere dienst | G4: Extern | H4: reductiefactor | I4: Interne kosten - niet personeel | J4: Investeringen | K4: Opmerkingen/ beschrijving rekeneenheid
D5: werkdagen | E5: werkdagen | F5: werkdagen | G5: € | I5: € | J5: €
C6: Kostprijs | D6: =70000*1.1/(220*0.8) -> 437.5 | E6: =60000*1.1/(220*0.8) -> 375 | F6: =AVERAGE(D6:E6) -> 406.25
A7: De basis
B8: Vertaling naar strategische beleidskaders (wonen, BP ruimte, enz.) [per beleidskader] | D8: =SUM(D9:D10) -> 6 | E8: =SUM(E9:E10) -> 0 | F8: 0 | G8: 0 | H8: 1 | I8: 0 | J8: 0 | K8: Het opvolgen van de opmaak van één beleidskader door een andere dienst vanuit het thema warmte
C9: opvolgen en verweven van warmte-thema bij de opmaak van parallelle beleidsplannen (wonen, ruimte, lokale economie, …) | D9: 6 | E9: 0
B11: reserve | D11: =SUM(D12:D14) -> 0 | E11: =SUM(E12:E14) -> 0 | F11: =SUM(F12:F14) -> 0 | G11: =SUM(G12:G14) -> 0 | H11: 1 | I11: 0 | J11: 0
C12: taak 1
C13: taak 2
C14: taak 3
B16: reserve | D16: =SUM(D17:D19) -> 0 | E16: =SUM(E17:E19) -> 0 | F16: =SUM(F17:F19) -> 0 | G16: =SUM(G17:G19) -> 0 | H16: 1 | I16: 0 | J16: 0
C17: taak 1
C18: taak 2
C19: taak 3
A20: Collectieve warmteprojecten
B21: Opvolgen verkaveling Borgt | D21: =SUM(D22:D25) -> 11 | E21: =SUM(E22:E25) -> 1 | F21: =SUM(F22:F25) -> 3 | G21: 5000 | H21: 1 | K21: Tijd voorzien om de loop van het dossier en de communicatie met de ontwikkelaar op te volgen. We voorzien hier ook dat de gemeenten een coördinerende rol opneemt om informatie van Providentia, de school, sporthal, … verzamelt.
C22: Interne opvolging procedure | D22: 3 | E22: 0 | F22: 0
C23: Samenzoeken informatie (verbruiken, profielen, …) | D23: 4 | E23: 1 | F23: 0
C24: x | D24: 0 | E24: 0 | F24: 0
C25: Contacten met andere overheden (Vilvoorde, Vlaamse waterweg,…) | D25: 4 | E25: 0 | F25: 3
B26: Particpatie in de haalbaarheidstudie | D26: =SUM(D27:D29) -> 11 | E26: =SUM(E27:E29) -> 0 | F26: =SUM(F27:F29) -> 0 | G26: 7500 | H26: 1 | K26: Als er een studie naar een warmtenet komt aan Borgt, zal de gemeente daar een aandeel in hebben voor de gebouwen waar zij eigenaar van is. Er is nog geen zicht of en hoe de sociale woonmaatschappij zou kunnen participeren.
C27: Voorbereiding | D27: 4 | E27: 0
C28: Uitvoering en opvolging | D28: 5 | E28: 0
C29: Afronding en interne communicatie | D29: 2
B30: Ondersteuning bij het sluiten van een intentieovereenkomst | D30: =SUM(D31:D33) -> 6 | E30: =SUM(E31:E33) -> 5 | F30: =SUM(F31:F33) -> 1 | G30: 7500 | H30: 1 | K30: Participatie in de externe begeleiding voor het sluiten van een intentieovereenkomst. Voorzien is het volgen van de vergaderingen, voorbereiden van het standpunt van Grimbergen, terugkoppeling met CBS
C31: Samenbrengen partners | D31: 0.5 | E31: 1 | F31: 0
C32: opvolgen opmaak overeenkomst | D32: 5 | E32: 3 | F32: 0
C33: persmoment/publicatie | D33: 0.5 | E33: 1 | F33: 1
B34: Opvolgen ontwerpplannen | D34: =SUM(D35) -> 2 | E34: =SUM(E35) -> 0 | F34: =SUM(F35) -> 5 | G34: 5000 | H34: 0.5 | K34: Opvolging van plannen voor interactie met openbaar domein, erfdienstbaarheden, aanpassingen openbaar domein, ….
C35: Opvolgen en afstemmen met planning Wegen en water | D35: 2 | E35: 0 | F35: 5
B36: Opvolgen nieuwe verkavelingen, inbreidingen en andere grote bouwdossiers [jaarkost] | D36: =SUM(D37:D38) -> 4 | E36: =SUM(E37:E38) -> 4 | F36: =SUM(F37:F38) -> 0 | G36: 15000 | H36: 0.25 | K36: Screening op warmtepotentiëel van nieuwe grote projecten. Nagaan of er koppelkansen zijn met eigen patrimonium, eventueel intergemeentelijk overleg opzetten, bij kansrijke clusters nauwer opvolgen. 3 nieuwe doessiers per jaar, 1 kansrijk dossier.
C37: Screenen van binnenkomende dossiers | D37: 2 | E37: 3 | F37: 0
C38: Opvolgen van één kansrijke dossier/jaar | D38: 2 | E38: 1 | F38: 0
B39: Bedrijventerreinen ondersteunen [opstartkost, later te evalueren] | D39: =SUM(D40:D41) -> 7 | E39: =SUM(E40:E41) -> 4 | F39: =SUM(F40:F41) -> 0 | G39: 15000 | H39: 1 | K39: Bedrijventerreinwerking opvolgen vanuit de discipliine warmte: opstartfase ondersteunen, één samenkomst rond warmteproductie/uitwisseling voorzien. (budget is slechts een onderdeel van de puzzel, opstartkost bedrijventerrein management is afhankelijk van de gewenste beschikbaarheid parkmanager; grootte orde € 50 000 voor 2 jaar aan 30-40% beschikbaarheid)
C40: Participatie in de opstart van bedrijventerrreinwerking | D40: 2 | E40: 1 | F40: 0
C41: Organisatie van één samenkomst rond warmteproductie/uitwisseling | D41: 5 | E41: 3 | F41: 0
B42: Afstemming ruimtelijke plannen [per 1 planningsproces] | D42: =SUM(D43:D44) -> 10 | E42: =SUM(E43:E44) -> 2 | F42: =SUM(F43:F44) -> 0 | G42: 10000 | H42: 0.4 | K42: Bijvoorbeeld het opvolgen van RUPS of beleidsplannen en masterplannen zowel lokaal als op Provinciaal niveau
C43: Opvolgen lopende studies op kansen voor collectieve warmte | D43: 2 | E43: 2 | F43: 0
C44: Ondersteuning opmaken bestekken, aanstellen opdrachtgevers, … | D44: 8 | E44: 0 | F44: 0
B45: Eigen vastgoed aansluiten [per 1 publiek gebouw] | D45: =D46 -> 2 | E45: =E46 -> 2 | F45: =F46 -> 2 | G45: 7500 | H45: 0.1 | K45: Kost voor het screenen van gebouwen waar gewerkt zal worden, opvolgen van ontwerpkeuzes.
C46: kansen detecteren binnen het eigen vastgoed en begeleiden van de dienst gebouwen | D46: 2 | E46: 2 | F46: 2
D47: 0 | E47: 0 | F47: 0 | G47: 0 | H47: 0 | I47: 0 | J47: 0
B49: reserve | D49: =SUM(D50:D52) -> 0 | E49: =SUM(E50:E52) -> 0 | F49: =SUM(F50:F52) -> 0 | G49: =SUM(G50:G52) -> 0 | H49: 1 | I49: 0 | J49: 0
C50: taak 1
C51: taak 2
C52: taak 3
B53: reserve | D53: =SUM(D54:D56) -> 0 | E53: =SUM(E54:E56) -> 0 | F53: =SUM(F54:F56) -> 0 | G53: =SUM(G54:G56) -> 0 | H53: 1 | I53: 0 | J53: 0
C54: taak 1
C55: taak 2
C56: taak 3
A57: Beleidsinitiatieven individuele warmte + renovatie (voor burgers en organisaties)
B59: Opzetten van een communicatietraject gericht op één doelgroep | D59: =SUM(D60:D61) -> 0 | E59: =SUM(E60:E61) -> 2 | F59: =SUM(F60:F61) -> 6 | G59: 7500 | H59: 0.4 | K59: Kost voor het aanmaken van persberichten, infoborden, begeleiding bij infosessies. Kan zowel intern als extern.
C60: aanleveren artikels voor lokale blad | D60: 0 | E60: 1 | F60: 3
C61: infosessies | D61: 0 | E61: 1 | F61: 3
B62: Energieadvies [per 50 wooneenheden] | D62: =D64 -> 1 | E62: =E64 -> 0.5 | F62: =F64 -> 0 | G62: =500*50 -> 25000 | H62: 1 | K62: De kost om 50 woningen aan te pakken (externe kost) + de opvolging intern per 50 woningen
C63: Mobiel Energiehuis | D63: 0 | E63: 0 | F63: 0 | G63: 10500 | K63: Prijs van het mobiele energiehuis +0,25 VTE voor promotie en vragen beantwoorden. (onbekend hoeveel mensen deze bereikt)
C64: energiescan | D64: 1 | E64: 0.5 | F64: 0 | K64: energiescan gebeurt via 3Wplus (prijs nog niet ingegeven) , warmte scans worden wel gevolgd door gemeente
B65: VME-coaching [per 5 VME's] | D65: 1 | E65: 2 | F65: 0 | G65: 20000 | H65: 1 | K65: De kost om 5 VME's te begeleiden in de opmaak van een renovatiemasterplan (via een externe partij) + de opvolging die hiervoor intern nodgi is.
C66: planning en coordinatie | D66: 1 | E66: 2 | F66: 0
C67: huisbezoeken en coaching | D67: 0 | E67: 0 | F67: 0
B68: Energieleningen [per lening] | D68: =SUM(D69) -> 0.5 | E68: =SUM(E69) -> 0 | F68: =SUM(F69) -> 0 | G68: 0 | H68: 1 | K68: De kost per jaar om een leningdossier voor energieleningen af te sluiten/ op te volgen.
C69: opvolgen en afsluiten van energieleningen | D69: 0.5 | E69: 0 | F69: 0
B70: Praktische ontzorging [per 50 wooneenheden] | D70: =D71 -> 1 | E70: =E71 -> 1 | F70: =F71 -> 0 | G70: =1500*50 -> 75000 | H70: 1 | K70: De kost om 50 woningen door een externe partij te laten opvolgen in offertefase + werffase + admin nazorg + de opvolging hiervan intern.
C71: aanbieden werfopvolging aan kostprijs | D71: 1 | E71: 1 | F71: 0
B72: Energiepremies [per premiedossier] | D72: 3 | E72: 4 | F72: 5 | G72: 1000 | H72: 1 | K72: De "opmaak en dossierkost" voor het gemeentelijke premiereglement per premiedossier
C73: uitwerken nodige regelgeving en aanvraagdocumenten | D73: 2 | E73: 2 | F73: 2
C74: communicatie | F74: 3
C75: Opvolging dossiers en registratie resultaten | D75: 1 | E75: 2
B76: Grondige herziening bouwcode of ander regelgevend instrument. [per actualisatie instrument] | D76: =SUM(D77) -> 4 | E76: =SUM(E77:E77) -> 0 | F76: =SUM(F77:F77) -> 5 | G76: 7500 | H76: 0.5 | K76: Grondige herwerking stedenbouwkundige verordening (enkel luik warmte). De volledige kost ligt hoger maar zal ook bij andere afdelingen liggen.
C77: opmaak bouwcode of zeer grondige update | D77: 4 | E77: 0 | F77: 5
B78: Onderhoud & toetsing van de lokale regelgeving | D78: =D79 -> 2 | E78: =E79 -> 1 | F78: =F79 -> 0 | G78: 2000 | H78: 0.5 | K78: De gemeentelijke stedenbouwkundige verordening regelmatig updaten met nieuwe kennis of ervaringen (bv. Geluidswetgeving buitenunits, gemeenschappelijke stookplaatsen, ….
C79: kleine aanpassingen gericht op warmte aan de stedenbouwkundige verordening | D79: 2 | E79: 1
B80: Opstarten van een traject voor versnelde introductie warmtepompen (trigger: rentabiliteit) [opstartkost] | D80: =SUM(D81:D83) -> 4 | E80: =SUM(E81:E83) -> 5 | F80: =SUM(F81:F83) -> 2 | G80: 7500 | H80: 1 | I80: 0 | J80: 0 | K80: Het uitwerken van een communicatieplan en opzetten van groepsaankoop of andere ondersteuning
C81: Marktanalyse en selecteren van een doelgebied en doelgroep | D81: 1 | E81: 2
C82: Organiseren van een groepsaankoop | D82: 2 | E82: 2
C83: Communicatiestrategie en implementatie | D83: 1 | E83: 1 | F83: 2
B84: Opstarten van verhuurders opvolging [opstartkost] | D84: =SUM(D85:D87) -> 4 | E84: =SUM(E85:E87) -> 4 | F84: =SUM(F85:F87) -> 0 | G84: 5000 | H84: 1 | I84: 0 | J84: 0 | K84: Het opstarten van een traject om meer vat te krijgen op de verhuurders. Zorgen dat ze bereikbaar zijn, eventuele regelgeving breed communiceren, …
C85: Opzoekwerk en onderbouwing op welke manier verhuurders beter kunnen bereikt worden. | D85: 2 | E85: 2
C86: Opmaken van verhuurders profielen | D86: 2 | E86: 2
A88: Organisatie warmtebeleid: pijler Mens en organisatie
B90: Opleiding andere diensten - basiskennis en verwijzingssystemen [per kalenderjaar] | D90: =D91 -> 2 | E90: =E91 -> 1 | F90: =F91 -> 0 | G90: 1000 | H90: 1 | K90: Opleidingsdagen, bv via VVSG volgen
C91: Opleiding | D91: 2 | E91: 1 | F91: 0
B92: Team & taakplanning [per kalenderjaar] | D92: =D93 -> 3 | E92: =E93 -> 0 | F92: =F93 -> 0 | G92: 0 | H92: 1 | K92: Jaarplanning opmaken en beheren door 1 aangestelde coördinatir
C93: De planning van het team rond warmte en renovatie beheren i.f.v. de werkkalender en beschikbare capaciteit | D93: 3 | E93: 0 | F93: 0
B95: reserve | D95: =SUM(D96:D98) -> 0 | E95: =SUM(E96:E98) -> 0 | F95: =SUM(F96:F98) -> 0 | G95: =SUM(G96:G98) -> 0 | H95: 1 | I95: 0 | J95: 0
C96: taak 1
C97: taak 2
C98: taak 3
A105: Organisatie warmtebeleid: pijler Middelen en financiering
B106: Financiële Opvolging realisatie Meerjarenplan/ beleidsplan [per kalenderjaar] | D106: =SUM(D107:D109) -> 8 | E106: =SUM(E107:E109) -> 5 | F106: =SUM(F107:F109) -> 0 | G106: 0 | H106: 1 | K106: Gemiddelde jaarkost om begroting up to date te houden en financiële rapportering te doen
C107: Jaarlijkse update begroting | D107: 2 | E107: 2 | F107: 0
C108: 4 maandelijkse rapportering | D108: 4 | E108: 2 | F108: 0
C109: Uitvoeren en opvolgen deelacties jaarprogramma: (afstemming andere steden, verankeren principes in besluitvorming, werkprocessen, spotten van financieringskansen, bewaken van interne processen en besluitvorming, … ) | D109: 2 | E109: 1 | F109: 0
B111: Middelen aantrekken [per kalenderjaar] | D111: =SUM(D112:D113) -> 5 | E111: =SUM(E112:E113) -> 1 | F111: =SUM(F112:F113) -> 7 | G111: 0 | H111: 1 | K111: Jaarkost om middelen aan te trekken, bestaande uit het opvolgen van calls en subsidies en het schrijven van 1 dossier voor subsidies
C112: Opvolgen intiatieven overheden (departement omgeving, provincie,…) | D112: 2 | E112: 1 | F112: 0
C113: Proposal writing | D113: 3 | E113: 0 | F113: 7
B115: reserve | D115: =SUM(D116:D118) -> 0 | E115: =SUM(E116:E118) -> 0 | F115: =SUM(F116:F118) -> 0 | G115: =SUM(G116:G118) -> 0 | H115: 1 | I115: 0 | J115: 0
C116: taak 1
...

Sheet Portefeuilleraming
A1: Programma en Warmtebeleid
A2: Periode: 1 legislatuur (= 6 kalenderjaren) | D2: GEBRUIKERSTIPS: Vul in de oranje cellen de vermoedelijke hoeveelheden in. Eventuele verduidelijkingen vind je in tabblad M4_Basisgetallen. Start met 1 scenario: welke acties moeten er gebeuren in de komende legislatuur? Vervolgens kan je in Scenario 2 en 3 varianten uitwerken (klap eventueel kolom B uit voor meer uitleg bij elke taak) | J2: Werkdagen/onderdeel | M2: Kosten_detail
A3: samenstelling programma warmtebeleid | B3: Opmerking | C3: Hoe hoeveel je hiervan nodig hebt? | D3: Scenario 1 | F3: Scenario 2 | H3: Scenario 3 | J3: Scenario1 | K3: Scenario2 | L3: Scenario3 | M3: Scenario 1 | T3: Scenario 2 | AA3: Scenario 3
A4: Pijler: | D4: Aantal | E4: Extern (0 of 1) | F4: Aantal | G4: Extern (0 of 1) | H4: Aantal | I4: Extern (0 of 1) | M4: =M4_PR_Lijsten!C6 -> Expert | N4: =M4_PR_Lijsten!D6 -> Deskundige | O4: =M4_PR_Lijsten!E6 -> Andere dienst | P4: =M4_PR_Lijsten!F6 -> Extern | Q4: =M4_PR_Lijsten!G6 -> reductiefactor | R4: =M4_PR_Lijsten!H6 -> Interne kosten - niet personeel | S4: =M4_PR_Lijsten!I6 -> Investeringen | T4: =M4 -> Expert | U4: =N4 -> Deskundige | V4: =O4 -> Andere dienst | W4: =P4 -> Extern | X4: =Q4 -> reductiefactor | Y4: =R4 -> Interne kosten - niet personeel | Z4: =S4 -> Investeringen | AA4: =T4 -> Expert | ... AG4: =Z4 -> Investeringen
A5: De basis | J5: =SUM(M6:M13)/$M$5+SUM(N6:N13)/$N$5+SUM(O6:O13)/$O$5 -> 6 | K5: =SUM(T6:T13)/$M$5+SUM(U6:U13)/$N$5+SUM(V6:V13)/$O$5 -> 0 | L5: =SUM(AA6:AA13)/$M$5+SUM(AB6:AB13)/$N$5+SUM(AC6:AC13)/$O$5 -> 0 | M5: =Basisgetallen!D6 -> 437.5 | N5: =Basisgetallen!E6 -> 375 | O5: =Basisgetallen!F6 -> 406.25 | T5: =M5 -> 437.5 | U5: =N5 -> 375 | V5: =O5 -> 406.25 | AA5: =M5 -> 437.5 | AB5: =N5 -> 375 | AC5: =O5 -> 406.25
A6: {=M4_PR_Lijsten!B8:B15} -> Vertaling naar strategische beleidskaders (wonen, BP ruimte, enz.) [per beleidskader] | B6: =_xlfn.IFNA(VLOOKUP(A6,M4_PR_Lijsten!$B$8:$J$177,9,FALSE),"geen opmerking") -> Het opvolgen van de opmaak van één beleidskader door een andere dienst vanuit het thema warmte | C6: Bouw deze stap zeker in als je nog geen goed zicht hebt op wat er allemaal kan in je gemeente. Zo voorkom je te algemene vragen te stellen in bestekken. | D6: 1 | M6: =_xlfn.IFNA(D6*VLOOKUP(A6,M4_PR_Lijsten!$B$8:$I$177,2,FALSE)*IF(E6=1,Q6,1),0) -> 2625 | N6: =_xlfn.IFNA(D6*VLOOKUP(A6,M4_PR_Lijsten!$B$8:$I$177,3,FALSE)*IF(E6=1,Q6,1),0) -> 0 | O6: =_xlfn.IFNA(D6*VLOOKUP(A6,M4_PR_Lijsten!$B$8:$I$177,4,FALSE)*IF(E6=1,Q6,1),0) -> 0 | P6: =_xlfn.IFNA(D6*VLOOKUP(A6,M4_PR_Lijsten!$B$8:$I$177,5,FALSE)*IF(E6=1,1,0),0) -> 0 | Q6: =_xlfn.IFNA(VLOOKUP(A6,M4_PR_Lijsten!$B$8:$I$177,6,FALSE),0) -> 1 | R6: =_xlfn.IFNA(D6*VLOOKUP(A6,M4_PR_Lijsten!$B$8:$I$177,7,FALSE),0) -> 0 | S6: =_xlfn.IFNA(D6*VLOOKUP(A6,M4_PR_Lijsten!$B$8:$I$177,8,FALSE),0) -> 0 | T6: =_xlfn.IFNA($F6*VLOOKUP($A6,M4_PR_Lijsten!$B$8:$I$177,2,FALSE)*IF($G6=1,$X6,1),0) -> 0 | U6: =_xlfn.IFNA($F6*VLOOKUP($A6,M4_PR_Lijsten!$B$8:$I$177,3,FALSE)*IF($G6=1,$X6,1),0) -> 0 | V6: =_xlfn.IFNA($F6*VLOOKUP($A6,M4_PR_Lijsten!$B$8:$I$177,4,FALSE)*IF($E6=1,$Q6,1),0) -> 0 | W6: =_xlfn.IFNA($F6*VLOOKUP($A6,M4_PR_Lijsten!$B$8:$I$177,5,FALSE)*IF(G6=1,1,0),0) -> 0 | X6: =_xlfn.IFNA(VLOOKUP($A6,M4_PR_Lijsten!$B$8:$I$177,6,FALSE),0) -> 1 | Y6: =_xlfn.IFNA($F6*VLOOKUP($A6,M4_PR_Lijsten!$B$8:$I$177,7,FALSE),0) -> 0 | Z6: =_xlfn.IFNA($F6*VLOOKUP($A6,M4_PR_Lijsten!$B$8:$I$177,8,FALSE),0) -> 0 | AA6: =_xlfn.IFNA($H6*VLOOKUP($A6,M4_PR_Lijsten!$B$8:$I$177,2,FALSE)*IF($I6=1,$AE6,1),0) -> 0 | AB6: =_xlfn.IFNA($H6*VLOOKUP($A6,M4_PR_Lijsten!$B$8:$I$177,3,FALSE)*IF($I6=1,$AE6,1),0) -> 0 | AC6: =_xlfn.IFNA($H6*VLOOKUP($A6,M4_PR_Lijsten!$B$8:$I$177,4,FALSE)*IF($I6=1,$AE6,1),0) -> 0 | AD6: =_xlfn.IFNA($H6*VLOOKUP($A6,M4_PR_Lijsten!$B$8:$I$177,5,FALSE)*IF(I6=1,1,0),0) -> 0 | AE6: =_xlfn.IFNA(VLOOKUP($A6,M4_PR_Lijsten!$B$8:$I$177,6,FALSE),0) -> 1 | AF6: =_xlfn.IFNA($H6*VLOOKUP($A6,M4_PR_Lijsten!$B$8:$I$177,7,FALSE),0) -> 0 | AG6: =_xlfn.IFNA($H6*VLOOKUP($A6,M4_PR_Lijsten!$B$8:$I$177,8,FALSE),0) -> 0
A7: reserve | B7: =_xlfn.IFNA(VLOOKUP(A7,M4_PR_Lijsten!$B$8:$J$177,9,FALSE),"geen opmerking") -> 0 | C7: Een voorwaarde uit het LEKP 1,0 tegen 2030 | D7: 0 | M7: =_xlfn.IFNA(D7*VLOOKUP(A7,M4_PR_Lijsten!$B$8:$I$177,2,FALSE)*IF(E7=1,Q7,1),0) -> 0 | N7: =_xlfn.IFNA(D7*VLOOKUP(A7,M4_PR_Lijsten!$B$8:$I$177,3,FALSE)*IF(E7=1,Q7,1),0) -> 0 | O7: =_xlfn.IFNA(D7*VLOOKUP(A7,M4_PR_Lijsten!$B$8:$I$177,4,FALSE)*IF(E7=1,Q7,1),0) -> 0 | P7: =_xlfn.IFNA(D7*VLOOKUP(A7,M4_PR_Lijsten!$B$8:$I$177,5,FALSE)*IF(E7=1,1,0),0) -> 0 | Q7: =_xlfn.IFNA(VLOOKUP(A7,M4_PR_Lijsten!$B$8:$I$177,6,FALSE),0) -> 1 | R7: =_xlfn.IFNA(D7*VLOOKUP(A7,M4_PR_Lijsten!$B$8:$I$177,7,FALSE),0) -> 0 | S7: =_xlfn.IFNA(D7*VLOOKUP(A7,M4_PR_Lijsten!$B$8:$I$177,8,FALSE),0) -> 0 | T7: =_xlfn.IFNA($F7*VLOOKUP($A7,M4_PR_Lijsten!$B$8:$I$177,2,FALSE)*IF($G7=1,$X7,1),0) -> 0 | U7: =_xlfn.IFNA($F7*VLOOKUP($A7,M4_PR_Lijsten!$B$8:$I$177,3,FALSE)*IF($G7=1,$X7,1),0) -> 0 | V7: =_xlfn.IFNA($F7*VLOOKUP($A7,M4_PR_Lijsten!$B$8:$I$177,4,FALSE)*IF($E7=1,$Q7,1),0) -> 0 | W7: =_xlfn.IFNA($F7*VLOOKUP($A7,M4_PR_Lijsten!$B$8:$I$177,5,FALSE)*IF(G7=1,1,0),0) -> 0 | X7: =_xlfn.IFNA(VLOOKUP($A7,M4_PR_Lijsten!$B$8:$I$177,6,FALSE),0) -> 1 | Y7: =_xlfn.IFNA($F7*VLOOKUP($A7,M4_PR_Lijsten!$B$8:$I$177,7,FALSE),0) -> 0 | Z7: =_xlfn.IFNA($F7*VLOOKUP($A7,M4_PR_Lijsten!$B$8:$I$177,8,FALSE),0) -> 0 | AA7: =_xlfn.IFNA($H7*VLOOKUP($A7,M4_PR_Lijsten!$B$8:$I$177,2,FALSE)*IF($I7=1,$AE7,1),0) -> 0 | AB7: =_xlfn.IFNA($H7*VLOOKUP($A7,M4_PR_Lijsten!$B$8:$I$177,3,FALSE)*IF($I7=1,$AE7,1),0) -> 0 | AC7: =_xlfn.IFNA($H7*VLOOKUP($A7,M4_PR_Lijsten!$B$8:$I$177,4,FALSE)*IF($I7=1,$AE7,1),0) -> 0 | AD7: =_xlfn.IFNA($H7*VLOOKUP($A7,M4_PR_Lijsten!$B$8:$I$177,5,FALSE)*IF(I7=1,1,0),0) -> 0 | AE7: =_xlfn.IFNA(VLOOKUP($A7,M4_PR_Lijsten!$B$8:$I$177,6,FALSE),0) -> 1 | AF7: =_xlfn.IFNA($H7*VLOOKUP($A7,M4_PR_Lijsten!$B$8:$I$177,7,FALSE),0) -> 0 | AG7: =_xlfn.IFNA($H7*VLOOKUP($A7,M4_PR_Lijsten!$B$8:$I$177,8,FALSE),0) -> 0
A8: 0 | B8: =_xlfn.IFNA(VLOOKUP(A8,M4_PR_Lijsten!$B$8:$J$177,9,FALSE),"geen opmerking") -> geen opmerking | D8: 0 | M8: =_xlfn.IFNA(D8*VLOOKUP(A8,M4_PR_Lijsten!$B$8:$I$177,2,FALSE)*IF(E8=1,Q8,1),0) -> 0 | N8: =_xlfn.IFNA(D8*VLOOKUP(A8,M4_PR_Lijsten!$B$8:$I$177,3,FALSE)*IF(E8=1,Q8,1),0) -> 0 | O8: =_xlfn.IFNA(D8*VLOOKUP(A8,M4_PR_Lijsten!$B$8:$I$177,4,FALSE)*IF(E8=1,Q8,1),0) -> 0 | P8: =_xlfn.IFNA(D8*VLOOKUP(A8,M4_PR_Lijsten!$B$8:$I$177,5,FALSE)*IF(E8=1,1,0),0) -> 0 | Q8: =_xlfn.IFNA(VLOOKUP(A8,M4_PR_Lijsten!$B$8:$I$177,6,FALSE),0) -> 0 | R8: =_xlfn.IFNA(D8*VLOOKUP(A8,M4_PR_Lijsten!$B$8:$I$177,7,FALSE),0) -> 0 | S8: =_xlfn.IFNA(D8*VLOOKUP(A8,M4_PR_Lijsten!$B$8:$I$177,8,FALSE),0) -> 0 | T8: =_xlfn.IFNA($F8*VLOOKUP($A8,M4_PR_Lijsten!$B$8:$I$177,2,FALSE)*IF($G8=1,$X8,1),0) -> 0 | U8: =_xlfn.IFNA($F8*VLOOKUP($A8,M4_PR_Lijsten!$B$8:$I$177,3,FALSE)*IF($G8=1,$X8,1),0) -> 0 | V8: =_xlfn.IFNA($F8*VLOOKUP($A8,M4_PR_Lijsten!$B$8:$I$177,4,FALSE)*IF($E8=1,$Q8,1),0) -> 0 | W8: =_xlfn.IFNA($F8*VLOOKUP($A8,M4_PR_Lijsten!$B$8:$I$177,5,FALSE)*IF(G8=1,1,0),0) -> 0 | X8: =_xlfn.IFNA(VLOOKUP($A8,M4_PR_Lijsten!$B$8:$I$177,6,FALSE),0) -> 0 | Y8: =_xlfn.IFNA($F8*VLOOKUP($A8,M4_PR_Lijsten!$B$8:$I$177,7,FALSE),0) -> 0 | Z8: =_xlfn.IFNA($F8*VLOOKUP($A8,M4_PR_Lijsten!$B$8:$I$177,8,FALSE),0) -> 0 | AA8: =_xlfn.IFNA($H8*VLOOKUP($A8,M4_PR_Lijsten!$B$8:$I$177,2,FALSE)*IF($I8=1,$AE8,1),0) -> 0 | AB8: =_xlfn.IFNA($H8*VLOOKUP($A8,M4_PR_Lijsten!$B$8:$I$177,3,FALSE)*IF($I8=1,$AE8,1),0) -> 0 | AC8: =_xlfn.IFNA($H8*VLOOKUP($A8,M4_PR_Lijsten!$B$8:$I$177,4,FALSE)*IF($I8=1,$AE8,1),0) -> 0 | AD8: =_xlfn.IFNA($H8*VLOOKUP($A8,M4_PR_Lijsten!$B$8:$I$177,5,FALSE)*IF(I8=1,1,0),0) -> 0 | AE8: =_xlfn.IFNA(VLOOKUP($A8,M4_PR_Lijsten!$B$8:$I$177,6,FALSE),0) -> 0 | AF8: =_xlfn.IFNA($H8*VLOOKUP($A8,M4_PR_Lijsten!$B$8:$I$177,7,FALSE),0) -> 0 | AG8: =_xlfn.IFNA($H8*VLOOKUP($A8,M4_PR_Lijsten!$B$8:$I$177,8,FALSE),0) -> 0
A9: 0 | B9: =_xlfn.IFNA(VLOOKUP(A9,M4_PR_Lijsten!$B$8:$J$177,9,FALSE),"geen opmerking") -> geen opmerking | M9: =_xlfn.IFNA(D9*VLOOKUP(A9,M4_PR_Lijsten!$B$8:$I$177,2,FALSE)*IF(E9=1,Q9,1),0) -> 0 | N9: =_xlfn.IFNA(D9*VLOOKUP(A9,M4_PR_Lijsten!$B$8:$I$177,3,FALSE)*IF(E9=1,Q9,1),0) -> 0 | O9: =_xlfn.IFNA(D9*VLOOKUP(A9,M4_PR_Lijsten!$B$8:$I$177,4,FALSE)*IF(E9=1,Q9,1),0) -> 0 | P9: =_xlfn.IFNA(D9*VLOOKUP(A9,M4_PR_Lijsten!$B$8:$I$177,5,FALSE)*IF(E9=1,1,0),0) -> 0 | Q9: =_xlfn.IFNA(VLOOKUP(A9,M4_PR_Lijsten!$B$8:$I$177,6,FALSE),0) -> 0 | R9: =_xlfn.IFNA(D9*VLOOKUP(A9,M4_PR_Lijsten!$B$8:$I$177,7,FALSE),0) -> 0 | S9: =_xlfn.IFNA(D9*VLOOKUP(A9,M4_PR_Lijsten!$B$8:$I$177,8,FALSE),0) -> 0 | T9: =_xlfn.IFNA($F9*VLOOKUP($A9,M4_PR_Lijsten!$B$8:$I$177,2,FALSE)*IF($G9=1,$X9,1),0) -> 0 | U9: =_xlfn.IFNA($F9*VLOOKUP($A9,M4_PR_Lijsten!$B$8:$I$177,3,FALSE)*IF($G9=1,$X9,1),0) -> 0 | V9: =_xlfn.IFNA($F9*VLOOKUP($A9,M4_PR_Lijsten!$B$8:$I$177,4,FALSE)*IF($E9=1,$Q9,1),0) -> 0 | W9: =_xlfn.IFNA($F9*VLOOKUP($A9,M4_PR_Lijsten!$B$8:$I$177,5,FALSE)*IF(G9=1,1,0),0) -> 0 | X9: =_xlfn.IFNA(VLOOKUP($A9,M4_PR_Lijsten!$B$8:$I$177,6,FALSE),0) -> 0 | Y9: =_xlfn.IFNA($F9*VLOOKUP($A9,M4_PR_Lijsten!$B$8:$I$177,7,FALSE),0) -> 0 | Z9: =_xlfn.IFNA($F9*VLOOKUP($A9,M4_PR_Lijsten!$B$8:$I$177,8,FALSE),0) -> 0 | AA9: =_xlfn.IFNA($H9*VLOOKUP($A9,M4_PR_Lijsten!$B$8:$I$177,2,FALSE)*IF($I9=1,$AE9,1),0) -> 0 | AB9: =_xlfn.IFNA($H9*VLOOKUP($A9,M4_PR_Lijsten!$B$8:$I$177,3,FALSE)*IF($I9=1,$AE9,1),0) -> 0 | AC9: =_xlfn.IFNA($H9*VLOOKUP($A9,M4_PR_Lijsten!$B$8:$I$177,4,FALSE)*IF($I9=1,$AE9,1),0) -> 0 | AD9: =_xlfn.IFNA($H9*VLOOKUP($A9,M4_PR_Lijsten!$B$8:$I$177,5,FALSE)*IF(I9=1,1,0),0) -> 0 | AE9: =_xlfn.IFNA(VLOOKUP($A9,M4_PR_Lijsten!$B$8:$I$177,6,FALSE),0) -> 0 | AF9: =_xlfn.IFNA($H9*VLOOKUP($A9,M4_PR_Lijsten!$B$8:$I$177,7,FALSE),0) -> 0 | AG9: =_xlfn.IFNA($H9*VLOOKUP($A9,M4_PR_Lijsten!$B$8:$I$177,8,FALSE),0) -> 0
A10: 0 | B10: =_xlfn.IFNA(VLOOKUP(A10,M4_PR_Lijsten!$B$8:$J$177,9,FALSE),"geen opmerking") -> geen opmerking | M10: =_xlfn.IFNA(D10*VLOOKUP(A10,M4_PR_Lijsten!$B$8:$I$177,2,FALSE)*IF(E10=1,Q10,1),0) -> 0 | N10: =_xlfn.IFNA(D10*VLOOKUP(A10,M4_PR_Lijsten!$B$8:$I$177,3,FALSE)*IF(E10=1,Q10,1),0) -> 0 | O10: =_xlfn.IFNA(D10*VLOOKUP(A10,M4_PR_Lijsten!$B$8:$I$177,4,FALSE)*IF(E10=1,Q10,1),0) -> 0 | P10: =_xlfn.IFNA(D10*VLOOKUP(A10,M4_PR_Lijsten!$B$8:$I$177,5,FALSE)*IF(E10=1,1,0),0) -> 0 | Q10: =_xlfn.IFNA(VLOOKUP(A10,M4_PR_Lijsten!$B$8:$I$177,6,FALSE),0) -> 0 | R10: =_xlfn.IFNA(D10*VLOOKUP(A10,M4_PR_Lijsten!$B$8:$I$177,7,FALSE),0) -> 0 | S10: =_xlfn.IFNA(D10*VLOOKUP(A10,M4_PR_Lijsten!$B$8:$I$177,8,FALSE),0) -> 0 | T10: =_xlfn.IFNA($F10*VLOOKUP($A10,M4_PR_Lijsten!$B$8:$I$177,2,FALSE)*IF($G10=1,$X10,1),0) -> 0 | U10: =_xlfn.IFNA($F10*VLOOKUP($A10,M4_PR_Lijsten!$B$8:$I$177,3,FALSE)*IF($G10=1,$X10,1),0) -> 0 | V10: =_xlfn.IFNA($F10*VLOOKUP($A10,M4_PR_Lijsten!$B$8:$I$177,4,FALSE)*IF($E10=1,$Q10,1),0) -> 0 | W10: =_xlfn.IFNA($F10*VLOOKUP($A10,M4_PR_Lijsten!$B$8:$I$177,5,FALSE)*IF(G10=1,1,0),0) -> 0 | X10: =_xlfn.IFNA(VLOOKUP($A10,M4_PR_Lijsten!$B$8:$I$177,6,FALSE),0) -> 0 | Y10: =_xlfn.IFNA($F10*VLOOKUP($A10,M4_PR_Lijsten!$B$8:$I$177,7,FALSE),0) -> 0 | Z10: =_xlfn.IFNA($F10*VLOOKUP($A10,M4_PR_Lijsten!$B$8:$I$177,8,FALSE),0) -> 0 | AA10: =_xlfn.IFNA($H10*VLOOKUP($A10,M4_PR_Lijsten!$B$8:$I$177,2,FALSE)*IF($I10=1,$AE10,1),0) -> 0 | AB10: =_xlfn.IFNA($H10*VLOOKUP($A10,M4_PR_Lijsten!$B$8:$I$177,3,FALSE)*IF($I10=1,$AE10,1),0) -> 0 | AC10: =_xlfn.IFNA($H10*VLOOKUP($A10,M4_PR_Lijsten!$B$8:$I$177,4,FALSE)*IF($I10=1,$AE10,1),0) -> 0 | AD10: =_xlfn.IFNA($H10*VLOOKUP($A10,M4_PR_Lijsten!$B$8:$I$177,5,FALSE)*IF(I10=1,1,0),0) -> 0 | AE10: =_xlfn.IFNA(VLOOKUP($A10,M4_PR_Lijsten!$B$8:$I$177,6,FALSE),0) -> 0 | AF10: =_xlfn.IFNA($H10*VLOOKUP($A10,M4_PR_Lijsten!$B$8:$I$177,7,FALSE),0) -> 0 | AG10: =_xlfn.IFNA($H10*VLOOKUP($A10,M4_PR_Lijsten!$B$8:$I$177,8,FALSE),0) -> 0
A11: 0 | B11: =_xlfn.IFNA(VLOOKUP(A11,M4_PR_Lijsten!$B$8:$J$177,9,FALSE),"geen opmerking") -> geen opmerking | M11: =_xlfn.IFNA(D11*VLOOKUP(A11,M4_PR_Lijsten!$B$8:$I$177,2,FALSE)*IF(E11=1,Q11,1),0) -> 0 | N11: =_xlfn.IFNA(D11*VLOOKUP(A11,M4_PR_Lijsten!$B$8:$I$177,3,FALSE)*IF(E11=1,Q11,1),0) -> 0 | O11: =_xlfn.IFNA(D11*VLOOKUP(A11,M4_PR_Lijsten!$B$8:$I$177,4,FALSE)*IF(E11=1,Q11,1),0) -> 0 | P11: =_xlfn.IFNA(D11*VLOOKUP(A11,M4_PR_Lijsten!$B$8:$I$177,5,FALSE)*IF(E11=1,1,0),0) -> 0 | Q11: =_xlfn.IFNA(VLOOKUP(A11,M4_PR_Lijsten!$B$8:$I$177,6,FALSE),0) -> 0 | R11: =_xlfn.IFNA(D11*VLOOKUP(A11,M4_PR_Lijsten!$B$8:$I$177,7,FALSE),0) -> 0 | S11: =_xlfn.IFNA(D11*VLOOKUP(A11,M4_PR_Lijsten!$B$8:$I$177,8,FALSE),0) -> 0 | T11: =_xlfn.IFNA($F11*VLOOKUP($A11,M4_PR_Lijsten!$B$8:$I$177,2,FALSE)*IF($G11=1,$X11,1),0) -> 0 | U11: =_xlfn.IFNA($F11*VLOOKUP($A11,M4_PR_Lijsten!$B$8:$I$177,3,FALSE)*IF($G11=1,$X11,1),0) -> 0 | V11: =_xlfn.IFNA($F11*VLOOKUP($A11,M4_PR_Lijsten!$B$8:$I$177,4,FALSE)*IF($E11=1,$Q11,1),0) -> 0 | W11: =_xlfn.IFNA($F11*VLOOKUP($A11,M4_PR_Lijsten!$B$8:$I$177,5,FALSE)*IF(G11=1,1,0),0) -> 0 | X11: =_xlfn.IFNA(VLOOKUP($A11,M4_PR_Lijsten!$B$8:$I$177,6,FALSE),0) -> 0 | Y11: =_xlfn.IFNA($F11*VLOOKUP($A11,M4_PR_Lijsten!$B$8:$I$177,7,FALSE),0) -> 0 | Z11: =_xlfn.IFNA($F11*VLOOKUP($A11,M4_PR_Lijsten!$B$8:$I$177,8,FALSE),0) -> 0 | AA11: =_xlfn.IFNA($H11*VLOOKUP($A11,M4_PR_Lijsten!$B$8:$I$177,2,FALSE)*IF($I11=1,$AE11,1),0) -> 0 | AB11: =_xlfn.IFNA($H11*VLOOKUP($A11,M4_PR_Lijsten!$B$8:$I$177,3,FALSE)*IF($I11=1,$AE11,1),0) -> 0 | AC11: =_xlfn.IFNA($H11*VLOOKUP($A11,M4_PR_Lijsten!$B$8:$I$177,4,FALSE)*IF($I11=1,$AE11,1),0) -> 0 | AD11: =_xlfn.IFNA($H11*VLOOKUP($A11,M4_PR_Lijsten!$B$8:$I$177,5,FALSE)*IF(I11=1,1,0),0) -> 0 | AE11: =_xlfn.IFNA(VLOOKUP($A11,M4_PR_Lijsten!$B$8:$I$177,6,FALSE),0) -> 0 | AF11: =_xlfn.IFNA($H11*VLOOKUP($A11,M4_PR_Lijsten!$B$8:$I$177,7,FALSE),0) -> 0 | AG11: =_xlfn.IFNA($H11*VLOOKUP($A11,M4_PR_Lijsten!$B$8:$I$177,8,FALSE),0) -> 0
A12: 0 | B12: =_xlfn.IFNA(VLOOKUP(A12,M4_PR_Lijsten!$B$8:$J$177,9,FALSE),"geen opmerking") -> geen opmerking | M12: =_xlfn.IFNA(D12*VLOOKUP(A12,M4_PR_Lijsten!$B$8:$I$177,2,FALSE)*IF(E12=1,Q12,1),0) -> 0 | N12: =_xlfn.IFNA(D12*VLOOKUP(A12,M4_PR_Lijsten!$B$8:$I$177,3,FALSE)*IF(E12=1,Q12,1),0) -> 0 | O12: =_xlfn.IFNA(D12*VLOOKUP(A12,M4_PR_Lijsten!$B$8:$I$177,4,FALSE)*IF(E12=1,Q12,1),0) -> 0 | P12: =_xlfn.IFNA(D12*VLOOKUP(A12,M4_PR_Lijsten!$B$8:$I$177,5,FALSE)*IF(E12=1,1,0),0) -> 0 | Q12: =_xlfn.IFNA(VLOOKUP(A12,M4_PR_Lijsten!$B$8:$I$177,6,FALSE),0) -> 0 | R12: =_xlfn.IFNA(D12*VLOOKUP(A12,M4_PR_Lijsten!$B$8:$I$177,7,FALSE),0) -> 0 | S12: =_xlfn.IFNA(D12*VLOOKUP(A12,M4_PR_Lijsten!$B$8:$I$177,8,FALSE),0) -> 0 | T12: =_xlfn.IFNA($F12*VLOOKUP($A12,M4_PR_Lijsten!$B$8:$I$177,2,FALSE)*IF($G12=1,$X12,1),0) -> 0 | U12: =_xlfn.IFNA($F12*VLOOKUP($A12,M4_PR_Lijsten!$B$8:$I$177,3,FALSE)*IF($G12=1,$X12,1),0) -> 0 | V12: =_xlfn.IFNA($F12*VLOOKUP($A12,M4_PR_Lijsten!$B$8:$I$177,4,FALSE)*IF($E12=1,$Q12,1),0) -> 0 | W12: =_xlfn.IFNA($F12*VLOOKUP($A12,M4_PR_Lijsten!$B$8:$I$177,5,FALSE)*IF(G12=1,1,0),0) -> 0 | X12: =_xlfn.IFNA(VLOOKUP($A12,M4_PR_Lijsten!$B$8:$I$177,6,FALSE),0) -> 0 | Y12: =_xlfn.IFNA($F12*VLOOKUP($A12,M4_PR_Lijsten!$B$8:$I$177,7,FALSE),0) -> 0 | Z12: =_xlfn.IFNA($F12*VLOOKUP($A12,M4_PR_Lijsten!$B$8:$I$177,8,FALSE),0) -> 0 | AA12: =_xlfn.IFNA($H12*VLOOKUP($A12,M4_PR_Lijsten!$B$8:$I$177,2,FALSE)*IF($I12=1,$AE12,1),0) -> 0 | AB12: =_xlfn.IFNA($H12*VLOOKUP($A12,M4_PR_Lijsten!$B$8:$I$177,3,FALSE)*IF($I12=1,$AE12,1),0) -> 0 | AC12: =_xlfn.IFNA($H12*VLOOKUP($A12,M4_PR_Lijsten!$B$8:$I$177,4,FALSE)*IF($I12=1,$AE12,1),0) -> 0 | AD12: =_xlfn.IFNA($H12*VLOOKUP($A12,M4_PR_Lijsten!$B$8:$I$177,5,FALSE)*IF(I12=1,1,0),0) -> 0 | AE12: =_xlfn.IFNA(VLOOKUP($A12,M4_PR_Lijsten!$B$8:$I$177,6,FALSE),0) -> 0 | AF12: =_xlfn.IFNA($H12*VLOOKUP($A12,M4_PR_Lijsten!$B$8:$I$177,7,FALSE),0) -> 0 | AG12: =_xlfn.IFNA($H12*VLOOKUP($A12,M4_PR_Lijsten!$B$8:$I$177,8,FALSE),0) -> 0
A13: 0 | B13: =_xlfn.IFNA(VLOOKUP(A13,M4_PR_Lijsten!$B$8:$J$177,9,FALSE),"geen opmerking") -> geen opmerking | M13: =_xlfn.IFNA(D13*VLOOKUP(A13,M4_PR_Lijsten!$B$8:$I$177,2,FALSE)*IF(E13=1,Q13,1),0) -> 0 | N13: =_xlfn.IFNA(D13*VLOOKUP(A13,M4_PR_Lijsten!$B$8:$I$177,3,FALSE)*IF(E13=1,Q13,1),0) -> 0 | O13: =_xlfn.IFNA(D13*VLOOKUP(A13,M4_PR_Lijsten!$B$8:$I$177,4,FALSE)*IF(E13=1,Q13,1),0) -> 0 | P13: =_xlfn.IFNA(D13*VLOOKUP(A13,M4_PR_Lijsten!$B$8:$I$177,5,FALSE)*IF(E13=1,1,0),0) -> 0 | Q13: =_xlfn.IFNA(VLOOKUP(A13,M4_PR_Lijsten!$B$8:$I$177,6,FALSE),0) -> 0 | R13: =_xlfn.IFNA(D13*VLOOKUP(A13,M4_PR_Lijsten!$B$8:$I$177,7,FALSE),0) -> 0 | S13: =_xlfn.IFNA(D13*VLOOKUP(A13,M4_PR_Lijsten!$B$8:$I$177,8,FALSE),0) -> 0 | T13: =_xlfn.IFNA($F13*VLOOKUP($A13,M4_PR_Lijsten!$B$8:$I$177,2,FALSE)*IF($G13=1,$X13,1),0) -> 0 | U13: =_xlfn.IFNA($F13*VLOOKUP($A13,M4_PR_Lijsten!$B$8:$I$177,3,FALSE)*IF($G13=1,$X13,1),0) -> 0 | V13: =_xlfn.IFNA($F13*VLOOKUP($A13,M4_PR_Lijsten!$B$8:$I$177,4,FALSE)*IF($E13=1,$Q13,1),0) -> 0 | W13: =_xlfn.IFNA($F13*VLOOKUP($A13,M4_PR_Lijsten!$B$8:$I$177,5,FALSE)*IF(G13=1,1,0),0) -> 0 | X13: =_xlfn.IFNA(VLOOKUP($A13,M4_PR_Lijsten!$B$8:$I$177,6,FALSE),0) -> 0 | Y13: =_xlfn.IFNA($F13*VLOOKUP($A13,M4_PR_Lijsten!$B$8:$I$177,7,FALSE),0) -> 0 | Z13: =_xlfn.IFNA($F13*VLOOKUP($A13,M4_PR_Lijsten!$B$8:$I$177,8,FALSE),0) -> 0 | AA13: =_xlfn.IFNA($H13*VLOOKUP($A13,M4_PR_Lijsten!$B$8:$I$177,2,FALSE)*IF($I13=1,$AE13,1),0) -> 0 | AB13: =_xlfn.IFNA($H13*VLOOKUP($A13,M4_PR_Lijsten!$B$8:$I$177,3,FALSE)*IF($I13=1,$AE13,1),0) -> 0 | AC13: =_xlfn.IFNA($H13*VLOOKUP($A13,M4_PR_Lijsten!$B$8:$I$177,4,FALSE)*IF($I13=1,$AE13,1),0) -> 0 | AD13: =_xlfn.IFNA($H13*VLOOKUP($A13,M4_PR_Lijsten!$B$8:$I$177,5,FALSE)*IF(I13=1,1,0),0) -> 0 | AE13: =_xlfn.IFNA(VLOOKUP($A13,M4_PR_Lijsten!$B$8:$I$177,6,FALSE),0) -> 0 | AF13: =_xlfn.IFNA($H13*VLOOKUP($A13,M4_PR_Lijsten!$B$8:$I$177,7,FALSE),0) -> 0 | AG13: =_xlfn.IFNA($H13*VLOOKUP($A13,M4_PR_Lijsten!$B$8:$I$177,8,FALSE),0) -> 0
A14: Collectie warmteprojecten | J14: =SUM(M16:M28)/$M$5+SUM(N16:N28)/$N$5+SUM(O16:O28)/$O$5 -> 163 | K14: =SUM(T16:T28)/$M$5+SUM(U16:U28)/$N$5+SUM(V16:V28)/$O$5 -> 0 | L14: =SUM(AA16:AA28)/$M$5+SUM(AB16:AB28)/$N$5+SUM(AC16:AC28)/$O$5 -> 0
C15: De volgorde van deze stappen volgt de gebruikelijke sequentie bij de aanleg van warmtenetten. | E15: 1= ja | G15: 1= ja | I15: 1= ja
A16: {=M4_PR_Lijsten!B27:B39} -> Opvolgen verkaveling Borgt | B16: =_xlfn.IFNA(VLOOKUP(A16,M4_PR_Lijsten!$B$8:$J$177,9,FALSE),"geen opmerking") -> Tijd voorzien om de loop van het dossier en de communicatie met de ontwikkelaar op te volgen. We voorzien hier ook dat de gemeenten een coördinerende rol opneemt om informatie van Providentia, de school, sporthal, … verzamelt. | C16: te voorzien voor clusters waar een marktconsultatie niet evident lijkt (bv omwille van geen aanleiding) | D16: 1 | M16: =_xlfn.IFNA(D16*VLOOKUP(A16,M4_PR_Lijsten!$B$8:$I$177,2,FALSE)*IF(E16=1,Q16,1),0) -> 4812.5 | N16: =_xlfn.IFNA(D16*VLOOKUP(A16,M4_PR_Lijsten!$B$8:$I$177,3,FALSE)*IF(E16=1,Q16,1),0) -> 375 | O16: =_xlfn.IFNA(D16*VLOOKUP(A16,M4_PR_Lijsten!$B$8:$I$177,4,FALSE)*IF(E16=1,Q16,1),0) -> 1218.75 | P16: =_xlfn.IFNA(D16*VLOOKUP(A16,M4_PR_Lijsten!$B$8:$I$177,5,FALSE)*IF(E16=1,1,0),0) -> 0 | Q16: =_xlfn.IFNA(VLOOKUP(A16,M4_PR_Lijsten!$B$8:$I$177,6,FALSE),0) -> 1 | R16: =_xlfn.IFNA(D16*VLOOKUP(A16,M4_PR_Lijsten!$B$8:$I$177,7,FALSE),0) -> 0 | S16: =_xlfn.IFNA(D16*VLOOKUP(A16,M4_PR_Lijsten!$B$8:$I$177,8,FALSE),0) -> 0 | T16: =_xlfn.IFNA($F16*VLOOKUP($A16,M4_PR_Lijsten!$B$8:$I$177,2,FALSE)*IF($G16=1,$X16,1),0) -> 0 | U16: =_xlfn.IFNA($F16*VLOOKUP($A16,M4_PR_Lijsten!$B$8:$I$177,3,FALSE)*IF($G16=1,$X16,1),0) -> 0 | V16: =_xlfn.IFNA($F16*VLOOKUP($A16,M4_PR_Lijsten!$B$8:$I$177,4,FALSE)*IF($E16=1,$Q16,1),0) -> 0 | W16: =_xlfn.IFNA($F16*VLOOKUP($A16,M4_PR_Lijsten!$B$8:$I$177,5,FALSE)*IF(G16=1,1,0),0) -> 0 | X16: =_xlfn.IFNA(VLOOKUP($A16,M4_PR_Lijsten!$B$8:$I$177,6,FALSE),0) -> 1 | Y16: =_xlfn.IFNA($F16*VLOOKUP($A16,M4_PR_Lijsten!$B$8:$I$177,7,FALSE),0) -> 0 | Z16: =_xlfn.IFNA($F16*VLOOKUP($A16,M4_PR_Lijsten!$B$8:$I$177,8,FALSE),0) -> 0 | AA16: =_xlfn.IFNA($H16*VLOOKUP($A16,M4_PR_Lijsten!$B$8:$I$177,2,FALSE)*IF($I16=1,$AE16,1),0) -> 0 | AB16: =_xlfn.IFNA($H16*VLOOKUP($A16,M4_PR_Lijsten!$B$8:$I$177,3,FALSE)*IF($I16=1,$AE16,1),0) -> 0 | AC16: =_xlfn.IFNA($H16*VLOOKUP($A16,M4_PR_Lijsten!$B$8:$I$177,4,FALSE)*IF($I16=1,$AE16,1),0) -> 0 | AD16: =_xlfn.IFNA($H16*VLOOKUP($A16,M4_PR_Lijsten!$B$8:$I$177,5,FALSE)*IF(I16=1,1,0),0) -> 0 | AE16: =_xlfn.IFNA(VLOOKUP($A16,M4_PR_Lijsten!$B$8:$I$177,6,FALSE),0) -> 1 | AF16: =_xlfn.IFNA($H16*VLOOKUP($A16,M4_PR_Lijsten!$B$8:$I$177,7,FALSE),0) -> 0 | AG16: =_xlfn.IFNA($H16*VLOOKUP($A16,M4_PR_Lijsten!$B$8:$I$177,8,FALSE),0) -> 0
A17: Particpatie in de haalbaarheidstudie | B17: =_xlfn.IFNA(VLOOKUP(A17,M4_PR_Lijsten!$B$8:$J$177,9,FALSE),"geen opmerking") -> Als er een studie naar een warmtenet komt aan Borgt, zal de gemeente daar een aandeel in hebben voor de gebouwen waar zij eigenaar van is. Er is nog geen zicht of en hoe de sociale woonmaatschappij zou kunnen participeren. | C17: voorkeurssysteem om de leefbaarheid van een project af te toetsen | D17: 1 | E17: 0 | M17: =_xlfn.IFNA(D17*VLOOKUP(A17,M4_PR_Lijsten!$B$8:$I$177,2,FALSE)*IF(E17=1,Q17,1),0) -> 4812.5 | N17: =_xlfn.IFNA(D17*VLOOKUP(A17,M4_PR_Lijsten!$B$8:$I$177,3,FALSE)*IF(E17=1,Q17,1),0) -> 0 | O17: =_xlfn.IFNA(D17*VLOOKUP(A17,M4_PR_Lijsten!$B$8:$I$177,4,FALSE)*IF(E17=1,Q17,1),0) -> 0 | P17: =_xlfn.IFNA(D17*VLOOKUP(A17,M4_PR_Lijsten!$B$8:$I$177,5,FALSE)*IF(E17=1,1,0),0) -> 0 | Q17: =_xlfn.IFNA(VLOOKUP(A17,M4_PR_Lijsten!$B$8:$I$177,6,FALSE),0) -> 1 | R17: =_xlfn.IFNA(D17*VLOOKUP(A17,M4_PR_Lijsten!$B$8:$I$177,7,FALSE),0) -> 0 | S17: =_xlfn.IFNA(D17*VLOOKUP(A17,M4_PR_Lijsten!$B$8:$I$177,8,FALSE),0) -> 0 | T17: =_xlfn.IFNA($F17*VLOOKUP($A17,M4_PR_Lijsten!$B$8:$I$177,2,FALSE)*IF($G17=1,$X17,1),0) -> 0 | U17: =_xlfn.IFNA($F17*VLOOKUP($A17,M4_PR_Lijsten!$B$8:$I$177,3,FALSE)*IF($G17=1,$X17,1),0) -> 0 | V17: =_xlfn.IFNA($F17*VLOOKUP($A17,M4_PR_Lijsten!$B$8:$I$177,4,FALSE)*IF($E17=1,$Q17,1),0) -> 0 | W17: =_xlfn.IFNA($F17*VLOOKUP($A17,M4_PR_Lijsten!$B$8:$I$177,5,FALSE)*IF(G17=1,1,0),0) -> 0 | X17: =_xlfn.IFNA(VLOOKUP($A17,M4_PR_Lijsten!$B$8:$I$177,6,FALSE),0) -> 1 | Y17: =_xlfn.IFNA($F17*VLOOKUP($A17,M4_PR_Lijsten!$B$8:$I$177,7,FALSE),0) -> 0 | Z17: =_xlfn.IFNA($F17*VLOOKUP($A17,M4_PR_Lijsten!$B$8:$I$177,8,FALSE),0) -> 0 | AA17: =_xlfn.IFNA($H17*VLOOKUP($A17,M4_PR_Lijsten!$B$8:$I$177,2,FALSE)*IF($I17=1,$AE17,1),0) -> 0 | AB17: =_xlfn.IFNA($H17*VLOOKUP($A17,M4_PR_Lijsten!$B$8:$I$177,3,FALSE)*IF($I17=1,$AE17,1),0) -> 0 | AC17: =_xlfn.IFNA($H17*VLOOKUP($A17,M4_PR_Lijsten!$B$8:$I$177,4,FALSE)*IF($I17=1,$AE17,1),0) -> 0 | AD17: =_xlfn.IFNA($H17*VLOOKUP($A17,M4_PR_Lijsten!$B$8:$I$177,5,FALSE)*IF(I17=1,1,0),0) -> 0 | AE17: =_xlfn.IFNA(VLOOKUP($A17,M4_PR_Lijsten!$B$8:$I$177,6,FALSE),0) -> 1 | AF17: =_xlfn.IFNA($H17*VLOOKUP($A17,M4_PR_Lijsten!$B$8:$I$177,7,FALSE),0) -> 0 | AG17: =_xlfn.IFNA($H17*VLOOKUP($A17,M4_PR_Lijsten!$B$8:$I$177,8,FALSE),0) -> 0
A18: Ondersteuning bij het sluiten van een intentieovereenkomst | B18: =_xlfn.IFNA(VLOOKUP(A18,M4_PR_Lijsten!$B$8:$J$177,9,FALSE),"geen opmerking") -> Participatie in de externe begeleiding voor het sluiten van een intentieovereenkomst. Voorzien is het volgen van de vergaderingen, voorbereiden van het standpunt van Grimbergen, terugkoppeling met CBS | C18: Te voorzien voor alle collectieve clusters waarin gemeente betrokken is. | D18: 1 | E18: 1 | M18: =_xlfn.IFNA(D18*VLOOKUP(A18,M4_PR_Lijsten!$B$8:$I$177,2,FALSE)*IF(E18=1,Q18,1),0) -> 2625 | N18: =_xlfn.IFNA(D18*VLOOKUP(A18,M4_PR_Lijsten!$B$8:$I$177,3,FALSE)*IF(E18=1,Q18,1),0) -> 1875 | O18: =_xlfn.IFNA(D18*VLOOKUP(A18,M4_PR_Lijsten!$B$8:$I$177,4,FALSE)*IF(E18=1,Q18,1),0) -> 406.25 | P18: =_xlfn.IFNA(D18*VLOOKUP(A18,M4_PR_Lijsten!$B$8:$I$177,5,FALSE)*IF(E18=1,1,0),0) -> 7500 | Q18: =_xlfn.IFNA(VLOOKUP(A18,M4_PR_Lijsten!$B$8:$I$177,6,FALSE),0) -> 1 | R18: =_xlfn.IFNA(D18*VLOOKUP(A18,M4_PR_Lijsten!$B$8:$I$177,7,FALSE),0) -> 0 | S18: =_xlfn.IFNA(D18*VLOOKUP(A18,M4_PR_Lijsten!$B$8:$I$177,8,FALSE),0) -> 0 | T18: =_xlfn.IFNA($F18*VLOOKUP($A18,M4_PR_Lijsten!$B$8:$I$177,2,FALSE)*IF($G18=1,$X18,1),0) -> 0 | U18: =_xlfn.IFNA($F18*VLOOKUP($A18,M4_PR_Lijsten!$B$8:$I$177,3,FALSE)*IF($G18=1,$X18,1),0) -> 0 | V18: =_xlfn.IFNA($F18*VLOOKUP($A18,M4_PR_Lijsten!$B$8:$I$177,4,FALSE)*IF($E18=1,$Q18,1),0) -> 0 | W18: =_xlfn.IFNA($F18*VLOOKUP($A18,M4_PR_Lijsten!$B$8:$I$177,5,FALSE)*IF(G18=1,1,0),0) -> 0 | X18: =_xlfn.IFNA(VLOOKUP($A18,M4_PR_Lijsten!$B$8:$I$177,6,FALSE),0) -> 1 | Y18: =_xlfn.IFNA($F18*VLOOKUP($A18,M4_PR_Lijsten!$B$8:$I$177,7,FALSE),0) -> 0 | Z18: =_xlfn.IFNA($F18*VLOOKUP($A18,M4_PR_Lijsten!$B$8:$I$177,8,FALSE),0) -> 0 | AA18: =_xlfn.IFNA($H18*VLOOKUP($A18,M4_PR_Lijsten!$B$8:$I$177,2,FALSE)*IF($I18=1,$AE18,1),0) -> 0 | AB18: =_xlfn.IFNA($H18*VLOOKUP($A18,M4_PR_Lijsten!$B$8:$I$177,3,FALSE)*IF($I18=1,$AE18,1),0) -> 0 | AC18: =_xlfn.IFNA($H18*VLOOKUP($A18,M4_PR_Lijsten!$B$8:$I$177,4,FALSE)*IF($I18=1,$AE18,1),0) -> 0 | AD18: =_xlfn.IFNA($H18*VLOOKUP($A18,M4_PR_Lijsten!$B$8:$I$177,5,FALSE)*IF(I18=1,1,0),0) -> 0 | AE18: =_xlfn.IFNA(VLOOKUP($A18,M4_PR_Lijsten!$B$8:$I$177,6,FALSE),0) -> 1 | AF18: =_xlfn.IFNA($H18*VLOOKUP($A18,M4_PR_Lijsten!$B$8:$I$177,7,FALSE),0) -> 0 | AG18: =_xlfn.IFNA($H18*VLOOKUP($A18,M4_PR_Lijsten!$B$8:$I$177,8,FALSE),0) -> 0
A19: Opvolgen ontwerpplannen | B19: =_xlfn.IFNA(VLOOKUP(A19,M4_PR_Lijsten!$B$8:$J$177,9,FALSE),"geen opmerking") -> Opvolging van plannen voor interactie met openbaar domein, erfdienstbaarheden, aanpassingen openbaar domein, …. | C19: Te voorzien voor alle collectieve clusters waarin gemeente betrokken is. | D19: 1 | E19: 0 | M19: =_xlfn.IFNA(D19*VLOOKUP(A19,M4_PR_Lijsten!$B$8:$I$177,2,FALSE)*IF(E19=1,Q19,1),0) -> 875 | N19: =_xlfn.IFNA(D19*VLOOKUP(A19,M4_PR_Lijsten!$B$8:$I$177,3,FALSE)*IF(E19=1,Q19,1),0) -> 0 | O19: =_xlfn.IFNA(D19*VLOOKUP(A19,M4_PR_Lijsten!$B$8:$I$177,4,FALSE)*IF(E19=1,Q19,1),0) -> 2031.25 | P19: =_xlfn.IFNA(D19*VLOOKUP(A19,M4_PR_Lijsten!$B$8:$I$177,5,FALSE)*IF(E19=1,1,0),0) -> 0 | Q19: =_xlfn.IFNA(VLOOKUP(A19,M4_PR_Lijsten!$B$8:$I$177,6,FALSE),0) -> 0.5 | R19: =_xlfn.IFNA(D19*VLOOKUP(A19,M4_PR_Lijsten!$B$8:$I$177,7,FALSE),0) -> 0 | S19: =_xlfn.IFNA(D19*VLOOKUP(A19,M4_PR_Lijsten!$B$8:$I$177,8,FALSE),0) -> 0 | T19: =_xlfn.IFNA($F19*VLOOKUP($A19,M4_PR_Lijsten!$B$8:$I$177,2,FALSE)*IF($G19=1,$X19,1),0) -> 0 | U19: =_xlfn.IFNA($F19*VLOOKUP($A19,M4_PR_Lijsten!$B$8:$I$177,3,FALSE)*IF($G19=1,$X19,1),0) -> 0 | V19: =_xlfn.IFNA($F19*VLOOKUP($A19,M4_PR_Lijsten!$B$8:$I$177,4,FALSE)*IF($E19=1,$Q19,1),0) -> 0 | W19: =_xlfn.IFNA($F19*VLOOKUP($A19,M4_PR_Lijsten!$B$8:$I$177,5,FALSE)*IF(G19=1,1,0),0) -> 0 | X19: =_xlfn.IFNA(VLOOKUP($A19,M4_PR_Lijsten!$B$8:$I$177,6,FALSE),0) -> 0.5 | Y19: =_xlfn.IFNA($F19*VLOOKUP($A19,M4_PR_Lijsten!$B$8:$I$177,7,FALSE),0) -> 0 | Z19: =_xlfn.IFNA($F19*VLOOKUP($A19,M4_PR_Lijsten!$B$8:$I$177,8,FALSE),0) -> 0 | AA19: =_xlfn.IFNA($H19*VLOOKUP($A19,M4_PR_Lijsten!$B$8:$I$177,2,FALSE)*IF($I19=1,$AE19,1),0) -> 0 | AB19: =_xlfn.IFNA($H19*VLOOKUP($A19,M4_PR_Lijsten!$B$8:$I$177,3,FALSE)*IF($I19=1,$AE19,1),0) -> 0 | AC19: =_xlfn.IFNA($H19*VLOOKUP($A19,M4_PR_Lijsten!$B$8:$I$177,4,FALSE)*IF($I19=1,$AE19,1),0) -> 0 | AD19: =_xlfn.IFNA($H19*VLOOKUP($A19,M4_PR_Lijsten!$B$8:$I$177,5,FALSE)*IF(I19=1,1,0),0) -> 0 | AE19: =_xlfn.IFNA(VLOOKUP($A19,M4_PR_Lijsten!$B$8:$I$177,6,FALSE),0) -> 0.5 | AF19: =_xlfn.IFNA($H19*VLOOKUP($A19,M4_PR_Lijsten!$B$8:$I$177,7,FALSE),0) -> 0 | AG19: =_xlfn.IFNA($H19*VLOOKUP($A19,M4_PR_Lijsten!$B$8:$I$177,8,FALSE),0) -> 0
A20: Opvolgen nieuwe verkavelingen, inbreidingen en andere grote bouwdossiers [jaarkost] | B20: =_xlfn.IFNA(VLOOKUP(A20,M4_PR_Lijsten!$B$8:$J$177,9,FALSE),"geen opmerking") -> Screening op warmtepotentiëel van nieuwe grote projecten. Nagaan of er koppelkansen zijn met eigen patrimonium, eventueel intergemeentelijk overleg opzetten, bij kansrijke clusters nauwer opvolgen. 3 nieuwe doessiers per jaar, 1 kansrijk dossier. | C20: Te voorzien indien verwacht wordt dat de gemeente bijkomende afnemers aantrekt. | D20: 6 | E20: 0 | M20: =_xlfn.IFNA(D20*VLOOKUP(A20,M4_PR_Lijsten!$B$8:$I$177,2,FALSE)*IF(E20=1,Q20,1),0) -> 10500 | N20: =_xlfn.IFNA(D20*VLOOKUP(A20,M4_PR_Lijsten!$B$8:$I$177,3,FALSE)*IF(E20=1,Q20,1),0) -> 9000 | O20: =_xlfn.IFNA(D20*VLOOKUP(A20,M4_PR_Lijsten!$B$8:$I$177,4,FALSE)*IF(E20=1,Q20,1),0) -> 0 | P20: =_xlfn.IFNA(D20*VLOOKUP(A20,M4_PR_Lijsten!$B$8:$I$177,5,FALSE)*IF(E20=1,1,0),0) -> 0 | Q20: =_xlfn.IFNA(VLOOKUP(A20,M4_PR_Lijsten!$B$8:$I$177,6,FALSE),0) -> 0.25 | R20: =_xlfn.IFNA(D20*VLOOKUP(A20,M4_PR_Lijsten!$B$8:$I$177,7,FALSE),0) -> 0 | S20: =_xlfn.IFNA(D20*VLOOKUP(A20,M4_PR_Lijsten!$B$8:$I$177,8,FALSE),0) -> 0 | T20: =_xlfn.IFNA($F20*VLOOKUP($A20,M4_PR_Lijsten!$B$8:$I$177,2,FALSE)*IF($G20=1,$X20,1),0) -> 0 | U20: =_xlfn.IFNA($F20*VLOOKUP($A20,M4_PR_Lijsten!$B$8:$I$177,3,FALSE)*IF($G20=1,$X20,1),0) -> 0 | V20: =_xlfn.IFNA($F20*VLOOKUP($A20,M4_PR_Lijsten!$B$8:$I$177,4,FALSE)*IF($E20=1,$Q20,1),0) -> 0 | W20: =_xlfn.IFNA($F20*VLOOKUP($A20,M4_PR_Lijsten!$B$8:$I$177,5,FALSE)*IF(G20=1,1,0),0) -> 0 | X20: =_xlfn.IFNA(VLOOKUP($A20,M4_PR_Lijsten!$B$8:$I$177,6,FALSE),0) -> 0.25 | Y20: =_xlfn.IFNA($F20*VLOOKUP($A20,M4_PR_Lijsten!$B$8:$I$177,7,FALSE),0) -> 0 | Z20: =_xlfn.IFNA($F20*VLOOKUP($A20,M4_PR_Lijsten!$B$8:$I$177,8,FALSE),0) -> 0 | AA20: =_xlfn.IFNA($H20*VLOOKUP($A20,M4_PR_Lijsten!$B$8:$I$177,2,FALSE)*IF($I20=1,$AE20,1),0) -> 0 | AB20: =_xlfn.IFNA($H20*VLOOKUP($A20,M4_PR_Lijsten!$B$8:$I$177,3,FALSE)*IF($I20=1,$AE20,1),0) -> 0 | AC20: =_xlfn.IFNA($H20*VLOOKUP($A20,M4_PR_Lijsten!$B$8:$I$177,4,FALSE)*IF($I20=1,$AE20,1),0) -> 0 | AD20: =_xlfn.IFNA($H20*VLOOKUP($A20,M4_PR_Lijsten!$B$8:$I$177,5,FALSE)*IF(I20=1,1,0),0) -> 0 | AE20: =_xlfn.IFNA(VLOOKUP($A20,M4_PR_Lijsten!$B$8:$I$177,6,FALSE),0) -> 0.25 | AF20: =_xlfn.IFNA($H20*VLOOKUP($A20,M4_PR_Lijsten!$B$8:$I$177,7,FALSE),0) -> 0 | AG20: =_xlfn.IFNA($H20*VLOOKUP($A20,M4_PR_Lijsten!$B$8:$I$177,8,FALSE),0) -> 0
A21: Bedrijventerreinen ondersteunen [opstartkost, later te evalueren] | B21: =_xlfn.IFNA(VLOOKUP(A21,M4_PR_Lijsten!$B$8:$J$177,9,FALSE),"geen opmerking") -> Bedrijventerreinwerking opvolgen vanuit de discipliine warmte: opstartfase ondersteunen, één samenkomst rond warmteproductie/uitwisseling voorzien. (budget is slechts een onderdeel van de puzzel, opstartkost bedrijventerrein management is afhankelijk van de gewenste beschikbaarheid parkmanager; grootte orde € 50 000 voor 2 jaar aan 30-40% beschikbaarheid) | C21: Te voorzien per collectief project dat gerealiseerd wordt. | D21: 2 | E21: 0 | M21: =_xlfn.IFNA(D21*VLOOKUP(A21,M4_PR_Lijsten!$B$8:$I$177,2,FALSE)*IF(E21=1,Q21,1),0) -> 6125 | N21: =_xlfn.IFNA(D21*VLOOKUP(A21,M4_PR_Lijsten!$B$8:$I$177,3,FALSE)*IF(E21=1,Q21,1),0) -> 3000 | O21: =_xlfn.IFNA(D21*VLOOKUP(A21,M4_PR_Lijsten!$B$8:$I$177,4,FALSE)*IF(E21=1,Q21,1),0) -> 0 | P21: =_xlfn.IFNA(D21*VLOOKUP(A21,M4_PR_Lijsten!$B$8:$I$177,5,FALSE)*IF(E21=1,1,0),0) -> 0 | Q21: =_xlfn.IFNA(VLOOKUP(A21,M4_PR_Lijsten!$B$8:$I$177,6,FALSE),0) -> 1 | R21: =_xlfn.IFNA(D21*VLOOKUP(A21,M4_PR_Lijsten!$B$8:$I$177,7,FALSE),0) -> 0 | S21: =_xlfn.IFNA(D21*VLOOKUP(A21,M4_PR_Lijsten!$B$8:$I$177,8,FALSE),0) -> 0 | T21: =_xlfn.IFNA($F21*VLOOKUP($A21,M4_PR_Lijsten!$B$8:$I$177,2,FALSE)*IF($G21=1,$X21,1),0) -> 0 | U21: =_xlfn.IFNA($F21*VLOOKUP($A21,M4_PR_Lijsten!$B$8:$I$177,3,FALSE)*IF($G21=1,$X21,1),0) -> 0 | V21: =_xlfn.IFNA($F21*VLOOKUP($A21,M4_PR_Lijsten!$B$8:$I$177,4,FALSE)*IF($E21=1,$Q21,1),0) -> 0 | W21: =_xlfn.IFNA($F21*VLOOKUP($A21,M4_PR_Lijsten!$B$8:$I$177,5,FALSE)*IF(G21=1,1,0),0) -> 0 | X21: =_xlfn.IFNA(VLOOKUP($A21,M4_PR_Lijsten!$B$8:$I$177,6,FALSE),0) -> 1 | Y21: =_xlfn.IFNA($F21*VLOOKUP($A21,M4_PR_Lijsten!$B$8:$I$177,7,FALSE),0) -> 0 | Z21: =_xlfn.IFNA($F21*VLOOKUP($A21,M4_PR_Lijsten!$B$8:$I$177,8,FALSE),0) -> 0 | AA21: =_xlfn.IFNA($H21*VLOOKUP($A21,M4_PR_Lijsten!$B$8:$I$177,2,FALSE)*IF($I21=1,$AE21,1),0) -> 0 | AB21: =_xlfn.IFNA($H21*VLOOKUP($A21,M4_PR_Lijsten!$B$8:$I$177,3,FALSE)*IF($I21=1,$AE21,1),0) -> 0 | AC21: =_xlfn.IFNA($H21*VLOOKUP($A21,M4_PR_Lijsten!$B$8:$I$177,4,FALSE)*IF($I21=1,$AE21,1),0) -> 0 | AD21: =_xlfn.IFNA($H21*VLOOKUP($A21,M4_PR_Lijsten!$B$8:$I$177,5,FALSE)*IF(I21=1,1,0),0) -> 0 | AE21: =_xlfn.IFNA(VLOOKUP($A21,M4_PR_Lijsten!$B$8:$I$177,6,FALSE),0) -> 1 | AF21: =_xlfn.IFNA($H21*VLOOKUP($A21,M4_PR_Lijsten!$B$8:$I$177,7,FALSE),0) -> 0 | AG21: =_xlfn.IFNA($H21*VLOOKUP($A21,M4_PR_Lijsten!$B$8:$I$177,8,FALSE),0) -> 0
A22: Afstemming ruimtelijke plannen [per 1 planningsproces] | B22: =_xlfn.IFNA(VLOOKUP(A22,M4_PR_Lijsten!$B$8:$J$177,9,FALSE),"geen opmerking") -> Bijvoorbeeld het opvolgen van RUPS of beleidsplannen en masterplannen zowel lokaal als op Provinciaal niveau | C22: Te voorzien per RUP of masterplan | D22: 2 | E22: 0 | M22: =_xlfn.IFNA(D22*VLOOKUP(A22,M4_PR_Lijsten!$B$8:$I$177,2,FALSE)*IF(E22=1,Q22,1),0) -> 8750 | N22: =_xlfn.IFNA(D22*VLOOKUP(A22,M4_PR_Lijsten!$B$8:$I$177,3,FALSE)*IF(E22=1,Q22,1),0) -> 1500 | O22: =_xlfn.IFNA(D22*VLOOKUP(A22,M4_PR_Lijsten!$B$8:$I$177,4,FALSE)*IF(E22=1,Q22,1),0) -> 0 | P22: =_xlfn.IFNA(D22*VLOOKUP(A22,M4_PR_Lijsten!$B$8:$I$177,5,FALSE)*IF(E22=1,1,0),0) -> 0 | Q22: =_xlfn.IFNA(VLOOKUP(A22,M4_PR_Lijsten!$B$8:$I$177,6,FALSE),0) -> 0.4 | R22: =_xlfn.IFNA(D22*VLOOKUP(A22,M4_PR_Lijsten!$B$8:$I$177,7,FALSE),0) -> 0 | S22: =_xlfn.IFNA(D22*VLOOKUP(A22,M4_PR_Lijsten!$B$8:$I$177,8,FALSE),0) -> 0 | T22: =_xlfn.IFNA($F22*VLOOKUP($A22,M4_PR_Lijsten!$B$8:$I$177,2,FALSE)*IF($G22=1,$X22,1),0) -> 0 | U22: =_xlfn.IFNA($F22*VLOOKUP($A22,M4_PR_Lijsten!$B$8:$I$177,3,FALSE)*IF($G22=1,$X22,1),0) -> 0 | V22: =_xlfn.IFNA($F22*VLOOKUP($A22,M4_PR_Lijsten!$B$8:$I$177,4,FALSE)*IF($E22=1,$Q22,1),0) -> 0 | W22: =_xlfn.IFNA($F22*VLOOKUP($A22,M4_PR_Lijsten!$B$8:$I$177,5,FALSE)*IF(G22=1,1,0),0) -> 0 | X22: =_xlfn.IFNA(VLOOKUP($A22,M4_PR_Lijsten!$B$8:$I$177,6,FALSE),0) -> 0.4 | Y22: =_xlfn.IFNA($F22*VLOOKUP($A22,M4_PR_Lijsten!$B$8:$I$177,7,FALSE),0) -> 0 | Z22: =_xlfn.IFNA($F22*VLOOKUP($A22,M4_PR_Lijsten!$B$8:$I$177,8,FALSE),0) -> 0 | AA22: =_xlfn.IFNA($H22*VLOOKUP($A22,M4_PR_Lijsten!$B$8:$I$177,2,FALSE)*IF($I22=1,$AE22,1),0) -> 0 | AB22: =_xlfn.IFNA($H22*VLOOKUP($A22,M4_PR_Lijsten!$B$8:$I$177,3,FALSE)*IF($I22=1,$AE22,1),0) -> 0 | AC22: =_xlfn.IFNA($H22*VLOOKUP($A22,M4_PR_Lijsten!$B$8:$I$177,4,FALSE)*IF($I22=1,$AE22,1),0) -> 0 | AD22: =_xlfn.IFNA($H22*VLOOKUP($A22,M4_PR_Lijsten!$B$8:$I$177,5,FALSE)*IF(I22=1,1,0),0) -> 0 | AE22: =_xlfn.IFNA(VLOOKUP($A22,M4_PR_Lijsten!$B$8:$I$177,6,FALSE),0) -> 0.4 | AF22: =_xlfn.IFNA($H22*VLOOKUP($A22,M4_PR_Lijsten!$B$8:$I$177,7,FALSE),0) -> 0 | AG22: =_xlfn.IFNA($H22*VLOOKUP($A22,M4_PR_Lijsten!$B$8:$I$177,8,FALSE),0) -> 0
A23: Eigen vastgoed aansluiten [per 1 publiek gebouw] | B23: =_xlfn.IFNA(VLOOKUP(A23,M4_PR_Lijsten!$B$8:$J$177,9,FALSE),"geen opmerking") -> Kost voor het screenen van gebouwen waar gewerkt zal worden, opvolgen van ontwerpkeuzes. | C23: Te voorzien per gebouw aan te sluiten op het warmtenet. | D23: 4 | E23: 0 | M23: =_xlfn.IFNA(D23*VLOOKUP(A23,M4_PR_Lijsten!$B$8:$I$177,2,FALSE)*IF(E23=1,Q23,1),0) -> 3500 | N23: =_xlfn.IFNA(D23*VLOOKUP(A23,M4_PR_Lijsten!$B$8:$I$177,3,FALSE)*IF(E23=1,Q23,1),0) -> 3000 | O23: =_xlfn.IFNA(D23*VLOOKUP(A23,M4_PR_Lijsten!$B$8:$I$177,4,FALSE)*IF(E23=1,Q23,1),0) -> 3250 | P23: =_xlfn.IFNA(D23*VLOOKUP(A23,M4_PR_Lijsten!$B$8:$I$177,5,FALSE)*IF(E23=1,1,0),0) -> 0 | Q23: =_xlfn.IFNA(VLOOKUP(A23,M4_PR_Lijsten!$B$8:$I$177,6,FALSE),0) -> 0.1 | R23: =_xlfn.IFNA(D23*VLOOKUP(A23,M4_PR_Lijsten!$B$8:$I$177,7,FALSE),0) -> 0 | S23: =_xlfn.IFNA(D23*VLOOKUP(A23,M4_PR_Lijsten!$B$8:$I$177,8,FALSE),0) -> 0 | T23: =_xlfn.IFNA($F23*VLOOKUP($A23,M4_PR_Lijsten!$B$8:$I$177,2,FALSE)*IF($G23=1,$X23,1),0) -> 0 | U23: =_xlfn.IFNA($F23*VLOOKUP($A23,M4_PR_Lijsten!$B$8:$I$177,3,FALSE)*IF($G23=1,$X23,1),0) -> 0 | V23: =_xlfn.IFNA($F23*VLOOKUP($A23,M4_PR_Lijsten!$B$8:$I$177,4,FALSE)*IF($E23=1,$Q23,1),0) -> 0 | W23: =_xlfn.IFNA($F23*VLOOKUP($A23,M4_PR_Lijsten!$B$8:$I$177,5,FALSE)*IF(G23=1,1,0),0) -> 0 | X23: =_xlfn.IFNA(VLOOKUP($A23,M4_PR_Lijsten!$B$8:$I$177,6,FALSE),0) -> 0.1 | Y23: =_xlfn.IFNA($F23*VLOOKUP($A23,M4_PR_Lijsten!$B$8:$I$177,7,FALSE),0) -> 0 | Z23: =_xlfn.IFNA($F23*VLOOKUP($A23,M4_PR_Lijsten!$B$8:$I$177,8,FALSE),0) -> 0 | AA23: =_xlfn.IFNA($H23*VLOOKUP($A23,M4_PR_Lijsten!$B$8:$I$177,2,FALSE)*IF($I23=1,$AE23,1),0) -> 0 | AB23: =_xlfn.IFNA($H23*VLOOKUP($A23,M4_PR_Lijsten!$B$8:$I$177,3,FALSE)*IF($I23=1,$AE23,1),0) -> 0 | AC23: =_xlfn.IFNA($H23*VLOOKUP($A23,M4_PR_Lijsten!$B$8:$I$177,4,FALSE)*IF($I23=1,$AE23,1),0) -> 0 | AD23: =_xlfn.IFNA($H23*VLOOKUP($A23,M4_PR_Lijsten!$B$8:$I$177,5,FALSE)*IF(I23=1,1,0),0) -> 0 | AE23: =_xlfn.IFNA(VLOOKUP($A23,M4_PR_Lijsten!$B$8:$I$177,6,FALSE),0) -> 0.1 | AF23: =_xlfn.IFNA($H23*VLOOKUP($A23,M4_PR_Lijsten!$B$8:$I$177,7,FALSE),0) -> 0 | AG23: =_xlfn.IFNA($H23*VLOOKUP($A23,M4_PR_Lijsten!$B$8:$I$177,8,FALSE),0) -> 0
A24: reserve | B24: =_xlfn.IFNA(VLOOKUP(A24,M4_PR_Lijsten!$B$8:$J$177,9,FALSE),"geen opmerking") -> 0 | C24: Te voorzien indien de gemeente eigen betrokkenheid bij warmtenet voorziet | M24: =_xlfn.IFNA(D24*VLOOKUP(A24,M4_PR_Lijsten!$B$8:$I$177,2,FALSE)*IF(E24=1,Q24,1),0) -> 0 | N24: =_xlfn.IFNA(D24*VLOOKUP(A24,M4_PR_Lijsten!$B$8:$I$177,3,FALSE)*IF(E24=1,Q24,1),0) -> 0 | O24: =_xlfn.IFNA(D24*VLOOKUP(A24,M4_PR_Lijsten!$B$8:$I$177,4,FALSE)*IF(E24=1,Q24,1),0) -> 0 | P24: =_xlfn.IFNA(D24*VLOOKUP(A24,M4_PR_Lijsten!$B$8:$I$177,5,FALSE)*IF(E24=1,1,0),0) -> 0 | Q24: =_xlfn.IFNA(VLOOKUP(A24,M4_PR_Lijsten!$B$8:$I$177,6,FALSE),0) -> 1 | R24: =_xlfn.IFNA(D24*VLOOKUP(A24,M4_PR_Lijsten!$B$8:$I$177,7,FALSE),0) -> 0 | S24: =_xlfn.IFNA(D24*VLOOKUP(A24,M4_PR_Lijsten!$B$8:$I$177,8,FALSE),0) -> 0 | T24: =_xlfn.IFNA($F24*VLOOKUP($A24,M4_PR_Lijsten!$B$8:$I$177,2,FALSE)*IF($G24=1,$X24,1),0) -> 0 | U24: =_xlfn.IFNA($F24*VLOOKUP($A24,M4_PR_Lijsten!$B$8:$I$177,3,FALSE)*IF($G24=1,$X24,1),0) -> 0 | V24: =_xlfn.IFNA($F24*VLOOKUP($A24,M4_PR_Lijsten!$B$8:$I$177,4,FALSE)*IF($E24=1,$Q24,1),0) -> 0 | W24: =_xlfn.IFNA($F24*VLOOKUP($A24,M4_PR_Lijsten!$B$8:$I$177,5,FALSE)*IF(G24=1,1,0),0) -> 0 | X24: =_xlfn.IFNA(VLOOKUP($A24,M4_PR_Lijsten!$B$8:$I$177,6,FALSE),0) -> 1 | Y24: =_xlfn.IFNA($F24*VLOOKUP($A24,M4_PR_Lijsten!$B$8:$I$177,7,FALSE),0) -> 0 | Z24: =_xlfn.IFNA($F24*VLOOKUP($A24,M4_PR_Lijsten!$B$8:$I$177,8,FALSE),0) -> 0 | AA24: =_xlfn.IFNA($H24*VLOOKUP($A24,M4_PR_Lijsten!$B$8:$I$177,2,FALSE)*IF($I24=1,$AE24,1),0) -> 0 | AB24: =_xlfn.IFNA($H24*VLOOKUP($A24,M4_PR_Lijsten!$B$8:$I$177,3,FALSE)*IF($I24=1,$AE24,1),0) -> 0 | AC24: =_xlfn.IFNA($H24*VLOOKUP($A24,M4_PR_Lijsten!$B$8:$I$177,4,FALSE)*IF($I24=1,$AE24,1),0) -> 0 | AD24: =_xlfn.IFNA($H24*VLOOKUP($A24,M4_PR_Lijsten!$B$8:$I$177,5,FALSE)*IF(I24=1,1,0),0) -> 0 | AE24: =_xlfn.IFNA(VLOOKUP($A24,M4_PR_Lijsten!$B$8:$I$177,6,FALSE),0) -> 1 | AF24: =_xlfn.IFNA($H24*VLOOKUP($A24,M4_PR_Lijsten!$B$8:$I$177,7,FALSE),0) -> 0 | AG24: =_xlfn.IFNA($H24*VLOOKUP($A24,M4_PR_Lijsten!$B$8:$I$177,8,FALSE),0) -> 0
A25: 0 | B25: =_xlfn.IFNA(VLOOKUP(A25,M4_PR_Lijsten!$B$8:$J$177,9,FALSE),"geen opmerking") -> geen opmerking | M25: =_xlfn.IFNA(D25*VLOOKUP(A25,M4_PR_Lijsten!$B$8:$I$177,2,FALSE)*IF(E25=1,Q25,1),0) -> 0 | N25: =_xlfn.IFNA(D25*VLOOKUP(A25,M4_PR_Lijsten!$B$8:$I$177,3,FALSE)*IF(E25=1,Q25,1),0) -> 0 | O25: =_xlfn.IFNA(D25*VLOOKUP(A25,M4_PR_Lijsten!$B$8:$I$177,4,FALSE)*IF(E25=1,Q25,1),0) -> 0 | P25: =_xlfn.IFNA(D25*VLOOKUP(A25,M4_PR_Lijsten!$B$8:$I$177,5,FALSE)*IF(E25=1,1,0),0) -> 0 | Q25: =_xlfn.IFNA(VLOOKUP(A25,M4_PR_Lijsten!$B$8:$I$177,6,FALSE),0) -> 0 | R25: =_xlfn.IFNA(D25*VLOOKUP(A25,M4_PR_Lijsten!$B$8:$I$177,7,FALSE),0) -> 0 | S25: =_xlfn.IFNA(D25*VLOOKUP(A25,M4_PR_Lijsten!$B$8:$I$177,8,FALSE),0) -> 0 | T25: =_xlfn.IFNA($F25*VLOOKUP($A25,M4_PR_Lijsten!$B$8:$I$177,2,FALSE)*IF($G25=1,$X25,1),0) -> 0 | U25: =_xlfn.IFNA($F25*VLOOKUP($A25,M4_PR_Lijsten!$B$8:$I$177,3,FALSE)*IF($G25=1,$X25,1),0) -> 0 | V25: =_xlfn.IFNA($F25*VLOOKUP($A25,M4_PR_Lijsten!$B$8:$I$177,4,FALSE)*IF($E25=1,$Q25,1),0) -> 0 | W25: =_xlfn.IFNA($F25*VLOOKUP($A25,M4_PR_Lijsten!$B$8:$I$177,5,FALSE)*IF(G25=1,1,0),0) -> 0 | X25: =_xlfn.IFNA(VLOOKUP($A25,M4_PR_Lijsten!$B$8:$I$177,6,FALSE),0) -> 0 | Y25: =_xlfn.IFNA($F25*VLOOKUP($A25,M4_PR_Lijsten!$B$8:$I$177,7,FALSE),0) -> 0 | Z25: =_xlfn.IFNA($F25*VLOOKUP($A25,M4_PR_Lijsten!$B$8:$I$177,8,FALSE),0) -> 0 | AA25: =_xlfn.IFNA($H25*VLOOKUP($A25,M4_PR_Lijsten!$B$8:$I$177,2,FALSE)*IF($I25=1,$AE25,1),0) -> 0 | AB25: =_xlfn.IFNA($H25*VLOOKUP($A25,M4_PR_Lijsten!$B$8:$I$177,3,FALSE)*IF($I25=1,$AE25,1),0) -> 0 | AC25: =_xlfn.IFNA($H25*VLOOKUP($A25,M4_PR_Lijsten!$B$8:$I$177,4,FALSE)*IF($I25=1,$AE25,1),0) -> 0 | AD25: =_xlfn.IFNA($H25*VLOOKUP($A25,M4_PR_Lijsten!$B$8:$I$177,5,FALSE)*IF(I25=1,1,0),0) -> 0 | AE25: =_xlfn.IFNA(VLOOKUP($A25,M4_PR_Lijsten!$B$8:$I$177,6,FALSE),0) -> 0 | AF25: =_xlfn.IFNA($H25*VLOOKUP($A25,M4_PR_Lijsten!$B$8:$I$177,7,FALSE),0) -> 0 | AG25: =_xlfn.IFNA($H25*VLOOKUP($A25,M4_PR_Lijsten!$B$8:$I$177,8,FALSE),0) -> 0
A26: 0 | B26: =_xlfn.IFNA(VLOOKUP(A26,M4_PR_Lijsten!$B$8:$J$177,9,FALSE),"geen opmerking") -> geen opmerking | M26: =_xlfn.IFNA(D26*VLOOKUP(A26,M4_PR_Lijsten!$B$8:$I$177,2,FALSE)*IF(E26=1,Q26,1),0) -> 0 | N26: =_xlfn.IFNA(D26*VLOOKUP(A26,M4_PR_Lijsten!$B$8:$I$177,3,FALSE)*IF(E26=1,Q26,1),0) -> 0 | O26: =_xlfn.IFNA(D26*VLOOKUP(A26,M4_PR_Lijsten!$B$8:$I$177,4,FALSE)*IF(E26=1,Q26,1),0) -> 0 | P26: =_xlfn.IFNA(D26*VLOOKUP(A26,M4_PR_Lijsten!$B$8:$I$177,5,FALSE)*IF(E26=1,1,0),0) -> 0 | Q26: =_xlfn.IFNA(VLOOKUP(A26,M4_PR_Lijsten!$B$8:$I$177,6,FALSE),0) -> 0 | R26: =_xlfn.IFNA(D26*VLOOKUP(A26,M4_PR_Lijsten!$B$8:$I$177,7,FALSE),0) -> 0 | S26: =_xlfn.IFNA(D26*VLOOKUP(A26,M4_PR_Lijsten!$B$8:$I$177,8,FALSE),0) -> 0 | T26: =_xlfn.IFNA($F26*VLOOKUP($A26,M4_PR_Lijsten!$B$8:$I$177,2,FALSE)*IF($G26=1,$X26,1),0) -> 0 | U26: =_xlfn.IFNA($F26*VLOOKUP($A26,M4_PR_Lijsten!$B$8:$I$177,3,FALSE)*IF($G26=1,$X26,1),0) -> 0 | V26: =_xlfn.IFNA($F26*VLOOKUP($A26,M4_PR_Lijsten!$B$8:$I$177,4,FALSE)*IF($E26=1,$Q26,1),0) -> 0 | W26: =_xlfn.IFNA($F26*VLOOKUP($A26,M4_PR_Lijsten!$B$8:$I$177,5,FALSE)*IF(G26=1,1,0),0) -> 0 | X26: =_xlfn.IFNA(VLOOKUP($A26,M4_PR_Lijsten!$B$8:$I$177,6,FALSE),0) -> 0 | Y26: =_xlfn.IFNA($F26*VLOOKUP($A26,M4_PR_Lijsten!$B$8:$I$177,7,FALSE),0) -> 0 | Z26: =_xlfn.IFNA($F26*VLOOKUP($A26,M4_PR_Lijsten!$B$8:$I$177,8,FALSE),0) -> 0 | AA26: =_xlfn.IFNA($H26*VLOOKUP($A26,M4_PR_Lijsten!$B$8:$I$177,2,FALSE)*IF($I26=1,$AE26,1),0) -> 0 | AB26: =_xlfn.IFNA($H26*VLOOKUP($A26,M4_PR_Lijsten!$B$8:$I$177,3,FALSE)*IF($I26=1,$AE26,1),0) -> 0 | AC26: =_xlfn.IFNA($H26*VLOOKUP($A26,M4_PR_Lijsten!$B$8:$I$177,4,FALSE)*IF($I26=1,$AE26,1),0) -> 0 | AD26: =_xlfn.IFNA($H26*VLOOKUP($A26,M4_PR_Lijsten!$B$8:$I$177,5,FALSE)*IF(I26=1,1,0),0) -> 0 | AE26: =_xlfn.IFNA(VLOOKUP($A26,M4_PR_Lijsten!$B$8:$I$177,6,FALSE),0) -> 0 | AF26: =_xlfn.IFNA($H26*VLOOKUP($A26,M4_PR_Lijsten!$B$8:$I$177,7,FALSE),0) -> 0 | AG26: =_xlfn.IFNA($H26*VLOOKUP($A26,M4_PR_Lijsten!$B$8:$I$177,8,FALSE),0) -> 0
A27: 0 | B27: =_xlfn.IFNA(VLOOKUP(A27,M4_PR_Lijsten!$B$8:$J$177,9,FALSE),"geen opmerking") -> geen opmerking | M27: =_xlfn.IFNA(D27*VLOOKUP(A27,M4_PR_Lijsten!$B$8:$I$177,2,FALSE)*IF(E27=1,Q27,1),0) -> 0 | N27: =_xlfn.IFNA(D27*VLOOKUP(A27,M4_PR_Lijsten!$B$8:$I$177,3,FALSE)*IF(E27=1,Q27,1),0) -> 0 | O27: =_xlfn.IFNA(D27*VLOOKUP(A27,M4_PR_Lijsten!$B$8:$I$177,4,FALSE)*IF(E27=1,Q27,1),0) -> 0 | P27: =_xlfn.IFNA(D27*VLOOKUP(A27,M4_PR_Lijsten!$B$8:$I$177,5,FALSE)*IF(E27=1,1,0),0) -> 0 | Q27: =_xlfn.IFNA(VLOOKUP(A27,M4_PR_Lijsten!$B$8:$I$177,6,FALSE),0) -> 0 | R27: =_xlfn.IFNA(D27*VLOOKUP(A27,M4_PR_Lijsten!$B$8:$I$177,7,FALSE),0) -> 0 | S27: =_xlfn.IFNA(D27*VLOOKUP(A27,M4_PR_Lijsten!$B$8:$I$177,8,FALSE),0) -> 0 | T27: =_xlfn.IFNA($F27*VLOOKUP($A27,M4_PR_Lijsten!$B$8:$I$177,2,FALSE)*IF($G27=1,$X27,1),0) -> 0 | U27: =_xlfn.IFNA($F27*VLOOKUP($A27,M4_PR_Lijsten!$B$8:$I$177,3,FALSE)*IF($G27=1,$X27,1),0) -> 0 | V27: =_xlfn.IFNA($F27*VLOOKUP($A27,M4_PR_Lijsten!$B$8:$I$177,4,FALSE)*IF($E27=1,$Q27,1),0) -> 0 | W27: =_xlfn.IFNA($F27*VLOOKUP($A27,M4_PR_Lijsten!$B$8:$I$177,5,FALSE)*IF(G27=1,1,0),0) -> 0 | X27: =_xlfn.IFNA(VLOOKUP($A27,M4_PR_Lijsten!$B$8:$I$177,6,FALSE),0) -> 0 | Y27: =_xlfn.IFNA($F27*VLOOKUP($A27,M4_PR_Lijsten!$B$8:$I$177,7,FALSE),0) -> 0 | Z27: =_xlfn.IFNA($F27*VLOOKUP($A27,M4_PR_Lijsten!$B$8:$I$177,8,FALSE),0) -> 0 | AA27: =_xlfn.IFNA($H27*VLOOKUP($A27,M4_PR_Lijsten!$B$8:$I$177,2,FALSE)*IF($I27=1,$AE27,1),0) -> 0 | AB27: =_xlfn.IFNA($H27*VLOOKUP($A27,M4_PR_Lijsten!$B$8:$I$177,3,FALSE)*IF($I27=1,$AE27,1),0) -> 0 | AC27: =_xlfn.IFNA($H27*VLOOKUP($A27,M4_PR_Lijsten!$B$8:$I$177,4,FALSE)*IF($I27=1,$AE27,1),0) -> 0 | AD27: =_xlfn.IFNA($H27*VLOOKUP($A27,M4_PR_Lijsten!$B$8:$I$177,5,FALSE)*IF(I27=1,1,0),0) -> 0 | AE27: =_xlfn.IFNA(VLOOKUP($A27,M4_PR_Lijsten!$B$8:$I$177,6,FALSE),0) -> 0 | AF27: =_xlfn.IFNA($H27*VLOOKUP($A27,M4_PR_Lijsten!$B$8:$I$177,7,FALSE),0) -> 0 | AG27: =_xlfn.IFNA($H27*VLOOKUP($A27,M4_PR_Lijsten!$B$8:$I$177,8,FALSE),0) -> 0
A28: 0 | B28: =_xlfn.IFNA(VLOOKUP(A28,M4_PR_Lijsten!$B$8:$J$177,9,FALSE),"geen opmerking") -> geen opmerking | M28: =_xlfn.IFNA(D28*VLOOKUP(A28,M4_PR_Lijsten!$B$8:$I$177,2,FALSE)*IF(E28=1,Q28,1),0) -> 0 | N28: =_xlfn.IFNA(D28*VLOOKUP(A28,M4_PR_Lijsten!$B$8:$I$177,3,FALSE)*IF(E28=1,Q28,1),0) -> 0 | O28: =_xlfn.IFNA(D28*VLOOKUP(A28,M4_PR_Lijsten!$B$8:$I$177,4,FALSE)*IF(E28=1,Q28,1),0) -> 0 | P28: =_xlfn.IFNA(D28*VLOOKUP(A28,M4_PR_Lijsten!$B$8:$I$177,5,FALSE)*IF(E28=1,1,0),0) -> 0 | Q28: =_xlfn.IFNA(VLOOKUP(A28,M4_PR_Lijsten!$B$8:$I$177,6,FALSE),0) -> 0 | R28: =_xlfn.IFNA(D28*VLOOKUP(A28,M4_PR_Lijsten!$B$8:$I$177,7,FALSE),0) -> 0 | S28: =_xlfn.IFNA(D28*VLOOKUP(A28,M4_PR_Lijsten!$B$8:$I$177,8,FALSE),0) -> 0 | T28: =_xlfn.IFNA($F28*VLOOKUP($A28,M4_PR_Lijsten!$B$8:$I$177,2,FALSE)*IF($G28=1,$X28,1),0) -> 0 | U28: =_xlfn.IFNA($F28*VLOOKUP($A28,M4_PR_Lijsten!$B$8:$I$177,3,FALSE)*IF($G28=1,$X28,1),0) -> 0 | V28: =_xlfn.IFNA($F28*VLOOKUP($A28,M4_PR_Lijsten!$B$8:$I$177,4,FALSE)*IF($E28=1,$Q28,1),0) -> 0 | W28: =_xlfn.IFNA($F28*VLOOKUP($A28,M4_PR_Lijsten!$B$8:$I$177,5,FALSE)*IF(G28=1,1,0),0) -> 0 | X28: =_xlfn.IFNA(VLOOKUP($A28,M4_PR_Lijsten!$B$8:$I$177,6,FALSE),0) -> 0 | Y28: =_xlfn.IFNA($F28*VLOOKUP($A28,M4_PR_Lijsten!$B$8:$I$177,7,FALSE),0) -> 0 | Z28: =_xlfn.IFNA($F28*VLOOKUP($A28,M4_PR_Lijsten!$B$8:$I$177,8,FALSE),0) -> 0 | AA28: =_xlfn.IFNA($H28*VLOOKUP($A28,M4_PR_Lijsten!$B$8:$I$177,2,FALSE)*IF($I28=1,$AE28,1),0) -> 0 | AB28: =_xlfn.IFNA($H28*VLOOKUP($A28,M4_PR_Lijsten!$B$8:$I$177,3,FALSE)*IF($I28=1,$AE28,1),0) -> 0 | AC28: =_xlfn.IFNA($H28*VLOOKUP($A28,M4_PR_Lijsten!$B$8:$I$177,4,FALSE)*IF($I28=1,$AE28,1),0) -> 0 | AD28: =_xlfn.IFNA($H28*VLOOKUP($A28,M4_PR_Lijsten!$B$8:$I$177,5,FALSE)*IF(I28=1,1,0),0) -> 0 | AE28: =_xlfn.IFNA(VLOOKUP($A28,M4_PR_Lijsten!$B$8:$I$177,6,FALSE),0) -> 0 | AF28: =_xlfn.IFNA($H28*VLOOKUP($A28,M4_PR_Lijsten!$B$8:$I$177,7,FALSE),0) -> 0 | AG28: =_xlfn.IFNA($H28*VLOOKUP($A28,M4_PR_Lijsten!$B$8:$I$177,8,FALSE),0) -> 0
A29: Beleidsinitiatieven individuele warmte + renovatie (voor burgers en organisaties) | J29: =SUM(M30:M42)/$M$5+SUM(N30:N42)/$N$5+SUM(O30:O42)/$O$5 -> 81 | K29: =SUM(T30:T42)/$M$5+SUM(U30:U42)/$N$5+SUM(V30:V42)/$O$5 -> 0 | L29: =SUM(AA30:AA42)/$M$5+SUM(AB30:AB42)/$N$5+SUM(AC30:AC42)/$O$5 -> 0
A31: {=M4_PR_Lijsten!B64:B75} -> Opzetten van een communicatietraject gericht op één doelgroep | B31: =_xlfn.IFNA(VLOOKUP(A31,M4_PR_Lijsten!$B$8:$J$177,9,FALSE),"geen opmerking") -> Kost voor het aanmaken van persberichten, infoborden, begeleiding bij infosessies. Kan zowel intern als extern. | C31: Te voorzien per communicatielij/doelgroep | D31: 1 | E31: 0 | M31: =_xlfn.IFNA(D31*VLOOKUP(A31,M4_PR_Lijsten!$B$8:$I$177,2,FALSE)*IF(E31=1,Q31,1),0) -> 0 | N31: =_xlfn.IFNA(D31*VLOOKUP(A31,M4_PR_Lijsten!$B$8:$I$177,3,FALSE)*IF(E31=1,Q31,1),0) -> 750 | O31: =_xlfn.IFNA(D31*VLOOKUP(A31,M4_PR_Lijsten!$B$8:$I$177,4,FALSE)*IF(E31=1,Q31,1),0) -> 2437.5 | P31: =_xlfn.IFNA(D31*VLOOKUP(A31,M4_PR_Lijsten!$B$8:$I$177,5,FALSE)*IF(E31=1,1,0),0) -> 0 | Q31: =_xlfn.IFNA(VLOOKUP(A31,M4_PR_Lijsten!$B$8:$I$177,6,FALSE),0) -> 0.4 | R31: =_xlfn.IFNA(D31*VLOOKUP(A31,M4_PR_Lijsten!$B$8:$I$177,7,FALSE),0) -> 0 | S31: =_xlfn.IFNA(D31*VLOOKUP(A31,M4_PR_Lijsten!$B$8:$I$177,8,FALSE),0) -> 0 | T31: =_xlfn.IFNA($F31*VLOOKUP($A31,M4_PR_Lijsten!$B$8:$I$177,2,FALSE)*IF($G31=1,$X31,1),0) -> 0 | U31: =_xlfn.IFNA($F31*VLOOKUP($A31,M4_PR_Lijsten!$B$8:$I$177,3,FALSE)*IF($G31=1,$X31,1),0) -> 0 | V31: =_xlfn.IFNA($F31*VLOOKUP($A31,M4_PR_Lijsten!$B$8:$I$177,4,FALSE)*IF($E31=1,$Q31,1),0) -> 0 | W31: =_xlfn.IFNA($F31*VLOOKUP($A31,M4_PR_Lijsten!$B$8:$I$177,5,FALSE)*IF(G31=1,1,0),0) -> 0 | X31: =_xlfn.IFNA(VLOOKUP($A31,M4_PR_Lijsten!$B$8:$I$177,6,FALSE),0) -> 0.4 | Y31: =_xlfn.IFNA($F31*VLOOKUP($A31,M4_PR_Lijsten!$B$8:$I$177,7,FALSE),0) -> 0 | Z31: =_xlfn.IFNA($F31*VLOOKUP($A31,M4_PR_Lijsten!$B$8:$I$177,8,FALSE),0) -> 0 | AA31: =_xlfn.IFNA($H31*VLOOKUP($A31,M4_PR_Lijsten!$B$8:$I$177,2,FALSE)*IF($I31=1,$AE31,1),0) -> 0 | AB31: =_xlfn.IFNA($H31*VLOOKUP($A31,M4_PR_Lijsten!$B$8:$I$177,3,FALSE)*IF($I31=1,$AE31,1),0) -> 0 | AC31: =_xlfn.IFNA($H31*VLOOKUP($A31,M4_PR_Lijsten!$B$8:$I$177,4,FALSE)*IF($I31=1,$AE31,1),0) -> 0 | AD31: =_xlfn.IFNA($H31*VLOOKUP($A31,M4_PR_Lijsten!$B$8:$I$177,5,FALSE)*IF(I31=1,1,0),0) -> 0 | AE31: =_xlfn.IFNA(VLOOKUP($A31,M4_PR_Lijsten!$B$8:$I$177,6,FALSE),0) -> 0.4 | AF31: =_xlfn.IFNA($H31*VLOOKUP($A31,M4_PR_Lijsten!$B$8:$I$177,7,FALSE),0) -> 0 | AG31: =_xlfn.IFNA($H31*VLOOKUP($A31,M4_PR_Lijsten!$B$8:$I$177,8,FALSE),0) -> 0
A32: Energieadvies [per 50 wooneenheden] | B32: =_xlfn.IFNA(VLOOKUP(A32,M4_PR_Lijsten!$B$8:$J$177,9,FALSE),"geen opmerking") -> De kost om 50 woningen aan te pakken (externe kost) + de opvolging intern per 50 woningen | C32: Te voorzien op basis van het aantal woningen dat moet gerenoveerd worden op de legislatuur (neem 30-50% die begeleiding vragen) | D32: 12 | E32: 1 | M32: =_xlfn.IFNA(D32*VLOOKUP(A32,M4_PR_Lijsten!$B$8:$I$177,2,FALSE)*IF(E32=1,Q32,1),0) -> 5250 | N32: =_xlfn.IFNA(D32*VLOOKUP(A32,M4_PR_Lijsten!$B$8:$I$177,3,FALSE)*IF(E32=1,Q32,1),0) -> 2250 | O32: =_xlfn.IFNA(D32*VLOOKUP(A32,M4_PR_Lijsten!$B$8:$I$177,4,FALSE)*IF(E32=1,Q32,1),0) -> 0 | P32: =_xlfn.IFNA(D32*VLOOKUP(A32,M4_PR_Lijsten!$B$8:$I$177,5,FALSE)*IF(E32=1,1,0),0) -> 300000 | Q32: =_xlfn.IFNA(VLOOKUP(A32,M4_PR_Lijsten!$B$8:$I$177,6,FALSE),0) -> 1 | R32: =_xlfn.IFNA(D32*VLOOKUP(A32,M4_PR_Lijsten!$B$8:$I$177,7,FALSE),0) -> 0 | S32: =_xlfn.IFNA(D32*VLOOKUP(A32,M4_PR_Lijsten!$B$8:$I$177,8,FALSE),0) -> 0 | T32: =_xlfn.IFNA($F32*VLOOKUP($A32,M4_PR_Lijsten!$B$8:$I$177,2,FALSE)*IF($G32=1,$X32,1),0) -> 0 | U32: =_xlfn.IFNA($F32*VLOOKUP($A32,M4_PR_Lijsten!$B$8:$I$177,3,FALSE)*IF($G32=1,$X32,1),0) -> 0 | V32: =_xlfn.IFNA($F32*VLOOKUP($A32,M4_PR_Lijsten!$B$8:$I$177,4,FALSE)*IF($E32=1,$Q32,1),0) -> 0 | W32: =_xlfn.IFNA($F32*VLOOKUP($A32,M4_PR_Lijsten!$B$8:$I$177,5,FALSE)*IF(G32=1,1,0),0) -> 0 | X32: =_xlfn.IFNA(VLOOKUP($A32,M4_PR_Lijsten!$B$8:$I$177,6,FALSE),0) -> 1 | Y32: =_xlfn.IFNA($F32*VLOOKUP($A32,M4_PR_Lijsten!$B$8:$I$177,7,FALSE),0) -> 0 | Z32: =_xlfn.IFNA($F32*VLOOKUP($A32,M4_PR_Lijsten!$B$8:$I$177,8,FALSE),0) -> 0 | AA32: =_xlfn.IFNA($H32*VLOOKUP($A32,M4_PR_Lijsten!$B$8:$I$177,2,FALSE)*IF($I32=1,$AE32,1),0) -> 0 | AB32: =_xlfn.IFNA($H32*VLOOKUP($A32,M4_PR_Lijsten!$B$8:$I$177,3,FALSE)*IF($I32=1,$AE32,1),0) -> 0 | AC32: =_xlfn.IFNA($H32*VLOOKUP($A32,M4_PR_Lijsten!$B$8:$I$177,4,FALSE)*IF($I32=1,$AE32,1),0) -> 0 | AD32: =_xlfn.IFNA($H32*VLOOKUP($A32,M4_PR_Lijsten!$B$8:$I$177,5,FALSE)*IF(I32=1,1,0),0) -> 0 | AE32: =_xlfn.IFNA(VLOOKUP($A32,M4_PR_Lijsten!$B$8:$I$177,6,FALSE),0) -> 1 | AF32: =_xlfn.IFNA($H32*VLOOKUP($A32,M4_PR_Lijsten!$B$8:$I$177,7,FALSE),0) -> 0 | AG32: =_xlfn.IFNA($H32*VLOOKUP($A32,M4_PR_Lijsten!$B$8:$I$177,8,FALSE),0) -> 0
A33: VME-coaching [per 5 VME's] | B33: =_xlfn.IFNA(VLOOKUP(A33,M4_PR_Lijsten!$B$8:$J$177,9,FALSE),"geen opmerking") -> De kost om 5 VME's te begeleiden in de opmaak van een renovatiemasterplan (via een externe partij) + de opvolging die hiervoor intern nodgi is. | C33: Te bepalen op basis van het aantal gebouwen met VME's in de gemeente | D33: 6 | E33: 1 | M33: =_xlfn.IFNA(D33*VLOOKUP(A33,M4_PR_Lijsten!$B$8:$I$177,2,FALSE)*IF(E33=1,Q33,1),0) -> 2625 | N33: =_xlfn.IFNA(D33*VLOOKUP(A33,M4_PR_Lijsten!$B$8:$I$177,3,FALSE)*IF(E33=1,Q33,1),0) -> 4500 | O33: =_xlfn.IFNA(D33*VLOOKUP(A33,M4_PR_Lijsten!$B$8:$I$177,4,FALSE)*IF(E33=1,Q33,1),0) -> 0 | P33: =_xlfn.IFNA(D33*VLOOKUP(A33,M4_PR_Lijsten!$B$8:$I$177,5,FALSE)*IF(E33=1,1,0),0) -> 120000 | Q33: =_xlfn.IFNA(VLOOKUP(A33,M4_PR_Lijsten!$B$8:$I$177,6,FALSE),0) -> 1 | R33: =_xlfn.IFNA(D33*VLOOKUP(A33,M4_PR_Lijsten!$B$8:$I$177,7,FALSE),0) -> 0 | S33: =_xlfn.IFNA(D33*VLOOKUP(A33,M4_PR_Lijsten!$B$8:$I$177,8,FALSE),0) -> 0 | T33: =_xlfn.IFNA($F33*VLOOKUP($A33,M4_PR_Lijsten!$B$8:$I$177,2,FALSE)*IF($G33=1,$X33,1),0) -> 0 | U33: =_xlfn.IFNA($F33*VLOOKUP($A33,M4_PR_Lijsten!$B$8:$I$177,3,FALSE)*IF($G33=1,$X33,1),0) -> 0 | V33: =_xlfn.IFNA($F33*VLOOKUP($A33,M4_PR_Lijsten!$B$8:$I$177,4,FALSE)*IF($E33=1,$Q33,1),0) -> 0 | W33: =_xlfn.IFNA($F33*VLOOKUP($A33,M4_PR_Lijsten!$B$8:$I$177,5,FALSE)*IF(G33=1,1,0),0) -> 0 | X33: =_xlfn.IFNA(VLOOKUP($A33,M4_PR_Lijsten!$B$8:$I$177,6,FALSE),0) -> 1 | Y33: =_xlfn.IFNA($F33*VLOOKUP($A33,M4_PR_Lijsten!$B$8:$I$177,7,FALSE),0) -> 0 | Z33: =_xlfn.IFNA($F33*VLOOKUP($A33,M4_PR_Lijsten!$B$8:$I$177,8,FALSE),0) -> 0 | AA33: =_xlfn.IFNA($H33*VLOOKUP($A33,M4_PR_Lijsten!$B$8:$I$177,2,FALSE)*IF($I33=1,$AE33,1),0) -> 0 | AB33: =_xlfn.IFNA($H33*VLOOKUP($A33,M4_PR_Lijsten!$B$8:$I$177,3,FALSE)*IF($I33=1,$AE33,1),0) -> 0 | AC33: =_xlfn.IFNA($H33*VLOOKUP($A33,M4_PR_Lijsten!$B$8:$I$177,4,FALSE)*IF($I33=1,$AE33,1),0) -> 0 | AD33: =_xlfn.IFNA($H33*VLOOKUP($A33,M4_PR_Lijsten!$B$8:$I$177,5,FALSE)*IF(I33=1,1,0),0) -> 0 | AE33: =_xlfn.IFNA(VLOOKUP($A33,M4_PR_Lijsten!$B$8:$I$177,6,FALSE),0) -> 1 | AF33: =_xlfn.IFNA($H33*VLOOKUP($A33,M4_PR_Lijsten!$B$8:$I$177,7,FALSE),0) -> 0 | AG33: =_xlfn.IFNA($H33*VLOOKUP($A33,M4_PR_Lijsten!$B$8:$I$177,8,FALSE),0) -> 0
A34: Energieleningen [per lening] | B34: =_xlfn.IFNA(VLOOKUP(A34,M4_PR_Lijsten!$B$8:$J$177,9,FALSE),"geen opmerking") -> De kost per jaar om een leningdossier voor energieleningen af te sluiten/ op te volgen. | C34: Te voorzien indien er energieleningen worden voorzien | D34: 0 | M34: =_xlfn.IFNA(D34*VLOOKUP(A34,M4_PR_Lijsten!$B$8:$I$177,2,FALSE)*IF(E34=1,Q34,1),0) -> 0 | N34: =_xlfn.IFNA(D34*VLOOKUP(A34,M4_PR_Lijsten!$B$8:$I$177,3,FALSE)*IF(E34=1,Q34,1),0) -> 0 | O34: =_xlfn.IFNA(D34*VLOOKUP(A34,M4_PR_Lijsten!$B$8:$I$177,4,FALSE)*IF(E34=1,Q34,1),0) -> 0 | P34: =_xlfn.IFNA(D34*VLOOKUP(A34,M4_PR_Lijsten!$B$8:$I$177,5,FALSE)*IF(E34=1,1,0),0) -> 0 | Q34: =_xlfn.IFNA(VLOOKUP(A34,M4_PR_Lijsten!$B$8:$I$177,6,FALSE),0) -> 1 | R34: =_xlfn.IFNA(D34*VLOOKUP(A34,M4_PR_Lijsten!$B$8:$I$177,7,FALSE),0) -> 0 | S34: =_xlfn.IFNA(D34*VLOOKUP(A34,M4_PR_Lijsten!$B$8:$I$177,8,FALSE),0) -> 0 | T34: =_xlfn.IFNA($F34*VLOOKUP($A34,M4_PR_Lijsten!$B$8:$I$177,2,FALSE)*IF($G34=1,$X34,1),0) -> 0 | U34: =_xlfn.IFNA($F34*VLOOKUP($A34,M4_PR_Lijsten!$B$8:$I$177,3,FALSE)*IF($G34=1,$X34,1),0) -> 0 | V34: =_xlfn.IFNA($F34*VLOOKUP($A34,M4_PR_Lijsten!$B$8:$I$177,4,FALSE)*IF($E34=1,$Q34,1),0) -> 0 | W34: =_xlfn.IFNA($F34*VLOOKUP($A34,M4_PR_Lijsten!$B$8:$I$177,5,FALSE)*IF(G34=1,1,0),0) -> 0 | X34: =_xlfn.IFNA(VLOOKUP($A34,M4_PR_Lijsten!$B$8:$I$177,6,FALSE),0) -> 1 | Y34: =_xlfn.IFNA($F34*VLOOKUP($A34,M4_PR_Lijsten!$B$8:$I$177,7,FALSE),0) -> 0 | Z34: =_xlfn.IFNA($F34*VLOOKUP($A34,M4_PR_Lijsten!$B$8:$I$177,8,FALSE),0) -> 0 | AA34: =_xlfn.IFNA($H34*VLOOKUP($A34,M4_PR_Lijsten!$B$8:$I$177,2,FALSE)*IF($I34=1,$AE34,1),0) -> 0 | AB34: =_xlfn.IFNA($H34*VLOOKUP($A34,M4_PR_Lijsten!$B$8:$I$177,3,FALSE)*IF($I34=1,$AE34,1),0) -> 0 | AC34: =_xlfn.IFNA($H34*VLOOKUP($A34,M4_PR_Lijsten!$B$8:$I$177,4,FALSE)*IF($I34=1,$AE34,1),0) -> 0 | AD34: =_xlfn.IFNA($H34*VLOOKUP($A34,M4_PR_Lijsten!$B$8:$I$177,5,FALSE)*IF(I34=1,1,0),0) -> 0 | AE34: =_xlfn.IFNA(VLOOKUP($A34,M4_PR_Lijsten!$B$8:$I$177,6,FALSE),0) -> 1 | AF34: =_xlfn.IFNA($H34*VLOOKUP($A34,M4_PR_Lijsten!$B$8:$I$177,7,FALSE),0) -> 0 | AG34: =_xlfn.IFNA($H34*VLOOKUP($A34,M4_PR_Lijsten!$B$8:$I$177,8,FALSE),0) -> 0
A35: Praktische ontzorging [per 50 wooneenheden] | B35: =_xlfn.IFNA(VLOOKUP(A35,M4_PR_Lijsten!$B$8:$J$177,9,FALSE),"geen opmerking") -> De kost om 50 woningen door een externe partij te laten opvolgen in offertefase + werffase + admin nazorg + de opvolging hiervan intern. | C35: Te voorzien indien werfbegeleiding wordt voorzien | D35: 0 | E35: 1 | M35: =_xlfn.IFNA(D35*VLOOKUP(A35,M4_PR_Lijsten!$B$8:$I$177,2,FALSE)*IF(E35=1,Q35,1),0) -> 0 | N35: =_xlfn.IFNA(D35*VLOOKUP(A35,M4_PR_Lijsten!$B$8:$I$177,3,FALSE)*IF(E35=1,Q35,1),0) -> 0 | O35: =_xlfn.IFNA(D35*VLOOKUP(A35,M4_PR_Lijsten!$B$8:$I$177,4,FALSE)*IF(E35=1,Q35,1),0) -> 0 | P35: =_xlfn.IFNA(D35*VLOOKUP(A35,M4_PR_Lijsten!$B$8:$I$177,5,FALSE)*IF(E35=1,1,0),0) -> 0 | Q35: =_xlfn.IFNA(VLOOKUP(A35,M4_PR_Lijsten!$B$8:$I$177,6,FALSE),0) -> 1 | R35: =_xlfn.IFNA(D35*VLOOKUP(A35,M4_PR_Lijsten!$B$8:$I$177,7,FALSE),0) -> 0 | S35: =_xlfn.IFNA(D35*VLOOKUP(A35,M4_PR_Lijsten!$B$8:$I$177,8,FALSE),0) -> 0 | T35: =_xlfn.IFNA($F35*VLOOKUP($A35,M4_PR_Lijsten!$B$8:$I$177,2,FALSE)*IF($G35=1,$X35,1),0) -> 0 | U35: =_xlfn.IFNA($F35*VLOOKUP($A35,M4_PR_Lijsten!$B$8:$I$177,3,FALSE)*IF($G35=1,$X35,1),0) -> 0 | V35: =_xlfn.IFNA($F35*VLOOKUP($A35,M4_PR_Lijsten!$B$8:$I$177,4,FALSE)*IF($E35=1,$Q35,1),0) -> 0 | W35: =_xlfn.IFNA($F35*VLOOKUP($A35,M4_PR_Lijsten!$B$8:$I$177,5,FALSE)*IF(G35=1,1,0),0) -> 0 | X35: =_xlfn.IFNA(VLOOKUP($A35,M4_PR_Lijsten!$B$8:$I$177,6,FALSE),0) -> 1 | Y35: =_xlfn.IFNA($F35*VLOOKUP($A35,M4_PR_Lijsten!$B$8:$I$177,7,FALSE),0) -> 0 | Z35: =_xlfn.IFNA($F35*VLOOKUP($A35,M4_PR_Lijsten!$B$8:$I$177,8,FALSE),0) -> 0 | AA35: =_xlfn.IFNA($H35*VLOOKUP($A35,M4_PR_Lijsten!$B$8:$I$177,2,FALSE)*IF($I35=1,$AE35,1),0) -> 0 | AB35: =_xlfn.IFNA($H35*VLOOKUP($A35,M4_PR_Lijsten!$B$8:$I$177,3,FALSE)*IF($I35=1,$AE35,1),0) -> 0 | AC35: =_xlfn.IFNA($H35*VLOOKUP($A35,M4_PR_Lijsten!$B$8:$I$177,4,FALSE)*IF($I35=1,$AE35,1),0) -> 0 | AD35: =_xlfn.IFNA($H35*VLOOKUP($A35,M4_PR_Lijsten!$B$8:$I$177,5,FALSE)*IF(I35=1,1,0),0) -> 0 | AE35: =_xlfn.IFNA(VLOOKUP($A35,M4_PR_Lijsten!$B$8:$I$177,6,FALSE),0) -> 1 | AF35: =_xlfn.IFNA($H35*VLOOKUP($A35,M4_PR_Lijsten!$B$8:$I$177,7,FALSE),0) -> 0 | AG35: =_xlfn.IFNA($H35*VLOOKUP($A35,M4_PR_Lijsten!$B$8:$I$177,8,FALSE),0) -> 0
A36: Energiepremies [per premiedossier] | B36: =_xlfn.IFNA(VLOOKUP(A36,M4_PR_Lijsten!$B$8:$J$177,9,FALSE),"geen opmerking") -> De "opmaak en dossierkost" voor het gemeentelijke premiereglement per premiedossier | C36: Te voorzien indien energiepremies worden voorzien | D36: 0 | E36: 1 | M36: =_xlfn.IFNA(D36*VLOOKUP(A36,M4_PR_Lijsten!$B$8:$I$177,2,FALSE)*IF(E36=1,Q36,1),0) -> 0 | N36: =_xlfn.IFNA(D36*VLOOKUP(A36,M4_PR_Lijsten!$B$8:$I$177,3,FALSE)*IF(E36=1,Q36,1),0) -> 0 | O36: =_xlfn.IFNA(D36*VLOOKUP(A36,M4_PR_Lijsten!$B$8:$I$177,4,FALSE)*IF(E36=1,Q36,1),0) -> 0 | P36: =_xlfn.IFNA(D36*VLOOKUP(A36,M4_PR_Lijsten!$B$8:$I$177,5,FALSE)*IF(E36=1,1,0),0) -> 0 | Q36: =_xlfn.IFNA(VLOOKUP(A36,M4_PR_Lijsten!$B$8:$I$177,6,FALSE),0) -> 1 | R36: =_xlfn.IFNA(D36*VLOOKUP(A36,M4_PR_Lijsten!$B$8:$I$177,7,FALSE),0) -> 0 | S36: =_xlfn.IFNA(D36*VLOOKUP(A36,M4_PR_Lijsten!$B$8:$I$177,8,FALSE),0) -> 0 | T36: =_xlfn.IFNA($F36*VLOOKUP($A36,M4_PR_Lijsten!$B$8:$I$177,2,FALSE)*IF($G36=1,$X36,1),0) -> 0 | U36: =_xlfn.IFNA($F36*VLOOKUP($A36,M4_PR_Lijsten!$B$8:$I$177,3,FALSE)*IF($G36=1,$X36,1),0) -> 0 | V36: =_xlfn.IFNA($F36*VLOOKUP($A36,M4_PR_Lijsten!$B$8:$I$177,4,FALSE)*IF($E36=1,$Q36,1),0) -> 0 | W36: =_xlfn.IFNA($F36*VLOOKUP($A36,M4_PR_Lijsten!$B$8:$I$177,5,FALSE)*IF(G36=1,1,0),0) -> 0 | X36: =_xlfn.IFNA(VLOOKUP($A36,M4_PR_Lijsten!$B$8:$I$177,6,FALSE),0) -> 1 | Y36: =_xlfn.IFNA($F36*VLOOKUP($A36,M4_PR_Lijsten!$B$8:$I$177,7,FALSE),0) -> 0 | Z36: =_xlfn.IFNA($F36*VLOOKUP($A36,M4_PR_Lijsten!$B$8:$I$177,8,FALSE),0) -> 0 | AA36: =_xlfn.IFNA($H36*VLOOKUP($A36,M4_PR_Lijsten!$B$8:$I$177,2,FALSE)*IF($I36=1,$AE36,1),0) -> 0 | AB36: =_xlfn.IFNA($H36*VLOOKUP($A36,M4_PR_Lijsten!$B$8:$I$177,3,FALSE)*IF($I36=1,$AE36,1),0) -> 0 | AC36: =_xlfn.IFNA($H36*VLOOKUP($A36,M4_PR_Lijsten!$B$8:$I$177,4,FALSE)*IF($I36=1,$AE36,1),0) -> 0 | AD36: =_xlfn.IFNA($H36*VLOOKUP($A36,M4_PR_Lijsten!$B$8:$I$177,5,FALSE)*IF(I36=1,1,0),0) -> 0 | AE36: =_xlfn.IFNA(VLOOKUP($A36,M4_PR_Lijsten!$B$8:$I$177,6,FALSE),0) -> 1 | AF36: =_xlfn.IFNA($H36*VLOOKUP($A36,M4_PR_Lijsten!$B$8:$I$177,7,FALSE),0) -> 0 | AG36: =_xlfn.IFNA($H36*VLOOKUP($A36,M4_PR_Lijsten!$B$8:$I$177,8,FALSE),0) -> 0
A37: Grondige herziening bouwcode of ander regelgevend instrument. [per actualisatie instrument] | B37: =_xlfn.IFNA(VLOOKUP(A37,M4_PR_Lijsten!$B$8:$J$177,9,FALSE),"geen opmerking") -> Grondige herwerking stedenbouwkundige verordening (enkel luik warmte). De volledige kost ligt hoger maar zal ook bij andere afdelingen liggen. | C37: Te voorzien indien grondige update stedenbouwkudnige verordening nodig is. | D37: 0 | E37: 0 | M37: =_xlfn.IFNA(D37*VLOOKUP(A37,M4_PR_Lijsten!$B$8:$I$177,2,FALSE)*IF(E37=1,Q37,1),0) -> 0 | N37: =_xlfn.IFNA(D37*VLOOKUP(A37,M4_PR_Lijsten!$B$8:$I$177,3,FALSE)*IF(E37=1,Q37,1),0) -> 0 | O37: =_xlfn.IFNA(D37*VLOOKUP(A37,M4_PR_Lijsten!$B$8:$I$177,4,FALSE)*IF(E37=1,Q37,1),0) -> 0 | P37: =_xlfn.IFNA(D37*VLOOKUP(A37,M4_PR_Lijsten!$B$8:$I$177,5,FALSE)*IF(E37=1,1,0),0) -> 0 | Q37: =_xlfn.IFNA(VLOOKUP(A37,M4_PR_Lijsten!$B$8:$I$177,6,FALSE),0) -> 0.5 | R37: =_xlfn.IFNA(D37*VLOOKUP(A37,M4_PR_Lijsten!$B$8:$I$177,7,FALSE),0) -> 0 | S37: =_xlfn.IFNA(D37*VLOOKUP(A37,M4_PR_Lijsten!$B$8:$I$177,8,FALSE),0) -> 0 | T37: =_xlfn.IFNA($F37*VLOOKUP($A37,M4_PR_Lijsten!$B$8:$I$177,2,FALSE)*IF($G37=1,$X37,1),0) -> 0 | U37: =_xlfn.IFNA($F37*VLOOKUP($A37,M4_PR_Lijsten!$B$8:$I$177,3,FALSE)*IF($G37=1,$X37,1),0) -> 0 | V37: =_xlfn.IFNA($F37*VLOOKUP($A37,M4_PR_Lijsten!$B$8:$I$177,4,FALSE)*IF($E37=1,$Q37,1),0) -> 0 | W37: =_xlfn.IFNA($F37*VLOOKUP($A37,M4_PR_Lijsten!$B$8:$I$177,5,FALSE)*IF(G37=1,1,0),0) -> 0 | X37: =_xlfn.IFNA(VLOOKUP($A37,M4_PR_Lijsten!$B$8:$I$177,6,FALSE),0) -> 0.5 | Y37: =_xlfn.IFNA($F37*VLOOKUP($A37,M4_PR_Lijsten!$B$8:$I$177,7,FALSE),0) -> 0 | Z37: =_xlfn.IFNA($F37*VLOOKUP($A37,M4_PR_Lijsten!$B$8:$I$177,8,FALSE),0) -> 0 | AA37: =_xlfn.IFNA($H37*VLOOKUP($A37,M4_PR_Lijsten!$B$8:$I$177,2,FALSE)*IF($I37=1,$AE37,1),0) -> 0 | AB37: =_xlfn.IFNA($H37*VLOOKUP($A37,M4_PR_Lijsten!$B$8:$I$177,3,FALSE)*IF($I37=1,$AE37,1),0) -> 0 | AC37: =_xlfn.IFNA($H37*VLOOKUP($A37,M4_PR_Lijsten!$B$8:$I$177,4,FALSE)*IF($I37=1,$AE37,1),0) -> 0 | AD37: =_xlfn.IFNA($H37*VLOOKUP($A37,M4_PR_Lijsten!$B$8:$I$177,5,FALSE)*IF(I37=1,1,0),0) -> 0 | AE37: =_xlfn.IFNA(VLOOKUP($A37,M4_PR_Lijsten!$B$8:$I$177,6,FALSE),0) -> 0.5 | AF37: =_xlfn.IFNA($H37*VLOOKUP($A37,M4_PR_Lijsten!$B$8:$I$177,7,FALSE),0) -> 0 | AG37: =_xlfn.IFNA($H37*VLOOKUP($A37,M4_PR_Lijsten!$B$8:$I$177,8,FALSE),0) -> 0
A38: Onderhoud & toetsing van de lokale regelgeving | B38: =_xlfn.IFNA(VLOOKUP(A38,M4_PR_Lijsten!$B$8:$J$177,9,FALSE),"geen opmerking") -> De gemeentelijke stedenbouwkundige verordening regelmatig updaten met nieuwe kennis of ervaringen (bv. Geluidswetgeving buitenunits, gemeenschappelijke stookplaatsen, …. | C38: Te voorzien om verordening en regelgeving jaarlijks beetje bij te werken | D38: 6 | M38: =_xlfn.IFNA(D38*VLOOKUP(A38,M4_PR_Lijsten!$B$8:$I$177,2,FALSE)*IF(E38=1,Q38,1),0) -> 5250 | N38: =_xlfn.IFNA(D38*VLOOKUP(A38,M4_PR_Lijsten!$B$8:$I$177,3,FALSE)*IF(E38=1,Q38,1),0) -> 2250 | O38: =_xlfn.IFNA(D38*VLOOKUP(A38,M4_PR_Lijsten!$B$8:$I$177,4,FALSE)*IF(E38=1,Q38,1),0) -> 0 | P38: =_xlfn.IFNA(D38*VLOOKUP(A38,M4_PR_Lijsten!$B$8:$I$177,5,FALSE)*IF(E38=1,1,0),0) -> 0 | Q38: =_xlfn.IFNA(VLOOKUP(A38,M4_PR_Lijsten!$B$8:$I$177,6,FALSE),0) -> 0.5 | R38: =_xlfn.IFNA(D38*VLOOKUP(A38,M4_PR_Lijsten!$B$8:$I$177,7,FALSE),0) -> 0 | S38: =_xlfn.IFNA(D38*VLOOKUP(A38,M4_PR_Lijsten!$B$8:$I$177,8,FALSE),0) -> 0 | T38: =_xlfn.IFNA($F38*VLOOKUP($A38,M4_PR_Lijsten!$B$8:$I$177,2,FALSE)*IF($G38=1,$X38,1),0) -> 0 | U38: =_xlfn.IFNA($F38*VLOOKUP($A38,M4_PR_Lijsten!$B$8:$I$177,3,FALSE)*IF($G38=1,$X38,1),0) -> 0 | V38: =_xlfn.IFNA($F38*VLOOKUP($A38,M4_PR_Lijsten!$B$8:$I$177,4,FALSE)*IF($E38=1,$Q38,1),0) -> 0 | W38: =_xlfn.IFNA($F38*VLOOKUP($A38,M4_PR_Lijsten!$B$8:$I$177,5,FALSE)*IF(G38=1,1,0),0) -> 0 | X38: =_xlfn.IFNA(VLOOKUP($A38,M4_PR_Lijsten!$B$8:$I$177,6,FALSE),0) -> 0.5 | Y38: =_xlfn.IFNA($F38*VLOOKUP($A38,M4_PR_Lijsten!$B$8:$I$177,7,FALSE),0) -> 0 | Z38: =_xlfn.IFNA($F38*VLOOKUP($A38,M4_PR_Lijsten!$B$8:$I$177,8,FALSE),0) -> 0 | AA38: =_xlfn.IFNA($H38*VLOOKUP($A38,M4_PR_Lijsten!$B$8:$I$177,2,FALSE)*IF($I38=1,$AE38,1),0) -> 0 | AB38: =_xlfn.IFNA($H38*VLOOKUP($A38,M4_PR_Lijsten!$B$8:$I$177,3,FALSE)*IF($I38=1,$AE38,1),0) -> 0 | AC38: =_xlfn.IFNA($H38*VLOOKUP($A38,M4_PR_Lijsten!$B$8:$I$177,4,FALSE)*IF($I38=1,$AE38,1),0) -> 0 | AD38: =_xlfn.IFNA($H38*VLOOKUP($A38,M4_PR_Lijsten!$B$8:$I$177,5,FALSE)*IF(I38=1,1,0),0) -> 0 | AE38: =_xlfn.IFNA(VLOOKUP($A38,M4_PR_Lijsten!$B$8:$I$177,6,FALSE),0) -> 0.5 | AF38: =_xlfn.IFNA($H38*VLOOKUP($A38,M4_PR_Lijsten!$B$8:$I$177,7,FALSE),0) -> 0 | AG38: =_xlfn.IFNA($H38*VLOOKUP($A38,M4_PR_Lijsten!$B$8:$I$177,8,FALSE),0) -> 0
A39: Opstarten van een traject voor versnelde introductie warmtepompen (trigger: rentabiliteit) [opstartkost] | B39: =_xlfn.IFNA(VLOOKUP(A39,M4_PR_Lijsten!$B$8:$J$177,9,FALSE),"geen opmerking") -> Het uitwerken van een communicatieplan en opzetten van groepsaankoop of andere ondersteuning | D39: 1 | M39: =_xlfn.IFNA(D39*VLOOKUP(A39,M4_PR_Lijsten!$B$8:$I$177,2,FALSE)*IF(E39=1,Q39,1),0) -> 1750 | N39: =_xlfn.IFNA(D39*VLOOKUP(A39,M4_PR_Lijsten!$B$8:$I$177,3,FALSE)*IF(E39=1,Q39,1),0) -> 1875 | O39: =_xlfn.IFNA(D39*VLOOKUP(A39,M4_PR_Lijsten!$B$8:$I$177,4,FALSE)*IF(E39=1,Q39,1),0) -> 812.5 | P39: =_xlfn.IFNA(D39*VLOOKUP(A39,M4_PR_Lijsten!$B$8:$I$177,5,FALSE)*IF(E39=1,1,0),0) -> 0 | Q39: =_xlfn.IFNA(VLOOKUP(A39,M4_PR_Lijsten!$B$8:$I$177,6,FALSE),0) -> 1 | R39: =_xlfn.IFNA(D39*VLOOKUP(A39,M4_PR_Lijsten!$B$8:$I$177,7,FALSE),0) -> 0 | S39: =_xlfn.IFNA(D39*VLOOKUP(A39,M4_PR_Lijsten!$B$8:$I$177,8,FALSE),0) -> 0 | T39: =_xlfn.IFNA($F39*VLOOKUP($A39,M4_PR_Lijsten!$B$8:$I$177,2,FALSE)*IF($G39=1,$X39,1),0) -> 0 | U39: =_xlfn.IFNA($F39*VLOOKUP($A39,M4_PR_Lijsten!$B$8:$I$177,3,FALSE)*IF($G39=1,$X39,1),0) -> 0 | V39: =_xlfn.IFNA($F39*VLOOKUP($A39,M4_PR_Lijsten!$B$8:$I$177,4,FALSE)*IF($E39=1,$Q39,1),0) -> 0 | W39: =_xlfn.IFNA($F39*VLOOKUP($A39,M4_PR_Lijsten!$B$8:$I$177,5,FALSE)*IF(G39=1,1,0),0) -> 0 | X39: =_xlfn.IFNA(VLOOKUP($A39,M4_PR_Lijsten!$B$8:$I$177,6,FALSE),0) -> 1 | Y39: =_xlfn.IFNA($F39*VLOOKUP($A39,M4_PR_Lijsten!$B$8:$I$177,7,FALSE),0) -> 0 | Z39: =_xlfn.IFNA($F39*VLOOKUP($A39,M4_PR_Lijsten!$B$8:$I$177,8,FALSE),0) -> 0 | AA39: =_xlfn.IFNA($H39*VLOOKUP($A39,M4_PR_Lijsten!$B$8:$I$177,2,FALSE)*IF($I39=1,$AE39,1),0) -> 0 | AB39: =_xlfn.IFNA($H39*VLOOKUP($A39,M4_PR_Lijsten!$B$8:$I$177,3,FALSE)*IF($I39=1,$AE39,1),0) -> 0 | AC39: =_xlfn.IFNA($H39*VLOOKUP($A39,M4_PR_Lijsten!$B$8:$I$177,4,FALSE)*IF($I39=1,$AE39,1),0) -> 0 | AD39: =_xlfn.IFNA($H39*VLOOKUP($A39,M4_PR_Lijsten!$B$8:$I$177,5,FALSE)*IF(I39=1,1,0),0) -> 0 | AE39: =_xlfn.IFNA(VLOOKUP($A39,M4_PR_Lijsten!$B$8:$I$177,6,FALSE),0) -> 1 | AF39: =_xlfn.IFNA($H39*VLOOKUP($A39,M4_PR_Lijsten!$B$8:$I$177,7,FALSE),0) -> 0 | AG39: =_xlfn.IFNA($H39*VLOOKUP($A39,M4_PR_Lijsten!$B$8:$I$177,8,FALSE),0) -> 0
A40: Opstarten van verhuurders opvolging [opstartkost] | B40: =_xlfn.IFNA(VLOOKUP(A40,M4_PR_Lijsten!$B$8:$J$177,9,FALSE),"geen opmerking") -> Het opstarten van een traject om meer vat te krijgen op de verhuurders. Zorgen dat ze bereikbaar zijn, eventuele regelgeving breed communiceren, … | D40: 1 | M40: =_xlfn.IFNA(D40*VLOOKUP(A40,M4_PR_Lijsten!$B$8:$I$177,2,FALSE)*IF(E40=1,Q40,1),0) -> 1750 | N40: =_xlfn.IFNA(D40*VLOOKUP(A40,M4_PR_Lijsten!$B$8:$I$177,3,FALSE)*IF(E40=1,Q40,1),0) -> 1500 | O40: =_xlfn.IFNA(D40*VLOOKUP(A40,M4_PR_Lijsten!$B$8:$I$177,4,FALSE)*IF(E40=1,Q40,1),0) -> 0 | P40: =_xlfn.IFNA(D40*VLOOKUP(A40,M4_PR_Lijsten!$B$8:$I$177,5,FALSE)*IF(E40=1,1,0),0) -> 0 | Q40: =_xlfn.IFNA(VLOOKUP(A40,M4_PR_Lijsten!$B$8:$I$177,6,FALSE),0) -> 1 | R40: =_xlfn.IFNA(D40*VLOOKUP(A40,M4_PR_Lijsten!$B$8:$I$177,7,FALSE),0) -> 0 | S40: =_xlfn.IFNA(D40*VLOOKUP(A40,M4_PR_Lijsten!$B$8:$I$177,8,FALSE),0) -> 0 | T40: =_xlfn.IFNA($F40*VLOOKUP($A40,M4_PR_Lijsten!$B$8:$I$177,2,FALSE)*IF($G40=1,$X40,1),0) -> 0 | U40: =_xlfn.IFNA($F40*VLOOKUP($A40,M4_PR_Lijsten!$B$8:$I$177,3,FALSE)*IF($G40=1,$X40,1),0) -> 0 | V40: =_xlfn.IFNA($F40*VLOOKUP($A40,M4_PR_Lijsten!$B$8:$I$177,4,FALSE)*IF($E40=1,$Q40,1),0) -> 0 | W40: =_xlfn.IFNA($F40*VLOOKUP($A40,M4_PR_Lijsten!$B$8:$I$177,5,FALSE)*IF(G40=1,1,0),0) -> 0 | X40: =_xlfn.IFNA(VLOOKUP($A40,M4_PR_Lijsten!$B$8:$I$177,6,FALSE),0) -> 1 | Y40: =_xlfn.IFNA($F40*VLOOKUP($A40,M4_PR_Lijsten!$B$8:$I$177,7,FALSE),0) -> 0 | Z40: =_xlfn.IFNA($F40*VLOOKUP($A40,M4_PR_Lijsten!$B$8:$I$177,8,FALSE),0) -> 0 | AA40: =_xlfn.IFNA($H40*VLOOKUP($A40,M4_PR_Lijsten!$B$8:$I$177,2,FALSE)*IF($I40=1,$AE40,1),0) -> 0 | AB40: =_xlfn.IFNA($H40*VLOOKUP($A40,M4_PR_Lijsten!$B$8:$I$177,3,FALSE)*IF($I40=1,$AE40,1),0) -> 0 | AC40: =_xlfn.IFNA($H40*VLOOKUP($A40,M4_PR_Lijsten!$B$8:$I$177,4,FALSE)*IF($I40=1,$AE40,1),0) -> 0 | AD40: =_xlfn.IFNA($H40*VLOOKUP($A40,M4_PR_Lijsten!$B$8:$I$177,5,FALSE)*IF(I40=1,1,0),0) -> 0 | AE40: =_xlfn.IFNA(VLOOKUP($A40,M4_PR_Lijsten!$B$8:$I$177,6,FALSE),0) -> 1 | AF40: =_xlfn.IFNA($H40*VLOOKUP($A40,M4_PR_Lijsten!$B$8:$I$177,7,FALSE),0) -> 0 | AG40: =_xlfn.IFNA($H40*VLOOKUP($A40,M4_PR_Lijsten!$B$8:$I$177,8,FALSE),0) -> 0
A41: 0 | B41: =_xlfn.IFNA(VLOOKUP(A41,M4_PR_Lijsten!$B$8:$J$177,9,FALSE),"geen opmerking") -> geen opmerking | M41: =_xlfn.IFNA(D41*VLOOKUP(A41,M4_PR_Lijsten!$B$8:$I$177,2,FALSE)*IF(E41=1,Q41,1),0) -> 0 | N41: =_xlfn.IFNA(D41*VLOOKUP(A41,M4_PR_Lijsten!$B$8:$I$177,3,FALSE)*IF(E41=1,Q41,1),0) -> 0 | O41: =_xlfn.IFNA(D41*VLOOKUP(A41,M4_PR_Lijsten!$B$8:$I$177,4,FALSE)*IF(E41=1,Q41,1),0) -> 0 | P41: =_xlfn.IFNA(D41*VLOOKUP(A41,M4_PR_Lijsten!$B$8:$I$177,5,FALSE)*IF(E41=1,1,0),0) -> 0 | Q41: =_xlfn.IFNA(VLOOKUP(A41,M4_PR_Lijsten!$B$8:$I$177,6,FALSE),0) -> 0 | R41: =_xlfn.IFNA(D41*VLOOKUP(A41,M4_PR_Lijsten!$B$8:$I$177,7,FALSE),0) -> 0 | S41: =_xlfn.IFNA(D41*VLOOKUP(A41,M4_PR_Lijsten!$B$8:$I$177,8,FALSE),0) -> 0 | T41: =_xlfn.IFNA($F41*VLOOKUP($A41,M4_PR_Lijsten!$B$8:$I$177,2,FALSE)*IF($G41=1,$X41,1),0) -> 0 | U41: =_xlfn.IFNA($F41*VLOOKUP($A41,M4_PR_Lijsten!$B$8:$I$177,3,FALSE)*IF($G41=1,$X41,1),0) -> 0 | V41: =_xlfn.IFNA($F41*VLOOKUP($A41,M4_PR_Lijsten!$B$8:$I$177,4,FALSE)*IF($E41=1,$Q41,1),0) -> 0 | W41: =_xlfn.IFNA($F41*VLOOKUP($A41,M4_PR_Lijsten!$B$8:$I$177,5,FALSE)*IF(G41=1,1,0),0) -> 0 | X41: =_xlfn.IFNA(VLOOKUP($A41,M4_PR_Lijsten!$B$8:$I$177,6,FALSE),0) -> 0 | Y41: =_xlfn.IFNA($F41*VLOOKUP($A41,M4_PR_Lijsten!$B$8:$I$177,7,FALSE),0) -> 0 | Z41: =_xlfn.IFNA($F41*VLOOKUP($A41,M4_PR_Lijsten!$B$8:$I$177,8,FALSE),0) -> 0 | AA41: =_xlfn.IFNA($H41*VLOOKUP($A41,M4_PR_Lijsten!$B$8:$I$177,2,FALSE)*IF($I41=1,$AE41,1),0) -> 0 | AB41: =_xlfn.IFNA($H41*VLOOKUP($A41,M4_PR_Lijsten!$B$8:$I$177,3,FALSE)*IF($I41=1,$AE41,1),0) -> 0 | AC41: =_xlfn.IFNA($H41*VLOOKUP($A41,M4_PR_Lijsten!$B$8:$I$177,4,FALSE)*IF($I41=1,$AE41,1),0) -> 0 | AD41: =_xlfn.IFNA($H41*VLOOKUP($A41,M4_PR_Lijsten!$B$8:$I$177,5,FALSE)*IF(I41=1,1,0),0) -> 0 | AE41: =_xlfn.IFNA(VLOOKUP($A41,M4_PR_Lijsten!$B$8:$I$177,6,FALSE),0) -> 0 | AF41: =_xlfn.IFNA($H41*VLOOKUP($A41,M4_PR_Lijsten!$B$8:$I$177,7,FALSE),0) -> 0 | AG41: =_xlfn.IFNA($H41*VLOOKUP($A41,M4_PR_Lijsten!$B$8:$I$177,8,FALSE),0) -> 0
A42: 0 | B42: =_xlfn.IFNA(VLOOKUP(A42,M4_PR_Lijsten!$B$8:$J$177,9,FALSE),"geen opmerking") -> geen opmerking | M42: =_xlfn.IFNA(D42*VLOOKUP(A42,M4_PR_Lijsten!$B$8:$I$177,2,FALSE)*IF(E42=1,Q42,1),0) -> 0 | N42: =_xlfn.IFNA(D42*VLOOKUP(A42,M4_PR_Lijsten!$B$8:$I$177,3,FALSE)*IF(E42=1,Q42,1),0) -> 0 | O42: =_xlfn.IFNA(D42*VLOOKUP(A42,M4_PR_Lijsten!$B$8:$I$177,4,FALSE)*IF(E42=1,Q42,1),0) -> 0 | P42: =_xlfn.IFNA(D42*VLOOKUP(A42,M4_PR_Lijsten!$B$8:$I$177,5,FALSE)*IF(E42=1,1,0),0) -> 0 | Q42: =_xlfn.IFNA(VLOOKUP(A42,M4_PR_Lijsten!$B$8:$I$177,6,FALSE),0) -> 0 | R42: =_xlfn.IFNA(D42*VLOOKUP(A42,M4_PR_Lijsten!$B$8:$I$177,7,FALSE),0) -> 0 | S42: =_xlfn.IFNA(D42*VLOOKUP(A42,M4_PR_Lijsten!$B$8:$I$177,8,FALSE),0) -> 0 | T42: =_xlfn.IFNA($F42*VLOOKUP($A42,M4_PR_Lijsten!$B$8:$I$177,2,FALSE)*IF($G42=1,$X42,1),0) -> 0 | U42: =_xlfn.IFNA($F42*VLOOKUP($A42,M4_PR_Lijsten!$B$8:$I$177,3,FALSE)*IF($G42=1,$X42,1),0) -> 0 | V42: =_xlfn.IFNA($F42*VLOOKUP($A42,M4_PR_Lijsten!$B$8:$I$177,4,FALSE)*IF($E42=1,$Q42,1),0) -> 0 | W42: =_xlfn.IFNA($F42*VLOOKUP($A42,M4_PR_Lijsten!$B$8:$I$177,5,FALSE)*IF(G42=1,1,0),0) -> 0 | X42: =_xlfn.IFNA(VLOOKUP($A42,M4_PR_Lijsten!$B$8:$I$177,6,FALSE),0) -> 0 | Y42: =_xlfn.IFNA($F42*VLOOKUP($A42,M4_PR_Lijsten!$B$8:$I$177,7,FALSE),0) -> 0 | Z42: =_xlfn.IFNA($F42*VLOOKUP($A42,M4_PR_Lijsten!$B$8:$I$177,8,FALSE),0) -> 0 | AA42: =_xlfn.IFNA($H42*VLOOKUP($A42,M4_PR_Lijsten!$B$8:$I$177,2,FALSE)*IF($I42=1,$AE42,1),0) -> 0 | AB42: =_xlfn.IFNA($H42*VLOOKUP($A42,M4_PR_Lijsten!$B$8:$I$177,3,FALSE)*IF($I42=1,$AE42,1),0) -> 0 | AC42: =_xlfn.IFNA($H42*VLOOKUP($A42,M4_PR_Lijsten!$B$8:$I$177,4,FALSE)*IF($I42=1,$AE42,1),0) -> 0 | AD42: =_xlfn.IFNA($H42*VLOOKUP($A42,M4_PR_Lijsten!$B$8:$I$177,5,FALSE)*IF(I42=1,1,0),0) -> 0 | AE42: =_xlfn.IFNA(VLOOKUP($A42,M4_PR_Lijsten!$B$8:$I$177,6,FALSE),0) -> 0 | AF42: =_xlfn.IFNA($H42*VLOOKUP($A42,M4_PR_Lijsten!$B$8:$I$177,7,FALSE),0) -> 0 | AG42: =_xlfn.IFNA($H42*VLOOKUP($A42,M4_PR_Lijsten!$B$8:$I$177,8,FALSE),0) -> 0
A43: Organisatie warmtebeleid: pijler Mens en organisatie | J43: =SUM(M44:M50)/$M$5+SUM(N44:N50)/$N$5+SUM(O44:O50)/$O$5 -> 36 | K43: =SUM(T44:T50)/$M$5+SUM(U44:U50)/$N$5+SUM(V44:V50)/$O$5 -> 0 | L43: =SUM(AA44:AA50)/$M$5+SUM(AB44:AB50)/$N$5+SUM(AC44:AC50)/$O$5 -> 0
A44: {=M4_PR_Lijsten!B95:B101} -> Opleiding andere diensten - basiskennis en verwijzingssystemen [per kalenderjaar] | B44: =_xlfn.IFNA(VLOOKUP(A44,M4_PR_Lijsten!$B$8:$J$177,9,FALSE),"geen opmerking") -> Opleidingsdagen, bv via VVSG volgen | C44: Voorzie voldoende opleidign, bv voor PL die werken moet opvolgen | D44: 6 | M44: =_xlfn.IFNA(D44*VLOOKUP(A44,M4_PR_Lijsten!$B$8:$I$177,2,FALSE)*IF(E44=1,Q44,1),0) -> 5250 | N44: =_xlfn.IFNA(D44*VLOOKUP(A44,M4_PR_Lijsten!$B$8:$I$177,3,FALSE)*IF(E44=1,Q44,1),0) -> 2250 | O44: =_xlfn.IFNA(D44*VLOOKUP(A44,M4_PR_Lijsten!$B$8:$I$177,4,FALSE)*IF(E44=1,Q44,1),0) -> 0 | P44: =_xlfn.IFNA(D44*VLOOKUP(A44,M4_PR_Lijsten!$B$8:$I$177,5,FALSE)*IF(E44=1,1,0),0) -> 0 | Q44: =_xlfn.IFNA(VLOOKUP(A44,M4_PR_Lijsten!$B$8:$I$177,6,FALSE),0) -> 1 | R44: =_xlfn.IFNA(D44*VLOOKUP(A44,M4_PR_Lijsten!$B$8:$I$177,7,FALSE),0) -> 0 | S44: =_xlfn.IFNA(D44*VLOOKUP(A44,M4_PR_Lijsten!$B$8:$I$177,8,FALSE),0) -> 0 | T44: =_xlfn.IFNA($F44*VLOOKUP($A44,M4_PR_Lijsten!$B$8:$I$177,2,FALSE)*IF($G44=1,$X44,1),0) -> 0 | U44: =_xlfn.IFNA($F44*VLOOKUP($A44,M4_PR_Lijsten!$B$8:$I$177,3,FALSE)*IF($G44=1,$X44,1),0) -> 0 | V44: =_xlfn.IFNA($F44*VLOOKUP($A44,M4_PR_Lijsten!$B$8:$I$177,4,FALSE)*IF($E44=1,$Q44,1),0) -> 0 | W44: =_xlfn.IFNA($F44*VLOOKUP($A44,M4_PR_Lijsten!$B$8:$I$177,5,FALSE)*IF(G44=1,1,0),0) -> 0 | X44: =_xlfn.IFNA(VLOOKUP($A44,M4_PR_Lijsten!$B$8:$I$177,6,FALSE),0) -> 1 | Y44: =_xlfn.IFNA($F44*VLOOKUP($A44,M4_PR_Lijsten!$B$8:$I$177,7,FALSE),0) -> 0 | Z44: =_xlfn.IFNA($F44*VLOOKUP($A44,M4_PR_Lijsten!$B$8:$I$177,8,FALSE),0) -> 0 | AA44: =_xlfn.IFNA($H44*VLOOKUP($A44,M4_PR_Lijsten!$B$8:$I$177,2,FALSE)*IF($I44=1,$AE44,1),0) -> 0 | AB44: =_xlfn.IFNA($H44*VLOOKUP($A44,M4_PR_Lijsten!$B$8:$I$177,3,FALSE)*IF($I44=1,$AE44,1),0) -> 0 | AC44: =_xlfn.IFNA($H44*VLOOKUP($A44,M4_PR_Lijsten!$B$8:$I$177,4,FALSE)*IF($I44=1,$AE44,1),0) -> 0 | AD44: =_xlfn.IFNA($H44*VLOOKUP($A44,M4_PR_Lijsten!$B$8:$I$177,5,FALSE)*IF(I44=1,1,0),0) -> 0 | AE44: =_xlfn.IFNA(VLOOKUP($A44,M4_PR_Lijsten!$B$8:$I$177,6,FALSE),0) -> 1 | AF44: =_xlfn.IFNA($H44*VLOOKUP($A44,M4_PR_Lijsten!$B$8:$I$177,7,FALSE),0) -> 0 | AG44: =_xlfn.IFNA($H44*VLOOKUP($A44,M4_PR_Lijsten!$B$8:$I$177,8,FALSE),0) -> 0
A45: Team & taakplanning [per kalenderjaar] | B45: =_xlfn.IFNA(VLOOKUP(A45,M4_PR_Lijsten!$B$8:$J$177,9,FALSE),"geen opmerking") -> Jaarplanning opmaken en beheren door 1 aangestelde coördinatir | C45: Voorzie middelen om zelf deel te nemen aan regionale/provinciale netwerk dagen, VVSG momenten, … | D45: 6 | M45: =_xlfn.IFNA(D45*VLOOKUP(A45,M4_PR_Lijsten!$B$8:$I$177,2,FALSE)*IF(E45=1,Q45,1),0) -> 7875 | N45: =_xlfn.IFNA(D45*VLOOKUP(A45,M4_PR_Lijsten!$B$8:$I$177,3,FALSE)*IF(E45=1,Q45,1),0) -> 0 | O45: =_xlfn.IFNA(D45*VLOOKUP(A45,M4_PR_Lijsten!$B$8:$I$177,4,FALSE)*IF(E45=1,Q45,1),0) -> 0 | P45: =_xlfn.IFNA(D45*VLOOKUP(A45,M4_PR_Lijsten!$B$8:$I$177,5,FALSE)*IF(E45=1,1,0),0) -> 0 | Q45: =_xlfn.IFNA(VLOOKUP(A45,M4_PR_Lijsten!$B$8:$I$177,6,FALSE),0) -> 1 | R45: =_xlfn.IFNA(D45*VLOOKUP(A45,M4_PR_Lijsten!$B$8:$I$177,7,FALSE),0) -> 0 | S45: =_xlfn.IFNA(D45*VLOOKUP(A45,M4_PR_Lijsten!$B$8:$I$177,8,FALSE),0) -> 0 | T45: =_xlfn.IFNA($F45*VLOOKUP($A45,M4_PR_Lijsten!$B$8:$I$177,2,FALSE)*IF($G45=1,$X45,1),0) -> 0 | U45: =_xlfn.IFNA($F45*VLOOKUP($A45,M4_PR_Lijsten!$B$8:$I$177,3,FALSE)*IF($G45=1,$X45,1),0) -> 0 | V45: =_xlfn.IFNA($F45*VLOOKUP($A45,M4_PR_Lijsten!$B$8:$I$177,4,FALSE)*IF($E45=1,$Q45,1),0) -> 0 | W45: =_xlfn.IFNA($F45*VLOOKUP($A45,M4_PR_Lijsten!$B$8:$I$177,5,FALSE)*IF(G45=1,1,0),0) -> 0 | X45: =_xlfn.IFNA(VLOOKUP($A45,M4_PR_Lijsten!$B$8:$I$177,6,FALSE),0) -> 1 | Y45: =_xlfn.IFNA($F45*VLOOKUP($A45,M4_PR_Lijsten!$B$8:$I$177,7,FALSE),0) -> 0 | Z45: =_xlfn.IFNA($F45*VLOOKUP($A45,M4_PR_Lijsten!$B$8:$I$177,8,FALSE),0) -> 0 | AA45: =_xlfn.IFNA($H45*VLOOKUP($A45,M4_PR_Lijsten!$B$8:$I$177,2,FALSE)*IF($I45=1,$AE45,1),0) -> 0 | AB45: =_xlfn.IFNA($H45*VLOOKUP($A45,M4_PR_Lijsten!$B$8:$I$177,3,FALSE)*IF($I45=1,$AE45,1),0) -> 0 | AC45: =_xlfn.IFNA($H45*VLOOKUP($A45,M4_PR_Lijsten!$B$8:$I$177,4,FALSE)*IF($I45=1,$AE45,1),0) -> 0 | AD45: =_xlfn.IFNA($H45*VLOOKUP($A45,M4_PR_Lijsten!$B$8:$I$177,5,FALSE)*IF(I45=1,1,0),0) -> 0 | AE45: =_xlfn.IFNA(VLOOKUP($A45,M4_PR_Lijsten!$B$8:$I$177,6,FALSE),0) -> 1 | AF45: =_xlfn.IFNA($H45*VLOOKUP($A45,M4_PR_Lijsten!$B$8:$I$177,7,FALSE),0) -> 0 | AG45: =_xlfn.IFNA($H45*VLOOKUP($A45,M4_PR_Lijsten!$B$8:$I$177,8,FALSE),0) -> 0
A46: reserve | B46: =_xlfn.IFNA(VLOOKUP(A46,M4_PR_Lijsten!$B$8:$J$177,9,FALSE),"geen opmerking") -> 0 | M46: =_xlfn.IFNA(D46*VLOOKUP(A46,M4_PR_Lijsten!$B$8:$I$177,2,FALSE)*IF(E46=1,Q46,1),0) -> 0 | N46: =_xlfn.IFNA(D46*VLOOKUP(A46,M4_PR_Lijsten!$B$8:$I$177,3,FALSE)*IF(E46=1,Q46,1),0) -> 0 | O46: =_xlfn.IFNA(D46*VLOOKUP(A46,M4_PR_Lijsten!$B$8:$I$177,4,FALSE)*IF(E46=1,Q46,1),0) -> 0 | P46: =_xlfn.IFNA(D46*VLOOKUP(A46,M4_PR_Lijsten!$B$8:$I$177,5,FALSE)*IF(E46=1,1,0),0) -> 0 | Q46: =_xlfn.IFNA(VLOOKUP(A46,M4_PR_Lijsten!$B$8:$I$177,6,FALSE),0) -> 1 | R46: =_xlfn.IFNA(D46*VLOOKUP(A46,M4_PR_Lijsten!$B$8:$I$177,7,FALSE),0) -> 0 | S46: =_xlfn.IFNA(D46*VLOOKUP(A46,M4_PR_Lijsten!$B$8:$I$177,8,FALSE),0) -> 0 | T46: =_xlfn.IFNA($F46*VLOOKUP($A46,M4_PR_Lijsten!$B$8:$I$177,2,FALSE)*IF($G46=1,$X46,1),0) -> 0 | U46: =_xlfn.IFNA($F46*VLOOKUP($A46,M4_PR_Lijsten!$B$8:$I$177,3,FALSE)*IF($G46=1,$X46,1),0) -> 0 | V46: =_xlfn.IFNA($F46*VLOOKUP($A46,M4_PR_Lijsten!$B$8:$I$177,4,FALSE)*IF($E46=1,$Q46,1),0) -> 0 | W46: =_xlfn.IFNA($F46*VLOOKUP($A46,M4_PR_Lijsten!$B$8:$I$177,5,FALSE)*IF(G46=1,1,0),0) -> 0 | X46: =_xlfn.IFNA(VLOOKUP($A46,M4_PR_Lijsten!$B$8:$I$177,6,FALSE),0) -> 1 | Y46: =_xlfn.IFNA($F46*VLOOKUP($A46,M4_PR_Lijsten!$B$8:$I$177,7,FALSE),0) -> 0 | Z46: =_xlfn.IFNA($F46*VLOOKUP($A46,M4_PR_Lijsten!$B$8:$I$177,8,FALSE),0) -> 0 | AA46: =_xlfn.IFNA($H46*VLOOKUP($A46,M4_PR_Lijsten!$B$8:$I$177,2,FALSE)*IF($I46=1,$AE46,1),0) -> 0 | AB46: =_xlfn.IFNA($H46*VLOOKUP($A46,M4_PR_Lijsten!$B$8:$I$177,3,FALSE)*IF($I46=1,$AE46,1),0) -> 0 | AC46: =_xlfn.IFNA($H46*VLOOKUP($A46,M4_PR_Lijsten!$B$8:$I$177,4,FALSE)*IF($I46=1,$AE46,1),0) -> 0 | AD46: =_xlfn.IFNA($H46*VLOOKUP($A46,M4_PR_Lijsten!$B$8:$I$177,5,FALSE)*IF(I46=1,1,0),0) -> 0 | AE46: =_xlfn.IFNA(VLOOKUP($A46,M4_PR_Lijsten!$B$8:$I$177,6,FALSE),0) -> 1 | AF46: =_xlfn.IFNA($H46*VLOOKUP($A46,M4_PR_Lijsten!$B$8:$I$177,7,FALSE),0) -> 0 | AG46: =_xlfn.IFNA($H46*VLOOKUP($A46,M4_PR_Lijsten!$B$8:$I$177,8,FALSE),0) -> 0
A47: 0 | B47: =_xlfn.IFNA(VLOOKUP(A47,M4_PR_Lijsten!$B$8:$J$177,9,FALSE),"geen opmerking") -> geen opmerking | M47: =_xlfn.IFNA(D47*VLOOKUP(A47,M4_PR_Lijsten!$B$8:$I$177,2,FALSE)*IF(E47=1,Q47,1),0) -> 0 | N47: =_xlfn.IFNA(D47*VLOOKUP(A47,M4_PR_Lijsten!$B$8:$I$177,3,FALSE)*IF(E47=1,Q47,1),0) -> 0 | O47: =_xlfn.IFNA(D47*VLOOKUP(A47,M4_PR_Lijsten!$B$8:$I$177,4,FALSE)*IF(E47=1,Q47,1),0) -> 0 | P47: =_xlfn.IFNA(D47*VLOOKUP(A47,M4_PR_Lijsten!$B$8:$I$177,5,FALSE)*IF(E47=1,1,0),0) -> 0 | Q47: =_xlfn.IFNA(VLOOKUP(A47,M4_PR_Lijsten!$B$8:$I$177,6,FALSE),0) -> 0 | R47: =_xlfn.IFNA(D47*VLOOKUP(A47,M4_PR_Lijsten!$B$8:$I$177,7,FALSE),0) -> 0 | S47: =_xlfn.IFNA(D47*VLOOKUP(A47,M4_PR_Lijsten!$B$8:$I$177,8,FALSE),0) -> 0 | T47: =_xlfn.IFNA($F47*VLOOKUP($A47,M4_PR_Lijsten!$B$8:$I$177,2,FALSE)*IF($G47=1,$X47,1),0) -> 0 | U47: =_xlfn.IFNA($F47*VLOOKUP($A47,M4_PR_Lijsten!$B$8:$I$177,3,FALSE)*IF($G47=1,$X47,1),0) -> 0 | V47: =_xlfn.IFNA($F47*VLOOKUP($A47,M4_PR_Lijsten!$B$8:$I$177,4,FALSE)*IF($E47=1,$Q47,1),0) -> 0 | W47: =_xlfn.IFNA($F47*VLOOKUP($A47,M4_PR_Lijsten!$B$8:$I$177,5,FALSE)*IF(G47=1,1,0),0) -> 0 | X47: =_xlfn.IFNA(VLOOKUP($A47,M4_PR_Lijsten!$B$8:$I$177,6,FALSE),0) -> 0 | Y47: =_xlfn.IFNA($F47*VLOOKUP($A47,M4_PR_Lijsten!$B$8:$I$177,7,FALSE),0) -> 0 | Z47: =_xlfn.IFNA($F47*VLOOKUP($A47,M4_PR_Lijsten!$B$8:$I$177,8,FALSE),0) -> 0 | AA47: =_xlfn.IFNA($H47*VLOOKUP($A47,M4_PR_Lijsten!$B$8:$I$177,2,FALSE)*IF($I47=1,$AE47,1),0) -> 0 | AB47: =_xlfn.IFNA($H47*VLOOKUP($A47,M4_PR_Lijsten!$B$8:$I$177,3,FALSE)*IF($I47=1,$AE47,1),0) -> 0 | AC47: =_xlfn.IFNA($H47*VLOOKUP($A47,M4_PR_Lijsten!$B$8:$I$177,4,FALSE)*IF($I47=1,$AE47,1),0) -> 0 | AD47: =_xlfn.IFNA($H47*VLOOKUP($A47,M4_PR_Lijsten!$B$8:$I$177,5,FALSE)*IF(I47=1,1,0),0) -> 0 | AE47: =_xlfn.IFNA(VLOOKUP($A47,M4_PR_Lijsten!$B$8:$I$177,6,FALSE),0) -> 0 | AF47: =_xlfn.IFNA($H47*VLOOKUP($A47,M4_PR_Lijsten!$B$8:$I$177,7,FALSE),0) -> 0 | AG47: =_xlfn.IFNA($H47*VLOOKUP($A47,M4_PR_Lijsten!$B$8:$I$177,8,FALSE),0) -> 0
A48: 0 | B48: =_xlfn.IFNA(VLOOKUP(A48,M4_PR_Lijsten!$B$8:$J$177,9,FALSE),"geen opmerking") -> geen opmerking | M48: =_xlfn.IFNA(D48*VLOOKUP(A48,M4_PR_Lijsten!$B$8:$I$177,2,FALSE)*IF(E48=1,Q48,1),0) -> 0 | N48: =_xlfn.IFNA(D48*VLOOKUP(A48,M4_PR_Lijsten!$B$8:$I$177,3,FALSE)*IF(E48=1,Q48,1),0) -> 0 | O48: =_xlfn.IFNA(D48*VLOOKUP(A48,M4_PR_Lijsten!$B$8:$I$177,4,FALSE)*IF(E48=1,Q48,1),0) -> 0 | P48: =_xlfn.IFNA(D48*VLOOKUP(A48,M4_PR_Lijsten!$B$8:$I$177,5,FALSE)*IF(E48=1,1,0),0) -> 0 | Q48: =_xlfn.IFNA(VLOOKUP(A48,M4_PR_Lijsten!$B$8:$I$177,6,FALSE),0) -> 0 | R48: =_xlfn.IFNA(D48*VLOOKUP(A48,M4_PR_Lijsten!$B$8:$I$177,7,FALSE),0) -> 0 | S48: =_xlfn.IFNA(D48*VLOOKUP(A48,M4_PR_Lijsten!$B$8:$I$177,8,FALSE),0) -> 0 | T48: =_xlfn.IFNA($F48*VLOOKUP($A48,M4_PR_Lijsten!$B$8:$I$177,2,FALSE)*IF($G48=1,$X48,1),0) -> 0 | U48: =_xlfn.IFNA($F48*VLOOKUP($A48,M4_PR_Lijsten!$B$8:$I$177,3,FALSE)*IF($G48=1,$X48,1),0) -> 0 | V48: =_xlfn.IFNA($F48*VLOOKUP($A48,M4_PR_Lijsten!$B$8:$I$177,4,FALSE)*IF($E48=1,$Q48,1),0) -> 0 | W48: =_xlfn.IFNA($F48*VLOOKUP($A48,M4_PR_Lijsten!$B$8:$I$177,5,FALSE)*IF(G48=1,1,0),0) -> 0 | X48: =_xlfn.IFNA(VLOOKUP($A48,M4_PR_Lijsten!$B$8:$I$177,6,FALSE),0) -> 0 | Y48: =_xlfn.IFNA($F48*VLOOKUP($A48,M4_PR_Lijsten!$B$8:$I$177,7,FALSE),0) -> 0 | Z48: =_xlfn.IFNA($F48*VLOOKUP($A48,M4_PR_Lijsten!$B$8:$I$177,8,FALSE),0) -> 0 | AA48: =_xlfn.IFNA($H48*VLOOKUP($A48,M4_PR_Lijsten!$B$8:$I$177,2,FALSE)*IF($I48=1,$AE48,1),0) -> 0 | AB48: =_xlfn.IFNA($H48*VLOOKUP($A48,M4_PR_Lijsten!$B$8:$I$177,3,FALSE)*IF($I48=1,$AE48,1),0) -> 0 | AC48: =_xlfn.IFNA($H48*VLOOKUP($A48,M4_PR_Lijsten!$B$8:$I$177,4,FALSE)*IF($I48=1,$AE48,1),0) -> 0 | AD48: =_xlfn.IFNA($H48*VLOOKUP($A48,M4_PR_Lijsten!$B$8:$I$177,5,FALSE)*IF(I48=1,1,0),0) -> 0 | AE48: =_xlfn.IFNA(VLOOKUP($A48,M4_PR_Lijsten!$B$8:$I$177,6,FALSE),0) -> 0 | AF48: =_xlfn.IFNA($H48*VLOOKUP($A48,M4_PR_Lijsten!$B$8:$I$177,7,FALSE),0) -> 0 | AG48: =_xlfn.IFNA($H48*VLOOKUP($A48,M4_PR_Lijsten!$B$8:$I$177,8,FALSE),0) -> 0
A49: 0 | B49: =_xlfn.IFNA(VLOOKUP(A49,M4_PR_Lijsten!$B$8:$J$177,9,FALSE),"geen opmerking") -> geen opmerking | M49: =_xlfn.IFNA(D49*VLOOKUP(A49,M4_PR_Lijsten!$B$8:$I$177,2,FALSE)*IF(E49=1,Q49,1),0) -> 0 | N49: =_xlfn.IFNA(D49*VLOOKUP(A49,M4_PR_Lijsten!$B$8:$I$177,3,FALSE)*IF(E49=1,Q49,1),0) -> 0 | O49: =_xlfn.IFNA(D49*VLOOKUP(A49,M4_PR_Lijsten!$B$8:$I$177,4,FALSE)*IF(E49=1,Q49,1),0) -> 0 | P49: =_xlfn.IFNA(D49*VLOOKUP(A49,M4_PR_Lijsten!$B$8:$I$177,5,FALSE)*IF(E49=1,1,0),0) -> 0 | Q49: =_xlfn.IFNA(VLOOKUP(A49,M4_PR_Lijsten!$B$8:$I$177,6,FALSE),0) -> 0 | R49: =_xlfn.IFNA(D49*VLOOKUP(A49,M4_PR_Lijsten!$B$8:$I$177,7,FALSE),0) -> 0 | S49: =_xlfn.IFNA(D49*VLOOKUP(A49,M4_PR_Lijsten!$B$8:$I$177,8,FALSE),0) -> 0 | T49: =_xlfn.IFNA($F49*VLOOKUP($A49,M4_PR_Lijsten!$B$8:$I$177,2,FALSE)*IF($G49=1,$X49,1),0) -> 0 | U49: =_xlfn.IFNA($F49*VLOOKUP($A49,M4_PR_Lijsten!$B$8:$I$177,3,FALSE)*IF($G49=1,$X49,1),0) -> 0 | V49: =_xlfn.IFNA($F49*VLOOKUP($A49,M4_PR_Lijsten!$B$8:$I$177,4,FALSE)*IF($E49=1,$Q49,1),0) -> 0 | W49: =_xlfn.IFNA($F49*VLOOKUP($A49,M4_PR_Lijsten!$B$8:$I$177,5,FALSE)*IF(G49=1,1,0),0) -> 0 | X49: =_xlfn.IFNA(VLOOKUP($A49,M4_PR_Lijsten!$B$8:$I$177,6,FALSE),0) -> 0 | Y49: =_xlfn.IFNA($F49*VLOOKUP($A49,M4_PR_Lijsten!$B$8:$I$177,7,FALSE),0) -> 0 | Z49: =_xlfn.IFNA($F49*VLOOKUP($A49,M4_PR_Lijsten!$B$8:$I$177,8,FALSE),0) -> 0 | AA49: =_xlfn.IFNA($H49*VLOOKUP($A49,M4_PR_Lijsten!$B$8:$I$177,2,FALSE)*IF($I49=1,$AE49,1),0) -> 0 | AB49: =_xlfn.IFNA($H49*VLOOKUP($A49,M4_PR_Lijsten!$B$8:$I$177,3,FALSE)*IF($I49=1,$AE49,1),0) -> 0 | AC49: =_xlfn.IFNA($H49*VLOOKUP($A49,M4_PR_Lijsten!$B$8:$I$177,4,FALSE)*IF($I49=1,$AE49,1),0) -> 0 | AD49: =_xlfn.IFNA($H49*VLOOKUP($A49,M4_PR_Lijsten!$B$8:$I$177,5,FALSE)*IF(I49=1,1,0),0) -> 0 | AE49: =_xlfn.IFNA(VLOOKUP($A49,M4_PR_Lijsten!$B$8:$I$177,6,FALSE),0) -> 0 | AF49: =_xlfn.IFNA($H49*VLOOKUP($A49,M4_PR_Lijsten!$B$8:$I$177,7,FALSE),0) -> 0 | AG49: =_xlfn.IFNA($H49*VLOOKUP($A49,M4_PR_Lijsten!$B$8:$I$177,8,FALSE),0) -> 0
A50: 0 | B50: =_xlfn.IFNA(VLOOKUP(A50,M4_PR_Lijsten!$B$8:$J$177,9,FALSE),"geen opmerking") -> geen opmerking | M50: =_xlfn.IFNA(D50*VLOOKUP(A50,M4_PR_Lijsten!$B$8:$I$177,2,FALSE)*IF(E50=1,Q50,1),0) -> 0 | N50: =_xlfn.IFNA(D50*VLOOKUP(A50,M4_PR_Lijsten!$B$8:$I$177,3,FALSE)*IF(E50=1,Q50,1),0) -> 0 | O50: =_xlfn.IFNA(D50*VLOOKUP(A50,M4_PR_Lijsten!$B$8:$I$177,4,FALSE)*IF(E50=1,Q50,1),0) -> 0 | P50: =_xlfn.IFNA(D50*VLOOKUP(A50,M4_PR_Lijsten!$B$8:$I$177,5,FALSE)*IF(E50=1,1,0),0) -> 0 | Q50: =_xlfn.IFNA(VLOOKUP(A50,M4_PR_Lijsten!$B$8:$I$177,6,FALSE),0) -> 0 | R50: =_xlfn.IFNA(D50*VLOOKUP(A50,M4_PR_Lijsten!$B$8:$I$177,7,FALSE),0) -> 0 | S50: =_xlfn.IFNA(D50*VLOOKUP(A50,M4_PR_Lijsten!$B$8:$I$177,8,FALSE),0) -> 0 | T50: =_xlfn.IFNA($F50*VLOOKUP($A50,M4_PR_Lijsten!$B$8:$I$177,2,FALSE)*IF($G50=1,$X50,1),0) -> 0 | U50: =_xlfn.IFNA($F50*VLOOKUP($A50,M4_PR_Lijsten!$B$8:$I$177,3,FALSE)*IF($G50=1,$X50,1),0) -> 0 | V50: =_xlfn.IFNA($F50*VLOOKUP($A50,M4_PR_Lijsten!$B$8:$I$177,4,FALSE)*IF($E50=1,$Q50,1),0) -> 0 | W50: =_xlfn.IFNA($F50*VLOOKUP($A50,M4_PR_Lijsten!$B$8:$I$177,5,FALSE)*IF(G50=1,1,0),0) -> 0 | X50: =_xlfn.IFNA(VLOOKUP($A50,M4_PR_Lijsten!$B$8:$I$177,6,FALSE),0) -> 0 | Y50: =_xlfn.IFNA($F50*VLOOKUP($A50,M4_PR_Lijsten!$B$8:$I$177,7,FALSE),0) -> 0 | Z50: =_xlfn.IFNA($F50*VLOOKUP($A50,M4_PR_Lijsten!$B$8:$I$177,8,FALSE),0) -> 0 | AA50: =_xlfn.IFNA($H50*VLOOKUP($A50,M4_PR_Lijsten!$B$8:$I$177,2,FALSE)*IF($I50=1,$AE50,1),0) -> 0 | AB50: =_xlfn.IFNA($H50*VLOOKUP($A50,M4_PR_Lijsten!$B$8:$I$177,3,FALSE)*IF($I50=1,$AE50,1),0) -> 0 | AC50: =_xlfn.IFNA($H50*VLOOKUP($A50,M4_PR_Lijsten!$B$8:$I$177,4,FALSE)*IF($I50=1,$AE50,1),0) -> 0 | AD50: =_xlfn.IFNA($H50*VLOOKUP($A50,M4_PR_Lijsten!$B$8:$I$177,5,FALSE)*IF(I50=1,1,0),0) -> 0 | AE50: =_xlfn.IFNA(VLOOKUP($A50,M4_PR_Lijsten!$B$8:$I$177,6,FALSE),0) -> 0 | AF50: =_xlfn.IFNA($H50*VLOOKUP($A50,M4_PR_Lijsten!$B$8:$I$177,7,FALSE),0) -> 0 | AG50: =_xlfn.IFNA($H50*VLOOKUP($A50,M4_PR_Lijsten!$B$8:$I$177,8,FALSE),0) -> 0
A51: Organisatie warmtebeleid: pijler Middelen en financiering | J51: =SUM(M52:M58)/$M$5+SUM(N52:N58)/$N$5+SUM(O52:O58)/$O$5 -> 156 | K51: =SUM(T52:T58)/$M$5+SUM(U52:U58)/$N$5+SUM(V52:V58)/$O$5 -> 0 | L51: =SUM(AA52:AA58)/$M$5+SUM(AB52:AB58)/$N$5+SUM(AC52:AC58)/$O$5 -> 0
A52: {=M4_PR_Lijsten!B112:B118} -> Financiële Opvolging realisatie Meerjarenplan/ beleidsplan [per kalenderjaar] | B52: =_xlfn.IFNA(VLOOKUP(A52,M4_PR_Lijsten!$B$8:$J$177,9,FALSE),"geen opmerking") -> Gemiddelde jaarkost om begroting up to date te houden en financiële rapportering te doen | C52: Jaarkost dus 6* voorzien in legislatuur raming | D52: 6 | M52: =_xlfn.IFNA(D52*VLOOKUP(A52,M4_PR_Lijsten!$B$8:$I$177,2,FALSE)*IF(E52=1,Q52,1),0) -> 21000 | N52: =_xlfn.IFNA(D52*VLOOKUP(A52,M4_PR_Lijsten!$B$8:$I$177,3,FALSE)*IF(E52=1,Q52,1),0) -> 11250 | O52: =_xlfn.IFNA(D52*VLOOKUP(A52,M4_PR_Lijsten!$B$8:$I$177,4,FALSE)*IF(E52=1,Q52,1),0) -> 0 | P52: =_xlfn.IFNA(D52*VLOOKUP(A52,M4_PR_Lijsten!$B$8:$I$177,5,FALSE)*IF(E52=1,1,0),0) -> 0 | Q52: =_xlfn.IFNA(VLOOKUP(A52,M4_PR_Lijsten!$B$8:$I$177,6,FALSE),0) -> 1 | R52: =_xlfn.IFNA(D52*VLOOKUP(A52,M4_PR_Lijsten!$B$8:$I$177,7,FALSE),0) -> 0 | S52: =_xlfn.IFNA(D52*VLOOKUP(A52,M4_PR_Lijsten!$B$8:$I$177,8,FALSE),0) -> 0 | T52: =_xlfn.IFNA($F52*VLOOKUP($A52,M4_PR_Lijsten!$B$8:$I$177,2,FALSE)*IF($G52=1,$X52,1),0) -> 0 | U52: =_xlfn.IFNA($F52*VLOOKUP($A52,M4_PR_Lijsten!$B$8:$I$177,3,FALSE)*IF($G52=1,$X52,1),0) -> 0 | V52: =_xlfn.IFNA($F52*VLOOKUP($A52,M4_PR_Lijsten!$B$8:$I$177,4,FALSE)*IF($E52=1,$Q52,1),0) -> 0 | W52: =_xlfn.IFNA($F52*VLOOKUP($A52,M4_PR_Lijsten!$B$8:$I$177,5,FALSE)*IF(G52=1,1,0),0) -> 0 | X52: =_xlfn.IFNA(VLOOKUP($A52,M4_PR_Lijsten!$B$8:$I$177,6,FALSE),0) -> 1 | Y52: =_xlfn.IFNA($F52*VLOOKUP($A52,M4_PR_Lijsten!$B$8:$I$177,7,FALSE),0) -> 0 | Z52: =_xlfn.IFNA($F52*VLOOKUP($A52,M4_PR_Lijsten!$B$8:$I$177,8,FALSE),0) -> 0 | AA52: =_xlfn.IFNA($H52*VLOOKUP($A52,M4_PR_Lijsten!$B$8:$I$177,2,FALSE)*IF($I52=1,$AE52,1),0) -> 0 | AB52: =_xlfn.IFNA($H52*VLOOKUP($A52,M4_PR_Lijsten!$B$8:$I$177,3,FALSE)*IF($I52=1,$AE52,1),0) -> 0 | AC52: =_xlfn.IFNA($H52*VLOOKUP($A52,M4_PR_Lijsten!$B$8:$I$177,4,FALSE)*IF($I52=1,$AE52,1),0) -> 0 | AD52: =_xlfn.IFNA($H52*VLOOKUP($A52,M4_PR_Lijsten!$B$8:$I$177,5,FALSE)*IF(I52=1,1,0),0) -> 0 | AE52: =_xlfn.IFNA(VLOOKUP($A52,M4_PR_Lijsten!$B$8:$I$177,6,FALSE),0) -> 1 | AF52: =_xlfn.IFNA($H52*VLOOKUP($A52,M4_PR_Lijsten!$B$8:$I$177,7,FALSE),0) -> 0 | AG52: =_xlfn.IFNA($H52*VLOOKUP($A52,M4_PR_Lijsten!$B$8:$I$177,8,FALSE),0) -> 0
A53: Middelen aantrekken [per kalenderjaar] | B53: =_xlfn.IFNA(VLOOKUP(A53,M4_PR_Lijsten!$B$8:$J$177,9,FALSE),"geen opmerking") -> Jaarkost om middelen aan te trekken, bestaande uit het opvolgen van calls en subsidies en het schrijven van 1 dossier voor subsidies | C53: Te voorzien in verhouding tot aantal projecten dat je zal kunnen doen | D53: 6 | M53: =_xlfn.IFNA(D53*VLOOKUP(A53,M4_PR_Lijsten!$B$8:$I$177,2,FALSE)*IF(E53=1,Q53,1),0) -> 13125 | N53: =_xlfn.IFNA(D53*VLOOKUP(A53,M4_PR_Lijsten!$B$8:$I$177,3,FALSE)*IF(E53=1,Q53,1),0) -> 2250 | O53: =_xlfn.IFNA(D53*VLOOKUP(A53,M4_PR_Lijsten!$B$8:$I$177,4,FALSE)*IF(E53=1,Q53,1),0) -> 17062.5 | P53: =_xlfn.IFNA(D53*VLOOKUP(A53,M4_PR_Lijsten!$B$8:$I$177,5,FALSE)*IF(E53=1,1,0),0) -> 0 | Q53: =_xlfn.IFNA(VLOOKUP(A53,M4_PR_Lijsten!$B$8:$I$177,6,FALSE),0) -> 1 | R53: =_xlfn.IFNA(D53*VLOOKUP(A53,M4_PR_Lijsten!$B$8:$I$177,7,FALSE),0) -> 0 | S53: =_xlfn.IFNA(D53*VLOOKUP(A53,M4_PR_Lijsten!$B$8:$I$177,8,FALSE),0) -> 0 | T53: =_xlfn.IFNA($F53*VLOOKUP($A53,M4_PR_Lijsten!$B$8:$I$177,2,FALSE)*IF($G53=1,$X53,1),0) -> 0 | U53: =_xlfn.IFNA($F53*VLOOKUP($A53,M4_PR_Lijsten!$B$8:$I$177,3,FALSE)*IF($G53=1,$X53,1),0) -> 0 | V53: =_xlfn.IFNA($F53*VLOOKUP($A53,M4_PR_Lijsten!$B$8:$I$177,4,FALSE)*IF($E53=1,$Q53,1),0) -> 0 | W53: =_xlfn.IFNA($F53*VLOOKUP($A53,M4_PR_Lijsten!$B$8:$I$177,5,FALSE)*IF(G53=1,1,0),0) -> 0 | X53: =_xlfn.IFNA(VLOOKUP($A53,M4_PR_Lijsten!$B$8:$I$177,6,FALSE),0) -> 1 | Y53: =_xlfn.IFNA($F53*VLOOKUP($A53,M4_PR_Lijsten!$B$8:$I$177,7,FALSE),0) -> 0 | Z53: =_xlfn.IFNA($F53*VLOOKUP($A53,M4_PR_Lijsten!$B$8:$I$177,8,FALSE),0) -> 0 | AA53: =_xlfn.IFNA($H53*VLOOKUP($A53,M4_PR_Lijsten!$B$8:$I$177,2,FALSE)*IF($I53=1,$AE53,1),0) -> 0 | AB53: =_xlfn.IFNA($H53*VLOOKUP($A53,M4_PR_Lijsten!$B$8:$I$177,3,FALSE)*IF($I53=1,$AE53,1),0) -> 0 | AC53: =_xlfn.IFNA($H53*VLOOKUP($A53,M4_PR_Lijsten!$B$8:$I$177,4,FALSE)*IF($I53=1,$AE53,1),0) -> 0 | AD53: =_xlfn.IFNA($H53*VLOOKUP($A53,M4_PR_Lijsten!$B$8:$I$177,5,FALSE)*IF(I53=1,1,0),0) -> 0 | AE53: =_xlfn.IFNA(VLOOKUP($A53,M4_PR_Lijsten!$B$8:$I$177,6,FALSE),0) -> 1 | AF53: =_xlfn.IFNA($H53*VLOOKUP($A53,M4_PR_Lijsten!$B$8:$I$177,7,FALSE),0) -> 0 | AG53: =_xlfn.IFNA($H53*VLOOKUP($A53,M4_PR_Lijsten!$B$8:$I$177,8,FALSE),0) -> 0
A54: reserve | B54: =_xlfn.IFNA(VLOOKUP(A54,M4_PR_Lijsten!$B$8:$J$177,9,FALSE),"geen opmerking") -> 0 | M54: =_xlfn.IFNA(D54*VLOOKUP(A54,M4_PR_Lijsten!$B$8:$I$177,2,FALSE)*IF(E54=1,Q54,1),0) -> 0 | N54: =_xlfn.IFNA(D54*VLOOKUP(A54,M4_PR_Lijsten!$B$8:$I$177,3,FALSE)*IF(E54=1,Q54,1),0) -> 0 | O54: =_xlfn.IFNA(D54*VLOOKUP(A54,M4_PR_Lijsten!$B$8:$I$177,4,FALSE)*IF(E54=1,Q54,1),0) -> 0 | P54: =_xlfn.IFNA(D54*VLOOKUP(A54,M4_PR_Lijsten!$B$8:$I$177,5,FALSE)*IF(E54=1,1,0),0) -> 0 | Q54: =_xlfn.IFNA(VLOOKUP(A54,M4_PR_Lijsten!$B$8:$I$177,6,FALSE),0) -> 1 | R54: =_xlfn.IFNA(D54*VLOOKUP(A54,M4_PR_Lijsten!$B$8:$I$177,7,FALSE),0) -> 0 | S54: =_xlfn.IFNA(D54*VLOOKUP(A54,M4_PR_Lijsten!$B$8:$I$177,8,FALSE),0) -> 0 | T54: =_xlfn.IFNA($F54*VLOOKUP($A54,M4_PR_Lijsten!$B$8:$I$177,2,FALSE)*IF($G54=1,$X54,1),0) -> 0 | U54: =_xlfn.IFNA($F54*VLOOKUP($A54,M4_PR_Lijsten!$B$8:$I$177,3,FALSE)*IF($G54=1,$X54,1),0) -> 0 | V54: =_xlfn.IFNA($F54*VLOOKUP($A54,M4_PR_Lijsten!$B$8:$I$177,4,FALSE)*IF($E54=1,$Q54,1),0) -> 0 | W54: =_xlfn.IFNA($F54*VLOOKUP($A54,M4_PR_Lijsten!$B$8:$I$177,5,FALSE)*IF(G54=1,1,0),0) -> 0 | X54: =_xlfn.IFNA(VLOOKUP($A54,M4_PR_Lijsten!$B$8:$I$177,6,FALSE),0) -> 1 | Y54: =_xlfn.IFNA($F54*VLOOKUP($A54,M4_PR_Lijsten!$B$8:$I$177,7,FALSE),0) -> 0 | Z54: =_xlfn.IFNA($F54*VLOOKUP($A54,M4_PR_Lijsten!$B$8:$I$177,8,FALSE),0) -> 0 | AA54: =_xlfn.IFNA($H54*VLOOKUP($A54,M4_PR_Lijsten!$B$8:$I$177,2,FALSE)*IF($I54=1,$AE54,1),0) -> 0 | AB54: =_xlfn.IFNA($H54*VLOOKUP($A54,M4_PR_Lijsten!$B$8:$I$177,3,FALSE)*IF($I54=1,$AE54,1),0) -> 0 | AC54: =_xlfn.IFNA($H54*VLOOKUP($A54,M4_PR_Lijsten!$B$8:$I$177,4,FALSE)*IF($I54=1,$AE54,1),0) -> 0 | AD54: =_xlfn.IFNA($H54*VLOOKUP($A54,M4_PR_Lijsten!$B$8:$I$177,5,FALSE)*IF(I54=1,1,0),0) -> 0 | AE54: =_xlfn.IFNA(VLOOKUP($A54,M4_PR_Lijsten!$B$8:$I$177,6,FALSE),0) -> 1 | AF54: =_xlfn.IFNA($H54*VLOOKUP($A54,M4_PR_Lijsten!$B$8:$I$177,7,FALSE),0) -> 0 | AG54: =_xlfn.IFNA($H54*VLOOKUP($A54,M4_PR_Lijsten!$B$8:$I$177,8,FALSE),0) -> 0
A55: 0 | B55: =_xlfn.IFNA(VLOOKUP(A55,M4_PR_Lijsten!$B$8:$J$177,9,FALSE),"geen opmerking") -> geen opmerking | M55: =_xlfn.IFNA(D55*VLOOKUP(A55,M4_PR_Lijsten!$B$8:$I$177,2,FALSE)*IF(E55=1,Q55,1),0) -> 0 | N55: =_xlfn.IFNA(D55*VLOOKUP(A55,M4_PR_Lijsten!$B$8:$I$177,3,FALSE)*IF(E55=1,Q55,1),0) -> 0 | O55: =_xlfn.IFNA(D55*VLOOKUP(A55,M4_PR_Lijsten!$B$8:$I$177,4,FALSE)*IF(E55=1,Q55,1),0) -> 0 | P55: =_xlfn.IFNA(D55*VLOOKUP(A55,M4_PR_Lijsten!$B$8:$I$177,5,FALSE)*IF(E55=1,1,0),0) -> 0 | Q55: =_xlfn.IFNA(VLOOKUP(A55,M4_PR_Lijsten!$B$8:$I$177,6,FALSE),0) -> 0 | R55: =_xlfn.IFNA(D55*VLOOKUP(A55,M4_PR_Lijsten!$B$8:$I$177,7,FALSE),0) -> 0 | S55: =_xlfn.IFNA(D55*VLOOKUP(A55,M4_PR_Lijsten!$B$8:$I$177,8,FALSE),0) -> 0 | T55: =_xlfn.IFNA($F55*VLOOKUP($A55,M4_PR_Lijsten!$B$8:$I$177,2,FALSE)*IF($G55=1,$X55,1),0) -> 0 | U55: =_xlfn.IFNA($F55*VLOOKUP($A55,M4_PR_Lijsten!$B$8:$I$177,3,FALSE)*IF($G55=1,$X55,1),0) -> 0 | V55: =_xlfn.IFNA($F55*VLOOKUP($A55,M4_PR_Lijsten!$B$8:$I$177,4,FALSE)*IF($E55=1,$Q55,1),0) -> 0 | W55: =_xlfn.IFNA($F55*VLOOKUP($A55,M4_PR_Lijsten!$B$8:$I$177,5,FALSE)*IF(G55=1,1,0),0) -> 0 | X55: =_xlfn.IFNA(VLOOKUP($A55,M4_PR_Lijsten!$B$8:$I$177,6,FALSE),0) -> 0 | Y55: =_xlfn.IFNA($F55*VLOOKUP($A55,M4_PR_Lijsten!$B$8:$I$177,7,FALSE),0) -> 0 | Z55: =_xlfn.IFNA($F55*VLOOKUP($A55,M4_PR_Lijsten!$B$8:$I$177,8,FALSE),0) -> 0 | AA55: =_xlfn.IFNA($H55*VLOOKUP($A55,M4_PR_Lijsten!$B$8:$I$177,2,FALSE)*IF($I55=1,$AE55,1),0) -> 0 | AB55: =_xlfn.IFNA($H55*VLOOKUP($A55,M4_PR_Lijsten!$B$8:$I$177,3,FALSE)*IF($I55=1,$AE55,1),0) -> 0 | AC55: =_xlfn.IFNA($H55*VLOOKUP($A55,M4_PR_Lijsten!$B$8:$I$177,4,FALSE)*IF($I55=1,$AE55,1),0) -> 0 | AD55: =_xlfn.IFNA($H55*VLOOKUP($A55,M4_PR_Lijsten!$B$8:$I$177,5,FALSE)*IF(I55=1,1,0),0) -> 0 | AE55: =_xlfn.IFNA(VLOOKUP($A55,M4_PR_Lijsten!$B$8:$I$177,6,FALSE),0) -> 0 | AF55: =_xlfn.IFNA($H55*VLOOKUP($A55,M4_PR_Lijsten!$B$8:$I$177,7,FALSE),0) -> 0 | AG55: =_xlfn.IFNA($H55*VLOOKUP($A55,M4_PR_Lijsten!$B$8:$I$177,8,FALSE),0) -> 0
A56: 0 | B56: =_xlfn.IFNA(VLOOKUP(A56,M4_PR_Lijsten!$B$8:$J$177,9,FALSE),"geen opmerking") -> geen opmerking | M56: =_xlfn.IFNA(D56*VLOOKUP(A56,M4_PR_Lijsten!$B$8:$I$177,2,FALSE)*IF(E56=1,Q56,1),0) -> 0 | N56: =_xlfn.IFNA(D56*VLOOKUP(A56,M4_PR_Lijsten!$B$8:$I$177,3,FALSE)*IF(E56=1,Q56,1),0) -> 0 | O56: =_xlfn.IFNA(D56*VLOOKUP(A56,M4_PR_Lijsten!$B$8:$I$177,4,FALSE)*IF(E56=1,Q56,1),0) -> 0 | P56: =_xlfn.IFNA(D56*VLOOKUP(A56,M4_PR_Lijsten!$B$8:$I$177,5,FALSE)*IF(E56=1,1,0),0) -> 0 | Q56: =_xlfn.IFNA(VLOOKUP(A56,M4_PR_Lijsten!$B$8:$I$177,6,FALSE),0) -> 0 | R56: =_xlfn.IFNA(D56*VLOOKUP(A56,M4_PR_Lijsten!$B$8:$I$177,7,FALSE),0) -> 0 | S56: =_xlfn.IFNA(D56*VLOOKUP(A56,M4_PR_Lijsten!$B$8:$I$177,8,FALSE),0) -> 0 | T56: =_xlfn.IFNA($F56*VLOOKUP($A56,M4_PR_Lijsten!$B$8:$I$177,2,FALSE)*IF($G56=1,$X56,1),0) -> 0 | U56: =_xlfn.IFNA($F56*VLOOKUP($A56,M4_PR_Lijsten!$B$8:$I$177,3,FALSE)*IF($G56=1,$X56,1),0) -> 0 | V56: =_xlfn.IFNA($F56*VLOOKUP($A56,M4_PR_Lijsten!$B$8:$I$177,4,FALSE)*IF($E56=1,$Q56,1),0) -> 0 | W56: =_xlfn.IFNA($F56*VLOOKUP($A56,M4_PR_Lijsten!$B$8:$I$177,5,FALSE)*IF(G56=1,1,0),0) -> 0 | X56: =_xlfn.IFNA(VLOOKUP($A56,M4_PR_Lijsten!$B$8:$I$177,6,FALSE),0) -> 0 | Y56: =_xlfn.IFNA($F56*VLOOKUP($A56,M4_PR_Lijsten!$B$8:$I$177,7,FALSE),0) -> 0 | Z56: =_xlfn.IFNA($F56*VLOOKUP($A56,M4_PR_Lijsten!$B$8:$I$177,8,FALSE),0) -> 0 | AA56: =_xlfn.IFNA($H56*VLOOKUP($A56,M4_PR_Lijsten!$B$8:$I$177,2,FALSE)*IF($I56=1,$AE56,1),0) -> 0 | AB56: =_xlfn.IFNA($H56*VLOOKUP($A56,M4_PR_Lijsten!$B$8:$I$177,3,FALSE)*IF($I56=1,$AE56,1),0) -> 0 | AC56: =_xlfn.IFNA($H56*VLOOKUP($A56,M4_PR_Lijsten!$B$8:$I$177,4,FALSE)*IF($I56=1,$AE56,1),0) -> 0 | AD56: =_xlfn.IFNA($H56*VLOOKUP($A56,M4_PR_Lijsten!$B$8:$I$177,5,FALSE)*IF(I56=1,1,0),0) -> 0 | AE56: =_xlfn.IFNA(VLOOKUP($A56,M4_PR_Lijsten!$B$8:$I$177,6,FALSE),0) -> 0 | AF56: =_xlfn.IFNA($H56*VLOOKUP($A56,M4_PR_Lijsten!$B$8:$I$177,7,FALSE),0) -> 0 | AG56: =_xlfn.IFNA($H56*VLOOKUP($A56,M4_PR_Lijsten!$B$8:$I$177,8,FALSE),0) -> 0
A57: 0 | B57: =_xlfn.IFNA(VLOOKUP(A57,M4_PR_Lijsten!$B$8:$J$177,9,FALSE),"geen opmerking") -> geen opmerking | M57: =_xlfn.IFNA(D57*VLOOKUP(A57,M4_PR_Lijsten!$B$8:$I$177,2,FALSE)*IF(E57=1,Q57,1),0) -> 0 | N57: =_xlfn.IFNA(D57*VLOOKUP(A57,M4_PR_Lijsten!$B$8:$I$177,3,FALSE)*IF(E57=1,Q57,1),0) -> 0 | O57: =_xlfn.IFNA(D57*VLOOKUP(A57,M4_PR_Lijsten!$B$8:$I$177,4,FALSE)*IF(E57=1,Q57,1),0) -> 0 | P57: =_xlfn.IFNA(D57*VLOOKUP(A57,M4_PR_Lijsten!$B$8:$I$177,5,FALSE)*IF(E57=1,1,0),0) -> 0 | Q57: =_xlfn.IFNA(VLOOKUP(A57,M4_PR_Lijsten!$B$8:$I$177,6,FALSE),0) -> 0 | R57: =_xlfn.IFNA(D57*VLOOKUP(A57,M4_PR_Lijsten!$B$8:$I$177,7,FALSE),0) -> 0 | S57: =_xlfn.IFNA(D57*VLOOKUP(A57,M4_PR_Lijsten!$B$8:$I$177,8,FALSE),0) -> 0 | T57: =_xlfn.IFNA($F57*VLOOKUP($A57,M4_PR_Lijsten!$B$8:$I$177,2,FALSE)*IF($G57=1,$X57,1),0) -> 0 | U57: =_xlfn.IFNA($F57*VLOOKUP($A57,M4_PR_Lijsten!$B$8:$I$177,3,FALSE)*IF($G57=1,$X57,1),0) -> 0 | V57: =_xlfn.IFNA($F57*VLOOKUP($A57,M4_PR_Lijsten!$B$8:$I$177,4,FALSE)*IF($E57=1,$Q57,1),0) -> 0 | W57: =_xlfn.IFNA($F57*VLOOKUP($A57,M4_PR_Lijsten!$B$8:$I$177,5,FALSE)*IF(G57=1,1,0),0) -> 0 | X57: =_xlfn.IFNA(VLOOKUP($A57,M4_PR_Lijsten!$B$8:$I$177,6,FALSE),0) -> 0 | Y57: =_xlfn.IFNA($F57*VLOOKUP($A57,M4_PR_Lijsten!$B$8:$I$177,7,FALSE),0) -> 0 | Z57: =_xlfn.IFNA($F57*VLOOKUP($A57,M4_PR_Lijsten!$B$8:$I$177,8,FALSE),0) -> 0 | AA57: =_xlfn.IFNA($H57*VLOOKUP($A57,M4_PR_Lijsten!$B$8:$I$177,2,FALSE)*IF($I57=1,$AE57,1),0) -> 0 | AB57: =_xlfn.IFNA($H57*VLOOKUP($A57,M4_PR_Lijsten!$B$8:$I$177,3,FALSE)*IF($I57=1,$AE57,1),0) -> 0 | AC57: =_xlfn.IFNA($H57*VLOOKUP($A57,M4_PR_Lijsten!$B$8:$I$177,4,FALSE)*IF($I57=1,$AE57,1),0) -> 0 | AD57: =_xlfn.IFNA($H57*VLOOKUP($A57,M4_PR_Lijsten!$B$8:$I$177,5,FALSE)*IF(I57=1,1,0),0) -> 0 | AE57: =_xlfn.IFNA(VLOOKUP($A57,M4_PR_Lijsten!$B$8:$I$177,6,FALSE),0) -> 0 | AF57: =_xlfn.IFNA($H57*VLOOKUP($A57,M4_PR_Lijsten!$B$8:$I$177,7,FALSE),0) -> 0 | AG57: =_xlfn.IFNA($H57*VLOOKUP($A57,M4_PR_Lijsten!$B$8:$I$177,8,FALSE),0) -> 0
A58: 0 | B58: =_xlfn.IFNA(VLOOKUP(A58,M4_PR_Lijsten!$B$8:$J$177,9,FALSE),"geen opmerking") -> geen opmerking | M58: =_xlfn.IFNA(D58*VLOOKUP(A58,M4_PR_Lijsten!$B$8:$I$177,2,FALSE)*IF(E58=1,Q58,1),0) -> 0 | N58: =_xlfn.IFNA(D58*VLOOKUP(A58,M4_PR_Lijsten!$B$8:$I$177,3,FALSE)*IF(E58=1,Q58,1),0) -> 0 | O58: =_xlfn.IFNA(D58*VLOOKUP(A58,M4_PR_Lijsten!$B$8:$I$177,4,FALSE)*IF(E58=1,Q58,1),0) -> 0 | P58: =_xlfn.IFNA(D58*VLOOKUP(A58,M4_PR_Lijsten!$B$8:$I$177,5,FALSE)*IF(E58=1,1,0),0) -> 0 | Q58: =_xlfn.IFNA(VLOOKUP(A58,M4_PR_Lijsten!$B$8:$I$177,6,FALSE),0) -> 0 | R58: =_xlfn.IFNA(D58*VLOOKUP(A58,M4_PR_Lijsten!$B$8:$I$177,7,FALSE),0) -> 0 | S58: =_xlfn.IFNA(D58*VLOOKUP(A58,M4_PR_Lijsten!$B$8:$I$177,8,FALSE),0) -> 0 | T58: =_xlfn.IFNA($F58*VLOOKUP($A58,M4_PR_Lijsten!$B$8:$I$177,2,FALSE)*IF($G58=1,$X58,1),0) -> 0 | U58: =_xlfn.IFNA($F58*VLOOKUP($A58,M4_PR_Lijsten!$B$8:$I$177,3,FALSE)*IF($G58=1,$X58,1),0) -> 0 | V58: =_xlfn.IFNA($F58*VLOOKUP($A58,M4_PR_Lijsten!$B$8:$I$177,4,FALSE)*IF($E58=1,$Q58,1),0) -> 0 | W58: =_xlfn.IFNA($F58*VLOOKUP($A58,M4_PR_Lijsten!$B$8:$I$177,5,FALSE)*IF(G58=1,1,0),0) -> 0 | X58: =_xlfn.IFNA(VLOOKUP($A58,M4_PR_Lijsten!$B$8:$I$177,6,FALSE),0) -> 0 | Y58: =_xlfn.IFNA($F58*VLOOKUP($A58,M4_PR_Lijsten!$B$8:$I$177,7,FALSE),0) -> 0 | Z58: =_xlfn.IFNA($F58*VLOOKUP($A58,M4_PR_Lijsten!$B$8:$I$177,8,FALSE),0) -> 0 | AA58: =_xlfn.IFNA($H58*VLOOKUP($A58,M4_PR_Lijsten!$B$8:$I$177,2,FALSE)*IF($I58=1,$AE58,1),0) -> 0 | AB58: =_xlfn.IFNA($H58*VLOOKUP($A58,M4_PR_Lijsten!$B$8:$I$177,3,FALSE)*IF($I58=1,$AE58,1),0) -> 0 | AC58: =_xlfn.IFNA($H58*VLOOKUP($A58,M4_PR_Lijsten!$B$8:$I$177,4,FALSE)*IF($I58=1,$AE58,1),0) -> 0 | AD58: =_xlfn.IFNA($H58*VLOOKUP($A58,M4_PR_Lijsten!$B$8:$I$177,5,FALSE)*IF(I58=1,1,0),0) -> 0 | AE58: =_xlfn.IFNA(VLOOKUP($A58,M4_PR_Lijsten!$B$8:$I$177,6,FALSE),0) -> 0 | AF58: =_xlfn.IFNA($H58*VLOOKUP($A58,M4_PR_Lijsten!$B$8:$I$177,7,FALSE),0) -> 0 | AG58: =_xlfn.IFNA($H58*VLOOKUP($A58,M4_PR_Lijsten!$B$8:$I$177,8,FALSE),0) -> 0
A59: Organisatie warmtebeleid: pijler Communicatie en belangenbehartiging | J59: =SUM(M60:M66)/$M$5+SUM(N60:N66)/$N$5+SUM(O60:O66)/$O$5 -> 114 | K59: =SUM(T60:T66)/$M$5+SUM(U60:U66)/$N$5+SUM(V60:V66)/$O$5 -> 0 | L59: =SUM(AA60:AA66)/$M$5+SUM(AB60:AB66)/$N$5+SUM(AC60:AC66)/$O$5 -> 0
A60: {=M4_PR_Lijsten!B132:B138} -> Digitaal platform / socials / digitale nieuwbrief beheren [per kalenderjaar] | B60: =_xlfn.IFNA(VLOOKUP(A60,M4_PR_Lijsten!$B$8:$J$177,9,FALSE),"geen opmerking") -> Gemiddelde jaarkost om digitale media te beheren | D60: 6 | M60: =_xlfn.IFNA(D60*VLOOKUP(A60,M4_PR_Lijsten!$B$8:$I$177,2,FALSE)*IF(E60=1,Q60,1),0) -> 6562.5 | N60: =_xlfn.IFNA(D60*VLOOKUP(A60,M4_PR_Lijsten!$B$8:$I$177,3,FALSE)*IF(E60=1,Q60,1),0) -> 7875 | O60: =_xlfn.IFNA(D60*VLOOKUP(A60,M4_PR_Lijsten!$B$8:$I$177,4,FALSE)*IF(E60=1,Q60,1),0) -> 14625 | P60: =_xlfn.IFNA(D60*VLOOKUP(A60,M4_PR_Lijsten!$B$8:$I$177,5,FALSE)*IF(E60=1,1,0),0) -> 0 | Q60: =_xlfn.IFNA(VLOOKUP(A60,M4_PR_Lijsten!$B$8:$I$177,6,FALSE),0) -> 0.2 | R60: =_xlfn.IFNA(D60*VLOOKUP(A60,M4_PR_Lijsten!$B$8:$I$177,7,FALSE),0) -> 0 | S60: =_xlfn.IFNA(D60*VLOOKUP(A60,M4_PR_Lijsten!$B$8:$I$177,8,FALSE),0) -> 0 | T60: =_xlfn.IFNA($F60*VLOOKUP($A60,M4_PR_Lijsten!$B$8:$I$177,2,FALSE)*IF($G60=1,$X60,1),0) -> 0 | U60: =_xlfn.IFNA($F60*VLOOKUP($A60,M4_PR_Lijsten!$B$8:$I$177,3,FALSE)*IF($G60=1,$X60,1),0) -> 0 | V60: =_xlfn.IFNA($F60*VLOOKUP($A60,M4_PR_Lijsten!$B$8:$I$177,4,FALSE)*IF($E60=1,$Q60,1),0) -> 0 | W60: =_xlfn.IFNA($F60*VLOOKUP($A60,M4_PR_Lijsten!$B$8:$I$177,5,FALSE)*IF(G60=1,1,0),0) -> 0 | X60: =_xlfn.IFNA(VLOOKUP($A60,M4_PR_Lijsten!$B$8:$I$177,6,FALSE),0) -> 0.2 | Y60: =_xlfn.IFNA($F60*VLOOKUP($A60,M4_PR_Lijsten!$B$8:$I$177,7,FALSE),0) -> 0 | Z60: =_xlfn.IFNA($F60*VLOOKUP($A60,M4_PR_Lijsten!$B$8:$I$177,8,FALSE),0) -> 0 | AA60: =_xlfn.IFNA($H60*VLOOKUP($A60,M4_PR_Lijsten!$B$8:$I$177,2,FALSE)*IF($I60=1,$AE60,1),0) -> 0 | AB60: =_xlfn.IFNA($H60*VLOOKUP($A60,M4_PR_Lijsten!$B$8:$I$177,3,FALSE)*IF($I60=1,$AE60,1),0) -> 0 | AC60: =_xlfn.IFNA($H60*VLOOKUP($A60,M4_PR_Lijsten!$B$8:$I$177,4,FALSE)*IF($I60=1,$AE60,1),0) -> 0 | AD60: =_xlfn.IFNA($H60*VLOOKUP($A60,M4_PR_Lijsten!$B$8:$I$177,5,FALSE)*IF(I60=1,1,0),0) -> 0 | AE60: =_xlfn.IFNA(VLOOKUP($A60,M4_PR_Lijsten!$B$8:$I$177,6,FALSE),0) -> 0.2 | AF60: =_xlfn.IFNA($H60*VLOOKUP($A60,M4_PR_Lijsten!$B$8:$I$177,7,FALSE),0) -> 0 | AG60: =_xlfn.IFNA($H60*VLOOKUP($A60,M4_PR_Lijsten!$B$8:$I$177,8,FALSE),0) -> 0
A61: Expo's en demo's organiseren [per kalenderjaar] | B61: =_xlfn.IFNA(VLOOKUP(A61,M4_PR_Lijsten!$B$8:$J$177,9,FALSE),"geen opmerking") -> 1 lokale expo in samenwerking met buurgemeenten | C61: Voorzie je collectieve warmte projecten en wil je collega's overtuigen? Voorzien hier tijd en budget voor | D61: 6 | M61: =_xlfn.IFNA(D61*VLOOKUP(A61,M4_PR_Lijsten!$B$8:$I$177,2,FALSE)*IF(E61=1,Q61,1),0) -> 2625 | N61: =_xlfn.IFNA(D61*VLOOKUP(A61,M4_PR_Lijsten!$B$8:$I$177,3,FALSE)*IF(E61=1,Q61,1),0) -> 4500 | O61: =_xlfn.IFNA(D61*VLOOKUP(A61,M4_PR_Lijsten!$B$8:$I$177,4,FALSE)*IF(E61=1,Q61,1),0) -> 4875 | P61: =_xlfn.IFNA(D61*VLOOKUP(A61,M4_PR_Lijsten!$B$8:$I$177,5,FALSE)*IF(E61=1,1,0),0) -> 0 | Q61: =_xlfn.IFNA(VLOOKUP(A61,M4_PR_Lijsten!$B$8:$I$177,6,FALSE),0) -> 1 | R61: =_xlfn.IFNA(D61*VLOOKUP(A61,M4_PR_Lijsten!$B$8:$I$177,7,FALSE),0) -> 0 | S61: =_xlfn.IFNA(D61*VLOOKUP(A61,M4_PR_Lijsten!$B$8:$I$177,8,FALSE),0) -> 0 | T61: =_xlfn.IFNA($F61*VLOOKUP($A61,M4_PR_Lijsten!$B$8:$I$177,2,FALSE)*IF($G61=1,$X61,1),0) -> 0 | U61: =_xlfn.IFNA($F61*VLOOKUP($A61,M4_PR_Lijsten!$B$8:$I$177,3,FALSE)*IF($G61=1,$X61,1),0) -> 0 | V61: =_xlfn.IFNA($F61*VLOOKUP($A61,M4_PR_Lijsten!$B$8:$I$177,4,FALSE)*IF($E61=1,$Q61,1),0) -> 0 | W61: =_xlfn.IFNA($F61*VLOOKUP($A61,M4_PR_Lijsten!$B$8:$I$177,5,FALSE)*IF(G61=1,1,0),0) -> 0 | X61: =_xlfn.IFNA(VLOOKUP($A61,M4_PR_Lijsten!$B$8:$I$177,6,FALSE),0) -> 1 | Y61: =_xlfn.IFNA($F61*VLOOKUP($A61,M4_PR_Lijsten!$B$8:$I$177,7,FALSE),0) -> 0 | Z61: =_xlfn.IFNA($F61*VLOOKUP($A61,M4_PR_Lijsten!$B$8:$I$177,8,FALSE),0) -> 0 | AA61: =_xlfn.IFNA($H61*VLOOKUP($A61,M4_PR_Lijsten!$B$8:$I$177,2,FALSE)*IF($I61=1,$AE61,1),0) -> 0 | AB61: =_xlfn.IFNA($H61*VLOOKUP($A61,M4_PR_Lijsten!$B$8:$I$177,3,FALSE)*IF($I61=1,$AE61,1),0) -> 0 | AC61: =_xlfn.IFNA($H61*VLOOKUP($A61,M4_PR_Lijsten!$B$8:$I$177,4,FALSE)*IF($I61=1,$AE61,1),0) -> 0 | AD61: =_xlfn.IFNA($H61*VLOOKUP($A61,M4_PR_Lijsten!$B$8:$I$177,5,FALSE)*IF(I61=1,1,0),0) -> 0 | AE61: =_xlfn.IFNA(VLOOKUP($A61,M4_PR_Lijsten!$B$8:$I$177,6,FALSE),0) -> 1 | AF61: =_xlfn.IFNA($H61*VLOOKUP($A61,M4_PR_Lijsten!$B$8:$I$177,7,FALSE),0) -> 0 | AG61: =_xlfn.IFNA($H61*VLOOKUP($A61,M4_PR_Lijsten!$B$8:$I$177,8,FALSE),0) -> 0
A62: Belangenbehartiging [per kalenderjaar] | B62: =_xlfn.IFNA(VLOOKUP(A62,M4_PR_Lijsten!$B$8:$J$177,9,FALSE),"geen opmerking") -> 2 dagen voor 1 persoon per werkjaar | D62: 6 | M62: =_xlfn.IFNA(D62*VLOOKUP(A62,M4_PR_Lijsten!$B$8:$I$177,2,FALSE)*IF(E62=1,Q62,1),0) -> 5250 | N62: =_xlfn.IFNA(D62*VLOOKUP(A62,M4_PR_Lijsten!$B$8:$I$177,3,FALSE)*IF(E62=1,Q62,1),0) -> 0 | O62: =_xlfn.IFNA(D62*VLOOKUP(A62,M4_PR_Lijsten!$B$8:$I$177,4,FALSE)*IF(E62=1,Q62,1),0) -> 0 | P62: =_xlfn.IFNA(D62*VLOOKUP(A62,M4_PR_Lijsten!$B$8:$I$177,5,FALSE)*IF(E62=1,1,0),0) -> 0 | Q62: =_xlfn.IFNA(VLOOKUP(A62,M4_PR_Lijsten!$B$8:$I$177,6,FALSE),0) -> 1 | R62: =_xlfn.IFNA(D62*VLOOKUP(A62,M4_PR_Lijsten!$B$8:$I$177,7,FALSE),0) -> 0 | S62: =_xlfn.IFNA(D62*VLOOKUP(A62,M4_PR_Lijsten!$B$8:$I$177,8,FALSE),0) -> 0 | T62: =_xlfn.IFNA($F62*VLOOKUP($A62,M4_PR_Lijsten!$B$8:$I$177,2,FALSE)*IF($G62=1,$X62,1),0) -> 0 | U62: =_xlfn.IFNA($F62*VLOOKUP($A62,M4_PR_Lijsten!$B$8:$I$177,3,FALSE)*IF($G62=1,$X62,1),0) -> 0 | V62: =_xlfn.IFNA($F62*VLOOKUP($A62,M4_PR_Lijsten!$B$8:$I$177,4,FALSE)*IF($E62=1,$Q62,1),0) -> 0 | W62: =_xlfn.IFNA($F62*VLOOKUP($A62,M4_PR_Lijsten!$B$8:$I$177,5,FALSE)*IF(G62=1,1,0),0) -> 0 | X62: =_xlfn.IFNA(VLOOKUP($A62,M4_PR_Lijsten!$B$8:$I$177,6,FALSE),0) -> 1 | Y62: =_xlfn.IFNA($F62*VLOOKUP($A62,M4_PR_Lijsten!$B$8:$I$177,7,FALSE),0) -> 0 | Z62: =_xlfn.IFNA($F62*VLOOKUP($A62,M4_PR_Lijsten!$B$8:$I$177,8,FALSE),0) -> 0 | AA62: =_xlfn.IFNA($H62*VLOOKUP($A62,M4_PR_Lijsten!$B$8:$I$177,2,FALSE)*IF($I62=1,$AE62,1),0) -> 0 | AB62: =_xlfn.IFNA($H62*VLOOKUP($A62,M4_PR_Lijsten!$B$8:$I$177,3,FALSE)*IF($I62=1,$AE62,1),0) -> 0 | AC62: =_xlfn.IFNA($H62*VLOOKUP($A62,M4_PR_Lijsten!$B$8:$I$177,4,FALSE)*IF($I62=1,$AE62,1),0) -> 0 | AD62: =_xlfn.IFNA($H62*VLOOKUP($A62,M4_PR_Lijsten!$B$8:$I$177,5,FALSE)*IF(I62=1,1,0),0) -> 0 | AE62: =_xlfn.IFNA(VLOOKUP($A62,M4_PR_Lijsten!$B$8:$I$177,6,FALSE),0) -> 1 | AF62: =_xlfn.IFNA($H62*VLOOKUP($A62,M4_PR_Lijsten!$B$8:$I$177,7,FALSE),0) -> 0 | AG62: =_xlfn.IFNA($H62*VLOOKUP($A62,M4_PR_Lijsten!$B$8:$I$177,8,FALSE),0) -> 0
A63: reserve | B63: =_xlfn.IFNA(VLOOKUP(A63,M4_PR_Lijsten!$B$8:$J$177,9,FALSE),"geen opmerking") -> 0 | M63: =_xlfn.IFNA(D63*VLOOKUP(A63,M4_PR_Lijsten!$B$8:$I$177,2,FALSE)*IF(E63=1,Q63,1),0) -> 0 | N63: =_xlfn.IFNA(D63*VLOOKUP(A63,M4_PR_Lijsten!$B$8:$I$177,3,FALSE)*IF(E63=1,Q63,1),0) -> 0 | O63: =_xlfn.IFNA(D63*VLOOKUP(A63,M4_PR_Lijsten!$B$8:$I$177,4,FALSE)*IF(E63=1,Q63,1),0) -> 0 | P63: =_xlfn.IFNA(D63*VLOOKUP(A63,M4_PR_Lijsten!$B$8:$I$177,5,FALSE)*IF(E63=1,1,0),0) -> 0 | Q63: =_xlfn.IFNA(VLOOKUP(A63,M4_PR_Lijsten!$B$8:$I$177,6,FALSE),0) -> 1 | R63: =_xlfn.IFNA(D63*VLOOKUP(A63,M4_PR_Lijsten!$B$8:$I$177,7,FALSE),0) -> 0 | S63: =_xlfn.IFNA(D63*VLOOKUP(A63,M4_PR_Lijsten!$B$8:$I$177,8,FALSE),0) -> 0 | T63: =_xlfn.IFNA($F63*VLOOKUP($A63,M4_PR_Lijsten!$B$8:$I$177,2,FALSE)*IF($G63=1,$X63,1),0) -> 0 | U63: =_xlfn.IFNA($F63*VLOOKUP($A63,M4_PR_Lijsten!$B$8:$I$177,3,FALSE)*IF($G63=1,$X63,1),0) -> 0 | V63: =_xlfn.IFNA($F63*VLOOKUP($A63,M4_PR_Lijsten!$B$8:$I$177,4,FALSE)*IF($E63=1,$Q63,1),0) -> 0 | W63: =_xlfn.IFNA($F63*VLOOKUP($A63,M4_PR_Lijsten!$B$8:$I$177,5,FALSE)*IF(G63=1,1,0),0) -> 0 | X63: =_xlfn.IFNA(VLOOKUP($A63,M4_PR_Lijsten!$B$8:$I$177,6,FALSE),0) -> 1 | Y63: =_xlfn.IFNA($F63*VLOOKUP($A63,M4_PR_Lijsten!$B$8:$I$177,7,FALSE),0) -> 0 | Z63: =_xlfn.IFNA($F63*VLOOKUP($A63,M4_PR_Lijsten!$B$8:$I$177,8,FALSE),0) -> 0 | AA63: =_xlfn.IFNA($H63*VLOOKUP($A63,M4_PR_Lijsten!$B$8:$I$177,2,FALSE)*IF($I63=1,$AE63,1),0) -> 0 | AB63: =_xlfn.IFNA($H63*VLOOKUP($A63,M4_PR_Lijsten!$B$8:$I$177,3,FALSE)*IF($I63=1,$AE63,1),0) -> 0 | AC63: =_xlfn.IFNA($H63*VLOOKUP($A63,M4_PR_Lijsten!$B$8:$I$177,4,FALSE)*IF($I63=1,$AE63,1),0) -> 0 | AD63: =_xlfn.IFNA($H63*VLOOKUP($A63,M4_PR_Lijsten!$B$8:$I$177,5,FALSE)*IF(I63=1,1,0),0) -> 0 | AE63: =_xlfn.IFNA(VLOOKUP($A63,M4_PR_Lijsten!$B$8:$I$177,6,FALSE),0) -> 1 | AF63: =_xlfn.IFNA($H63*VLOOKUP($A63,M4_PR_Lijsten!$B$8:$I$177,7,FALSE),0) -> 0 | AG63: =_xlfn.IFNA($H63*VLOOKUP($A63,M4_PR_Lijsten!$B$8:$I$177,8,FALSE),0) -> 0
A64: 0 | B64: =_xlfn.IFNA(VLOOKUP(A64,M4_PR_Lijsten!$B$8:$J$177,9,FALSE),"geen opmerking") -> geen opmerking | M64: =_xlfn.IFNA(D64*VLOOKUP(A64,M4_PR_Lijsten!$B$8:$I$177,2,FALSE)*IF(E64=1,Q64,1),0) -> 0 | N64: =_xlfn.IFNA(D64*VLOOKUP(A64,M4_PR_Lijsten!$B$8:$I$177,3,FALSE)*IF(E64=1,Q64,1),0) -> 0 | O64: =_xlfn.IFNA(D64*VLOOKUP(A64,M4_PR_Lijsten!$B$8:$I$177,4,FALSE)*IF(E64=1,Q64,1),0) -> 0 | P64: =_xlfn.IFNA(D64*VLOOKUP(A64,M4_PR_Lijsten!$B$8:$I$177,5,FALSE)*IF(E64=1,1,0),0) -> 0 | Q64: =_xlfn.IFNA(VLOOKUP(A64,M4_PR_Lijsten!$B$8:$I$177,6,FALSE),0) -> 0 | R64: =_xlfn.IFNA(D64*VLOOKUP(A64,M4_PR_Lijsten!$B$8:$I$177,7,FALSE),0) -> 0 | S64: =_xlfn.IFNA(D64*VLOOKUP(A64,M4_PR_Lijsten!$B$8:$I$177,8,FALSE),0) -> 0 | T64: =_xlfn.IFNA($F64*VLOOKUP($A64,M4_PR_Lijsten!$B$8:$I$177,2,FALSE)*IF($G64=1,$X64,1),0) -> 0 | U64: =_xlfn.IFNA($F64*VLOOKUP($A64,M4_PR_Lijsten!$B$8:$I$177,3,FALSE)*IF($G64=1,$X64,1),0) -> 0 | V64: =_xlfn.IFNA($F64*VLOOKUP($A64,M4_PR_Lijsten!$B$8:$I$177,4,FALSE)*IF($E64=1,$Q64,1),0) -> 0 | W64: =_xlfn.IFNA($F64*VLOOKUP($A64,M4_PR_Lijsten!$B$8:$I$177,5,FALSE)*IF(G64=1,1,0),0) -> 0 | X64: =_xlfn.IFNA(VLOOKUP($A64,M4_PR_Lijsten!$B$8:$I$177,6,FALSE),0) -> 0 | Y64: =_xlfn.IFNA($F64*VLOOKUP($A64,M4_PR_Lijsten!$B$8:$I$177,7,FALSE),0) -> 0 | Z64: =_xlfn.IFNA($F64*VLOOKUP($A64,M4_PR_Lijsten!$B$8:$I$177,8,FALSE),0) -> 0 | AA64: =_xlfn.IFNA($H64*VLOOKUP($A64,M4_PR_Lijsten!$B$8:$I$177,2,FALSE)*IF($I64=1,$AE64,1),0) -> 0 | AB64: =_xlfn.IFNA($H64*VLOOKUP($A64,M4_PR_Lijsten!$B$8:$I$177,3,FALSE)*IF($I64=1,$AE64,1),0) -> 0 | AC64: =_xlfn.IFNA($H64*VLOOKUP($A64,M4_PR_Lijsten!$B$8:$I$177,4,FALSE)*IF($I64=1,$AE64,1),0) -> 0 | AD64: =_xlfn.IFNA($H64*VLOOKUP($A64,M4_PR_Lijsten!$B$8:$I$177,5,FALSE)*IF(I64=1,1,0),0) -> 0 | AE64: =_xlfn.IFNA(VLOOKUP($A64,M4_PR_Lijsten!$B$8:$I$177,6,FALSE),0) -> 0 | AF64: =_xlfn.IFNA($H64*VLOOKUP($A64,M4_PR_Lijsten!$B$8:$I$177,7,FALSE),0) -> 0 | AG64: =_xlfn.IFNA($H64*VLOOKUP($A64,M4_PR_Lijsten!$B$8:$I$177,8,FALSE),0) -> 0
A65: 0 | B65: =_xlfn.IFNA(VLOOKUP(A65,M4_PR_Lijsten!$B$8:$J$177,9,FALSE),"geen opmerking") -> geen opmerking | M65: =_xlfn.IFNA(D65*VLOOKUP(A65,M4_PR_Lijsten!$B$8:$I$177,2,FALSE)*IF(E65=1,Q65,1),0) -> 0 | N65: =_xlfn.IFNA(D65*VLOOKUP(A65,M4_PR_Lijsten!$B$8:$I$177,3,FALSE)*IF(E65=1,Q65,1),0) -> 0 | O65: =_xlfn.IFNA(D65*VLOOKUP(A65,M4_PR_Lijsten!$B$8:$I$177,4,FALSE)*IF(E65=1,Q65,1),0) -> 0 | P65: =_xlfn.IFNA(D65*VLOOKUP(A65,M4_PR_Lijsten!$B$8:$I$177,5,FALSE)*IF(E65=1,1,0),0) -> 0 | Q65: =_xlfn.IFNA(VLOOKUP(A65,M4_PR_Lijsten!$B$8:$I$177,6,FALSE),0) -> 0 | R65: =_xlfn.IFNA(D65*VLOOKUP(A65,M4_PR_Lijsten!$B$8:$I$177,7,FALSE),0) -> 0 | S65: =_xlfn.IFNA(D65*VLOOKUP(A65,M4_PR_Lijsten!$B$8:$I$177,8,FALSE),0) -> 0 | T65: =_xlfn.IFNA($F65*VLOOKUP($A65,M4_PR_Lijsten!$B$8:$I$177,2,FALSE)*IF($G65=1,$X65,1),0) -> 0 | U65: =_xlfn.IFNA($F65*VLOOKUP($A65,M4_PR_Lijsten!$B$8:$I$177,3,FALSE)*IF($G65=1,$X65,1),0) -> 0 | V65: =_xlfn.IFNA($F65*VLOOKUP($A65,M4_PR_Lijsten!$B$8:$I$177,4,FALSE)*IF($E65=1,$Q65,1),0) -> 0 | W65: =_xlfn.IFNA($F65*VLOOKUP($A65,M4_PR_Lijsten!$B$8:$I$177,5,FALSE)*IF(G65=1,1,0),0) -> 0 | X65: =_xlfn.IFNA(VLOOKUP($A65,M4_PR_Lijsten!$B$8:$I$177,6,FALSE),0) -> 0 | Y65: =_xlfn.IFNA($F65*VLOOKUP($A65,M4_PR_Lijsten!$B$8:$I$177,7,FALSE),0) -> 0 | Z65: =_xlfn.IFNA($F65*VLOOKUP($A65,M4_PR_Lijsten!$B$8:$I$177,8,FALSE),0) -> 0 | AA65: =_xlfn.IFNA($H65*VLOOKUP($A65,M4_PR_Lijsten!$B$8:$I$177,2,FALSE)*IF($I65=1,$AE65,1),0) -> 0 | AB65: =_xlfn.IFNA($H65*VLOOKUP($A65,M4_PR_Lijsten!$B$8:$I$177,3,FALSE)*IF($I65=1,$AE65,1),0) -> 0 | AC65: =_xlfn.IFNA($H65*VLOOKUP($A65,M4_PR_Lijsten!$B$8:$I$177,4,FALSE)*IF($I65=1,$AE65,1),0) -> 0 | AD65: =_xlfn.IFNA($H65*VLOOKUP($A65,M4_PR_Lijsten!$B$8:$I$177,5,FALSE)*IF(I65=1,1,0),0) -> 0 | AE65: =_xlfn.IFNA(VLOOKUP($A65,M4_PR_Lijsten!$B$8:$I$177,6,FALSE),0) -> 0 | AF65: =_xlfn.IFNA($H65*VLOOKUP($A65,M4_PR_Lijsten!$B$8:$I$177,7,FALSE),0) -> 0 | AG65: =_xlfn.IFNA($H65*VLOOKUP($A65,M4_PR_Lijsten!$B$8:$I$177,8,FALSE),0) -> 0
A66: 0 | B66: =_xlfn.IFNA(VLOOKUP(A66,M4_PR_Lijsten!$B$8:$J$177,9,FALSE),"geen opmerking") -> geen opmerking | M66: =_xlfn.IFNA(D66*VLOOKUP(A66,M4_PR_Lijsten!$B$8:$I$177,2,FALSE)*IF(E66=1,Q66,1),0) -> 0 | N66: =_xlfn.IFNA(D66*VLOOKUP(A66,M4_PR_Lijsten!$B$8:$I$177,3,FALSE)*IF(E66=1,Q66,1),0) -> 0 | O66: =_xlfn.IFNA(D66*VLOOKUP(A66,M4_PR_Lijsten!$B$8:$I$177,4,FALSE)*IF(E66=1,Q66,1),0) -> 0 | P66: =_xlfn.IFNA(D66*VLOOKUP(A66,M4_PR_Lijsten!$B$8:$I$177,5,FALSE)*IF(E66=1,1,0),0) -> 0 | Q66: =_xlfn.IFNA(VLOOKUP(A66,M4_PR_Lijsten!$B$8:$I$177,6,FALSE),0) -> 0 | R66: =_xlfn.IFNA(D66*VLOOKUP(A66,M4_PR_Lijsten!$B$8:$I$177,7,FALSE),0) -> 0 | S66: =_xlfn.IFNA(D66*VLOOKUP(A66,M4_PR_Lijsten!$B$8:$I$177,8,FALSE),0) -> 0 | T66: =_xlfn.IFNA($F66*VLOOKUP($A66,M4_PR_Lijsten!$B$8:$I$177,2,FALSE)*IF($G66=1,$X66,1),0) -> 0 | U66: =_xlfn.IFNA($F66*VLOOKUP($A66,M4_PR_Lijsten!$B$8:$I$177,3,FALSE)*IF($G66=1,$X66,1),0) -> 0 | V66: =_xlfn.IFNA($F66*VLOOKUP($A66,M4_PR_Lijsten!$B$8:$I$177,4,FALSE)*IF($E66=1,$Q66,1),0) -> 0 | W66: =_xlfn.IFNA($F66*VLOOKUP($A66,M4_PR_Lijsten!$B$8:$I$177,5,FALSE)*IF(G66=1,1,0),0) -> 0 | X66: =_xlfn.IFNA(VLOOKUP($A66,M4_PR_Lijsten!$B$8:$I$177,6,FALSE),0) -> 0 | Y66: =_xlfn.IFNA($F66*VLOOKUP($A66,M4_PR_Lijsten!$B$8:$I$177,7,FALSE),0) -> 0 | Z66: =_xlfn.IFNA($F66*VLOOKUP($A66,M4_PR_Lijsten!$B$8:$I$177,8,FALSE),0) -> 0 | AA66: =_xlfn.IFNA($H66*VLOOKUP($A66,M4_PR_Lijsten!$B$8:$I$177,2,FALSE)*IF($I66=1,$AE66,1),0) -> 0 | AB66: =_xlfn.IFNA($H66*VLOOKUP($A66,M4_PR_Lijsten!$B$8:$I$177,3,FALSE)*IF($I66=1,$AE66,1),0) -> 0 | AC66: =_xlfn.IFNA($H66*VLOOKUP($A66,M4_PR_Lijsten!$B$8:$I$177,4,FALSE)*IF($I66=1,$AE66,1),0) -> 0 | AD66: =_xlfn.IFNA($H66*VLOOKUP($A66,M4_PR_Lijsten!$B$8:$I$177,5,FALSE)*IF(I66=1,1,0),0) -> 0 | AE66: =_xlfn.IFNA(VLOOKUP($A66,M4_PR_Lijsten!$B$8:$I$177,6,FALSE),0) -> 0 | AF66: =_xlfn.IFNA($H66*VLOOKUP($A66,M4_PR_Lijsten!$B$8:$I$177,7,FALSE),0) -> 0 | AG66: =_xlfn.IFNA($H66*VLOOKUP($A66,M4_PR_Lijsten!$B$8:$I$177,8,FALSE),0) -> 0
